Workbook
Name Fund_Code_Name_Short: '[1]User Guide'!$E$2:$E$466
Name Fund_Code_Number: '[1]User Guide'!$D$2:$D$466
Name JuneDistributionsYN: '[2]July-Dec Property Tax Estimates'!$F$22
Name NecessaryTranfsersYN: '[2]July-Dec Property Tax Estimates'!#REF!

Sheet Debt Worksheet
B1: STATE OF INDIANA
B2: DEPARTMENT OF LOCAL GOVERNMENT FINANCE
A4: ="Estimated Debt Service Payments and Levies for Budget Year "&'Source CC List'!A2+1 -> Estimated Debt Service Payments and Levies for Budget Year 2027
C6: Step 1: Select Your County:
C7: Select Your County | D7: <- Click here and then click on the downward arrow to select your county.
C8: If you are having trouble editing this workbook, please make sure you have clicked "Enable Editing" at the top of this page.
C10: Step 2: Select Your Unit of Government:
C11: Select Your Unit of Government
C13: Step 3: Select Your Debt Service Fund:
C16: =IF(COUNTIF('Source 2.0 DW (7.8.26)'!H:H,List!$P$2)>10,"This debt fund has more debts than can be displayed on this page. Please Click on the 'Long Debt Worksheet' Tab below to see all of your debts.","")
C18: Debt Name | D18: Pre-Line 5 | E18: Line 5 | F18: Line 15 | G18: Line 18A | H18: Line 18B | I18: Operating Balance Percent Cap | J18: Line 18
D19: =$F$19-1 -> 2026 | E19: =$F$19-1 -> 2026 | F19: =RIGHT(A4,4) -> 2027 | G19: =$F$19+1 -> 2028 | H19: =$F$19+1 -> 2028 | J19: Maximum Operating Balance
D20: June to December | E20: July to December | F20: January to December | G20: January to June | H20: July to December
C21: Total | D21: =SUM(D22:D70) -> 0 | E21: =SUM(E22:E70) -> 0 | F21: =SUM(F22:F70) -> 0 | G21: =SUM(G22:G70) -> 0 | H21: =SUM(H22:H70) -> 0 | J21: =SUM(J22:J70) -> 0
C22: =IF(C7="Select Your County","Select your county in step 1 above.",IF(C11="Select Your Unit of Government","Select your unit of government in step 2 above.",IF(C14="","Select your debt fund in step 3 above.",IF(COUNTIF('Source 2.0 DW (7.8.26)'!H:H,List!$P$2)=0,"There was no debt for this debt fund, during the time this report was prepared.",VLOOKUP(COUNTBLANK($B$22:B22),'Source 2.0 DW (7.8.26)'!$D:$W,13,FALSE))))) -> Select your county in step 1 above. | D22: =IFERROR(VLOOKUP(COUNTBLANK(B$22:$B22),'Source 2.0 DW (7.8.26)'!$D:$W,14,FALSE),"") | E22: =IFERROR(VLOOKUP(COUNTBLANK($B$22:B22),'Source 2.0 DW (7.8.26)'!$D:$W,15,FALSE),"") | F22: =IFERROR(VLOOKUP(COUNTBLANK($B$22:B22),'Source 2.0 DW (7.8.26)'!$D:$W,16,FALSE),"") | G22: =IFERROR(VLOOKUP(COUNTBLANK($B$22:B22),'Source 2.0 DW (7.8.26)'!$D:$W,17,FALSE),"") | H22: =IFERROR(VLOOKUP(COUNTBLANK($B$22:B22),'Source 2.0 DW (7.8.26)'!$D:$W,18,FALSE),"") | I22: =IF(C22="","",IFERROR(VLOOKUP(COUNTBLANK($B$22:B22),#REF!,7,FALSE),0.5)) -> 0.5 | J22: =IFERROR(IF(C22="","",MIN(G22,I22*(G22+H22))),"")
C23: =IFERROR(VLOOKUP(COUNTBLANK($B$22:B23),'Source 2.0 DW (7.8.26)'!$D:$W,13,FALSE),"") | D23: =IFERROR(VLOOKUP(COUNTBLANK(B$22:$B23),'Source 2.0 DW (7.8.26)'!$D:$W,14,FALSE),"") | E23: =IFERROR(VLOOKUP(COUNTBLANK($B$22:B23),'Source 2.0 DW (7.8.26)'!$D:$W,15,FALSE),"") | F23: =IFERROR(VLOOKUP(COUNTBLANK($B$22:B23),'Source 2.0 DW (7.8.26)'!$D:$W,16,FALSE),"") | G23: =IFERROR(VLOOKUP(COUNTBLANK($B$22:B23),'Source 2.0 DW (7.8.26)'!$D:$W,17,FALSE),"") | H23: =IFERROR(VLOOKUP(COUNTBLANK($B$22:B23),'Source 2.0 DW (7.8.26)'!$D:$W,18,FALSE),"") | I23: =IF(C23="","",IFERROR(VLOOKUP(COUNTBLANK($B$22:B23),#REF!,7,FALSE),0.5)) | J23: =IF(C23="","",MIN(G23,I23*(G23+H23)))
C24: =IFERROR(VLOOKUP(COUNTBLANK($B$22:B24),'Source 2.0 DW (7.8.26)'!$D:$W,13,FALSE),"") | D24: =IFERROR(VLOOKUP(COUNTBLANK(B$22:$B24),'Source 2.0 DW (7.8.26)'!$D:$W,14,FALSE),"") | E24: =IFERROR(VLOOKUP(COUNTBLANK($B$22:B24),'Source 2.0 DW (7.8.26)'!$D:$W,15,FALSE),"") | F24: =IFERROR(VLOOKUP(COUNTBLANK($B$22:B24),'Source 2.0 DW (7.8.26)'!$D:$W,16,FALSE),"") | G24: =IFERROR(VLOOKUP(COUNTBLANK($B$22:B24),'Source 2.0 DW (7.8.26)'!$D:$W,17,FALSE),"") | H24: =IFERROR(VLOOKUP(COUNTBLANK($B$22:B24),'Source 2.0 DW (7.8.26)'!$D:$W,18,FALSE),"") | I24: =IF(C24="","",IFERROR(VLOOKUP(COUNTBLANK($B$22:B24),#REF!,7,FALSE),0.5)) | J24: =IF(C24="","",MIN(G24,I24*(G24+H24)))
C25: =IFERROR(VLOOKUP(COUNTBLANK($B$22:B25),'Source 2.0 DW (7.8.26)'!$D:$W,13,FALSE),"") | D25: =IFERROR(VLOOKUP(COUNTBLANK(B$22:$B25),'Source 2.0 DW (7.8.26)'!$D:$W,14,FALSE),"") | E25: =IFERROR(VLOOKUP(COUNTBLANK($B$22:B25),'Source 2.0 DW (7.8.26)'!$D:$W,15,FALSE),"") | F25: =IFERROR(VLOOKUP(COUNTBLANK($B$22:B25),'Source 2.0 DW (7.8.26)'!$D:$W,16,FALSE),"") | G25: =IFERROR(VLOOKUP(COUNTBLANK($B$22:B25),'Source 2.0 DW (7.8.26)'!$D:$W,17,FALSE),"") | H25: =IFERROR(VLOOKUP(COUNTBLANK($B$22:B25),'Source 2.0 DW (7.8.26)'!$D:$W,18,FALSE),"") | I25: =IF(C25="","",IFERROR(VLOOKUP(COUNTBLANK($B$22:B25),#REF!,7,FALSE),0.5)) | J25: =IF(C25="","",MIN(G25,I25*(G25+H25)))
C26: =IFERROR(VLOOKUP(COUNTBLANK($B$22:B26),'Source 2.0 DW (7.8.26)'!$D:$W,13,FALSE),"") | D26: =IFERROR(VLOOKUP(COUNTBLANK(B$22:$B26),'Source 2.0 DW (7.8.26)'!$D:$W,14,FALSE),"") | E26: =IFERROR(VLOOKUP(COUNTBLANK($B$22:B26),'Source 2.0 DW (7.8.26)'!$D:$W,15,FALSE),"") | F26: =IFERROR(VLOOKUP(COUNTBLANK($B$22:B26),'Source 2.0 DW (7.8.26)'!$D:$W,16,FALSE),"") | G26: =IFERROR(VLOOKUP(COUNTBLANK($B$22:B26),'Source 2.0 DW (7.8.26)'!$D:$W,17,FALSE),"") | H26: =IFERROR(VLOOKUP(COUNTBLANK($B$22:B26),'Source 2.0 DW (7.8.26)'!$D:$W,18,FALSE),"") | I26: =IF(C26="","",IFERROR(VLOOKUP(COUNTBLANK($B$22:B26),#REF!,7,FALSE),0.5)) | J26: =IF(C26="","",MIN(G26,I26*(G26+H26)))
C27: =IFERROR(VLOOKUP(COUNTBLANK($B$22:B27),'Source 2.0 DW (7.8.26)'!$D:$W,13,FALSE),"") | D27: =IFERROR(VLOOKUP(COUNTBLANK(B$22:$B27),'Source 2.0 DW (7.8.26)'!$D:$W,14,FALSE),"") | E27: =IFERROR(VLOOKUP(COUNTBLANK($B$22:B27),'Source 2.0 DW (7.8.26)'!$D:$W,15,FALSE),"") | F27: =IFERROR(VLOOKUP(COUNTBLANK($B$22:B27),'Source 2.0 DW (7.8.26)'!$D:$W,16,FALSE),"") | G27: =IFERROR(VLOOKUP(COUNTBLANK($B$22:B27),'Source 2.0 DW (7.8.26)'!$D:$W,17,FALSE),"") | H27: =IFERROR(VLOOKUP(COUNTBLANK($B$22:B27),'Source 2.0 DW (7.8.26)'!$D:$W,18,FALSE),"") | I27: =IF(C27="","",IFERROR(VLOOKUP(COUNTBLANK($B$22:B27),#REF!,7,FALSE),0.5)) | J27: =IF(C27="","",MIN(G27,I27*(G27+H27)))
C28: =IFERROR(VLOOKUP(COUNTBLANK($B$22:B28),'Source 2.0 DW (7.8.26)'!$D:$W,13,FALSE),"") | D28: =IFERROR(VLOOKUP(COUNTBLANK(B$22:$B28),'Source 2.0 DW (7.8.26)'!$D:$W,14,FALSE),"") | E28: =IFERROR(VLOOKUP(COUNTBLANK($B$22:B28),'Source 2.0 DW (7.8.26)'!$D:$W,15,FALSE),"") | F28: =IFERROR(VLOOKUP(COUNTBLANK($B$22:B28),'Source 2.0 DW (7.8.26)'!$D:$W,16,FALSE),"") | G28: =IFERROR(VLOOKUP(COUNTBLANK($B$22:B28),'Source 2.0 DW (7.8.26)'!$D:$W,17,FALSE),"") | H28: =IFERROR(VLOOKUP(COUNTBLANK($B$22:B28),'Source 2.0 DW (7.8.26)'!$D:$W,18,FALSE),"") | I28: =IF(C28="","",IFERROR(VLOOKUP(COUNTBLANK($B$22:B28),#REF!,7,FALSE),0.5)) | J28: =IF(C28="","",MIN(G28,I28*(G28+H28)))
C29: =IFERROR(VLOOKUP(COUNTBLANK($B$22:B29),'Source 2.0 DW (7.8.26)'!$D:$W,13,FALSE),"") | D29: =IFERROR(VLOOKUP(COUNTBLANK(B$22:$B29),'Source 2.0 DW (7.8.26)'!$D:$W,14,FALSE),"") | E29: =IFERROR(VLOOKUP(COUNTBLANK($B$22:B29),'Source 2.0 DW (7.8.26)'!$D:$W,15,FALSE),"") | F29: =IFERROR(VLOOKUP(COUNTBLANK($B$22:B29),'Source 2.0 DW (7.8.26)'!$D:$W,16,FALSE),"") | G29: =IFERROR(VLOOKUP(COUNTBLANK($B$22:B29),'Source 2.0 DW (7.8.26)'!$D:$W,17,FALSE),"") | H29: =IFERROR(VLOOKUP(COUNTBLANK($B$22:B29),'Source 2.0 DW (7.8.26)'!$D:$W,18,FALSE),"") | I29: =IF(C29="","",IFERROR(VLOOKUP(COUNTBLANK($B$22:B29),#REF!,7,FALSE),0.5)) | J29: =IF(C29="","",MIN(G29,I29*(G29+H29)))
C30: =IFERROR(VLOOKUP(COUNTBLANK($B$22:B30),'Source 2.0 DW (7.8.26)'!$D:$W,13,FALSE),"") | D30: =IFERROR(VLOOKUP(COUNTBLANK(B$22:$B30),'Source 2.0 DW (7.8.26)'!$D:$W,14,FALSE),"") | E30: =IFERROR(VLOOKUP(COUNTBLANK($B$22:B30),'Source 2.0 DW (7.8.26)'!$D:$W,15,FALSE),"") | F30: =IFERROR(VLOOKUP(COUNTBLANK($B$22:B30),'Source 2.0 DW (7.8.26)'!$D:$W,16,FALSE),"") | G30: =IFERROR(VLOOKUP(COUNTBLANK($B$22:B30),'Source 2.0 DW (7.8.26)'!$D:$W,17,FALSE),"") | H30: =IFERROR(VLOOKUP(COUNTBLANK($B$22:B30),'Source 2.0 DW (7.8.26)'!$D:$W,18,FALSE),"") | I30: =IF(C30="","",IFERROR(VLOOKUP(COUNTBLANK($B$22:B30),#REF!,7,FALSE),0.5)) | J30: =IF(C30="","",MIN(G30,I30*(G30+H30)))
C31: =IFERROR(VLOOKUP(COUNTBLANK($B$22:B31),'Source 2.0 DW (7.8.26)'!$D:$W,13,FALSE),"") | D31: =IFERROR(VLOOKUP(COUNTBLANK(B$22:$B31),'Source 2.0 DW (7.8.26)'!$D:$W,14,FALSE),"") | E31: =IFERROR(VLOOKUP(COUNTBLANK($B$22:B31),'Source 2.0 DW (7.8.26)'!$D:$W,15,FALSE),"") | F31: =IFERROR(VLOOKUP(COUNTBLANK($B$22:B31),'Source 2.0 DW (7.8.26)'!$D:$W,16,FALSE),"") | G31: =IFERROR(VLOOKUP(COUNTBLANK($B$22:B31),'Source 2.0 DW (7.8.26)'!$D:$W,17,FALSE),"") | H31: =IFERROR(VLOOKUP(COUNTBLANK($B$22:B31),'Source 2.0 DW (7.8.26)'!$D:$W,18,FALSE),"") | I31: =IF(C31="","",IFERROR(VLOOKUP(COUNTBLANK($B$22:B31),#REF!,7,FALSE),0.5)) | J31: =IF(C31="","",MIN(G31,I31*(G31+H31)))
C32: =IFERROR(VLOOKUP(COUNTBLANK($B$22:B32),'Source 2.0 DW (7.8.26)'!$D:$W,13,FALSE),"") | D32: =IFERROR(VLOOKUP(COUNTBLANK(B$22:$B32),'Source 2.0 DW (7.8.26)'!$D:$W,14,FALSE),"") | E32: =IFERROR(VLOOKUP(COUNTBLANK($B$22:B32),'Source 2.0 DW (7.8.26)'!$D:$W,15,FALSE),"") | F32: =IFERROR(VLOOKUP(COUNTBLANK($B$22:B32),'Source 2.0 DW (7.8.26)'!$D:$W,16,FALSE),"") | G32: =IFERROR(VLOOKUP(COUNTBLANK($B$22:B32),'Source 2.0 DW (7.8.26)'!$D:$W,17,FALSE),"") | H32: =IFERROR(VLOOKUP(COUNTBLANK($B$22:B32),'Source 2.0 DW (7.8.26)'!$D:$W,18,FALSE),"") | I32: =IF(C32="","",IFERROR(VLOOKUP(COUNTBLANK($B$22:B32),#REF!,7,FALSE),0.5)) | J32: =IF(C32="","",MIN(G32,I32*(G32+H32)))
C33: =IFERROR(VLOOKUP(COUNTBLANK($B$22:B33),'Source 2.0 DW (7.8.26)'!$D:$W,13,FALSE),"") | D33: =IFERROR(VLOOKUP(COUNTBLANK(B$22:$B33),'Source 2.0 DW (7.8.26)'!$D:$W,14,FALSE),"") | E33: =IFERROR(VLOOKUP(COUNTBLANK($B$22:B33),'Source 2.0 DW (7.8.26)'!$D:$W,15,FALSE),"") | F33: =IFERROR(VLOOKUP(COUNTBLANK($B$22:B33),'Source 2.0 DW (7.8.26)'!$D:$W,16,FALSE),"") | G33: =IFERROR(VLOOKUP(COUNTBLANK($B$22:B33),'Source 2.0 DW (7.8.26)'!$D:$W,17,FALSE),"") | H33: =IFERROR(VLOOKUP(COUNTBLANK($B$22:B33),'Source 2.0 DW (7.8.26)'!$D:$W,18,FALSE),"") | I33: =IF(C33="","",IFERROR(VLOOKUP(COUNTBLANK($B$22:B33),#REF!,7,FALSE),0.5)) | J33: =IF(C33="","",MIN(G33,I33*(G33+H33)))
C34: =IFERROR(VLOOKUP(COUNTBLANK($B$22:B34),'Source 2.0 DW (7.8.26)'!$D:$W,13,FALSE),"") | D34: =IFERROR(VLOOKUP(COUNTBLANK(B$22:$B34),'Source 2.0 DW (7.8.26)'!$D:$W,14,FALSE),"") | E34: =IFERROR(VLOOKUP(COUNTBLANK($B$22:B34),'Source 2.0 DW (7.8.26)'!$D:$W,15,FALSE),"") | F34: =IFERROR(VLOOKUP(COUNTBLANK($B$22:B34),'Source 2.0 DW (7.8.26)'!$D:$W,16,FALSE),"") | G34: =IFERROR(VLOOKUP(COUNTBLANK($B$22:B34),'Source 2.0 DW (7.8.26)'!$D:$W,17,FALSE),"") | H34: =IFERROR(VLOOKUP(COUNTBLANK($B$22:B34),'Source 2.0 DW (7.8.26)'!$D:$W,18,FALSE),"") | I34: =IF(C34="","",IFERROR(VLOOKUP(COUNTBLANK($B$22:B34),#REF!,7,FALSE),0.5)) | J34: =IF(C34="","",MIN(G34,I34*(G34+H34)))
... C70: =IFERROR(VLOOKUP(COUNTBLANK($B$22:B70),'Source 2.0 DW (7.8.26)'!$D:$W,13,FALSE),"") | D70: =IFERROR(VLOOKUP(COUNTBLANK(B$22:$B70),'Source 2.0 DW (7.8.26)'!$D:$W,14,FALSE),"") | E70: =IFERROR(VLOOKUP(COUNTBLANK($B$22:B70),'Source 2.0 DW (7.8.26)'!$D:$W,15,FALSE),"") | F70: =IFERROR(VLOOKUP(COUNTBLANK($B$22:B70),'Source 2.0 DW (7.8.26)'!$D:$W,16,FALSE),"") | G70: =IFERROR(VLOOKUP(COUNTBLANK($B$22:B70),'Source 2.0 DW (7.8.26)'!$D:$W,17,FALSE),"") | H70: =IFERROR(VLOOKUP(COUNTBLANK($B$22:B70),'Source 2.0 DW (7.8.26)'!$D:$W,18,FALSE),"") | I70: =IF(C70="","",IFERROR(VLOOKUP(COUNTBLANK($B$22:B70),#REF!,7,FALSE),0.5)) | J70: =IF(C70="","",MIN(G70,I70*(G70+H70)))
C72: The figures contained above are estimates only. The actual values will be computed during the Department's budget review. Taxing units are legally obligated to fulfill their debt obligations, regardless of these estimates or the Department's levy certification.
G74: ="Estimated "&F19&" Property Tax Levy:" -> Estimated 2027 Property Tax Levy: | J74: ='Calculation - Levy Estimates'!B4 -> 981272
C76: Summary of Significant Assumptions
C78: 1. To compute these estimates, the Department used the Pre-Budget data on the Debt Worksheet entered by June 30. Data entered on these lines was used to compute estimates for Lines 15, 5, and 18. The reliability of these figures may be impacted by data entry errors on the Pre-Budget Debt Worksheet.
C79: 2. To estimate the upcoming year's levy for debt service funds, the Department is using the estimated 12/31/2026 cash balance from the 1782 Notice. For purposes of these estimates, the Department assumes that the miscellaneous revenues in upcoming year will match those used as part of the current year's certified levy calculation except for any License Excise, Commercial Vehicle Excise, or Financial Institutions Tax. Actual miscellaneous revenues are likely to differ and may impact the actual debt service levy.
C80: 3. These are general estimates that do not take into account waivers for protected taxes, debt restructuring, or target tax rates. Please contact your Department Budget Field Representative with any questions.

Sheet How to Enter Amounts in Gateway
B2: Entering Desired Operating Balances into Gateway's Form 4B
B5: 1. In the "Debt Worksheet" tab of this workbook there is a total, find the estimated maximum operating balance. The Debt Worksheet will allow you to enter the desired operating balance to calculate the needed levy.
B13: 2. In Gateway's Budget 2.0, complete the pages up to the Form 4B Data Entry page and then navigate to that page.
B21: 3. On the Form 4B Data Entry page's "Data Entry: Property Tax Allocation" section:
C23: 1) Enter the desired Operating Balance (or desired cash on hand at the end of the budget year) for the corresponding debt fund.
C24: 2) Click the green "Calculate" button and review the calculated property tax levy and cash balances.

Sheet Long Debt Worksheet
B1: STATE OF INDIANA
B2: DEPARTMENT OF LOCAL GOVERNMENT FINANCE
B4: ='Debt Worksheet'!A4 -> Estimated Debt Service Payments and Levies for Budget Year 2027
C6: County:
C7: ='Debt Worksheet'!C7 -> Select Your County | E7: These three values are carried forward from the "Debt Worksheet" tab.
C9: Unit of Government:
C10: ='Debt Worksheet'!C11 -> Select Your Unit of Government
C12: Debt Service Fund:
C13: ='Debt Worksheet'!C14 -> 0
C15: Debt Name | D15: Pre-Line 5 | E15: Line 5 | F15: Line 15 | G15: Line 18A | H15: Line 18B | I15: Operating Balance Percent Cap | J15: Line 18
D16: ='Debt Worksheet'!D19 -> 2026 | E16: ='Debt Worksheet'!E19 -> 2026 | F16: ='Debt Worksheet'!F19 -> 2027 | G16: ='Debt Worksheet'!G19 -> 2028 | H16: ='Debt Worksheet'!H19 -> 2028 | J16: Maximum Operating Balance
D17: June to December | E17: July to December | F17: January to December | G17: January to June | H17: July to December
C18: Total | D18: =SUM(D19:D67) -> 0 | E18: =SUM(E19:E67) -> 0 | F18: =SUM(F19:F67) -> 0 | G18: =SUM(G19:G67) -> 0 | H18: =SUM(H19:H67) -> 0 | J18: =SUM(J19:J67) -> 0
C19: ='Debt Worksheet'!C22 -> Select your county in step 1 above. | D19: ='Debt Worksheet'!D22 | E19: ='Debt Worksheet'!E22 | F19: ='Debt Worksheet'!F22 | G19: ='Debt Worksheet'!G22 | H19: ='Debt Worksheet'!H22 | I19: ='Debt Worksheet'!I22 -> 0.5 | J19: ='Debt Worksheet'!J22 | K19: ='Debt Worksheet'!K22 -> 0
C20: ='Debt Worksheet'!C23 | D20: ='Debt Worksheet'!D23 | E20: ='Debt Worksheet'!E23 | F20: ='Debt Worksheet'!F23 | G20: ='Debt Worksheet'!G23 | H20: ='Debt Worksheet'!H23 | I20: ='Debt Worksheet'!I23 | J20: ='Debt Worksheet'!J23
C21: ='Debt Worksheet'!C24 | D21: ='Debt Worksheet'!D24 | E21: ='Debt Worksheet'!E24 | F21: ='Debt Worksheet'!F24 | G21: ='Debt Worksheet'!G24 | H21: ='Debt Worksheet'!H24 | I21: ='Debt Worksheet'!I24 | J21: ='Debt Worksheet'!J24
C22: ='Debt Worksheet'!C25 | D22: ='Debt Worksheet'!D25 | E22: ='Debt Worksheet'!E25 | F22: ='Debt Worksheet'!F25 | G22: ='Debt Worksheet'!G25 | H22: ='Debt Worksheet'!H25 | I22: ='Debt Worksheet'!I25 | J22: ='Debt Worksheet'!J25
C23: ='Debt Worksheet'!C26 | D23: ='Debt Worksheet'!D26 | E23: ='Debt Worksheet'!E26 | F23: ='Debt Worksheet'!F26 | G23: ='Debt Worksheet'!G26 | H23: ='Debt Worksheet'!H26 | I23: ='Debt Worksheet'!I26 | J23: ='Debt Worksheet'!J26
C24: ='Debt Worksheet'!C27 | D24: ='Debt Worksheet'!D27 | E24: ='Debt Worksheet'!E27 | F24: ='Debt Worksheet'!F27 | G24: ='Debt Worksheet'!G27 | H24: ='Debt Worksheet'!H27 | I24: ='Debt Worksheet'!I27 | J24: ='Debt Worksheet'!J27
C25: ='Debt Worksheet'!C28 | D25: ='Debt Worksheet'!D28 | E25: ='Debt Worksheet'!E28 | F25: ='Debt Worksheet'!F28 | G25: ='Debt Worksheet'!G28 | H25: ='Debt Worksheet'!H28 | I25: ='Debt Worksheet'!I28 | J25: ='Debt Worksheet'!J28
C26: ='Debt Worksheet'!C29 | D26: ='Debt Worksheet'!D29 | E26: ='Debt Worksheet'!E29 | F26: ='Debt Worksheet'!F29 | G26: ='Debt Worksheet'!G29 | H26: ='Debt Worksheet'!H29 | I26: ='Debt Worksheet'!I29 | J26: ='Debt Worksheet'!J29
C27: ='Debt Worksheet'!C30 | D27: ='Debt Worksheet'!D30 | E27: ='Debt Worksheet'!E30 | F27: ='Debt Worksheet'!F30 | G27: ='Debt Worksheet'!G30 | H27: ='Debt Worksheet'!H30 | I27: ='Debt Worksheet'!I30 | J27: ='Debt Worksheet'!J30
C28: ='Debt Worksheet'!C31 | D28: ='Debt Worksheet'!D31 | E28: ='Debt Worksheet'!E31 | F28: ='Debt Worksheet'!F31 | G28: ='Debt Worksheet'!G31 | H28: ='Debt Worksheet'!H31 | I28: ='Debt Worksheet'!I31 | J28: ='Debt Worksheet'!J31
C29: ='Debt Worksheet'!C32 | D29: ='Debt Worksheet'!D32 | E29: ='Debt Worksheet'!E32 | F29: ='Debt Worksheet'!F32 | G29: ='Debt Worksheet'!G32 | H29: ='Debt Worksheet'!H32 | I29: ='Debt Worksheet'!I32 | J29: ='Debt Worksheet'!J32
C30: ='Debt Worksheet'!C33 | D30: ='Debt Worksheet'!D33 | E30: ='Debt Worksheet'!E33 | F30: ='Debt Worksheet'!F33 | G30: ='Debt Worksheet'!G33 | H30: ='Debt Worksheet'!H33 | I30: ='Debt Worksheet'!I33 | J30: ='Debt Worksheet'!J33
C31: ='Debt Worksheet'!C34 | D31: ='Debt Worksheet'!D34 | E31: ='Debt Worksheet'!E34 | F31: ='Debt Worksheet'!F34 | G31: ='Debt Worksheet'!G34 | H31: ='Debt Worksheet'!H34 | I31: ='Debt Worksheet'!I34 | J31: ='Debt Worksheet'!J34
... C67: ='Debt Worksheet'!C70 | D67: ='Debt Worksheet'!D70 | E67: ='Debt Worksheet'!E70 | F67: ='Debt Worksheet'!F70 | G67: ='Debt Worksheet'!G70 | H67: ='Debt Worksheet'!H70 | I67: ='Debt Worksheet'!I70 | J67: ='Debt Worksheet'!J70
C69: The figures contained above are estimates only. The actual values will be computed during the Department's budget review. Taxing units are legally obligated to fulfill their debt obligations, regardless of these estimates or the Department's levy certification.
G71: ='Debt Worksheet'!G74 -> Estimated 2027 Property Tax Levy: | J71: ='Calculation - Levy Estimates'!B4 -> 981272
C73: Summary of Significant Assumptions
C75: 1. To compute these estimates, the Department used the Pre-Budget data on the Debt Worksheet entered by June 30. Data entered on these lines was used to compute estimates for Lines 15, 5, and 18. The reliability of these figures may be impacted by data entry errors on the Pre-Budget Debt Worksheet.
C76: 2. To estimate the upcoming year's levy for debt service funds, the Department is using the estimated 12/31/2026 cash balance from the 1782 Notice. For purposes of these estimates, the Department assumes that the miscellaneous revenues in upcoming year will match those used as part of the current year's certified levy calculation except for any License Excise, Commercial Vehicle Excise, or Financial Institutions Tax. Actual miscellaneous revenues are likely to differ and may impact the actual debt service levy.
C77: 3. These are general estimates that do not take into account waivers for protected taxes, debt restructuring, or target tax rates. Please contact your Department Budget Field Representative with any questions.

Sheet Calculation - Levy Estimates
A1: Descriptions | B1: Amount | C1: Notes
A2: 9. Est. Dec.31st Current Year Cash Balance | B2: =IFERROR(VLOOKUP(List!$P$2,'Source PY Rev and Op Bal'!$B:$J,6),0) -> 981272 | C2: Line 18 of the 1782 Notice issued late last year.
A3: 10. Levy Excess | B3: 0
A4: 11. Property Tax Levy | B4: =ROUND(MAX(0,ABS(-B8-B11+B6+B2)),0) -> 981272 | C4: Calculated Levy
A5: 12. Property Tax Cap Impact | B5: 0
A6: 13. Miscellaneous Revenue | B6: =IFERROR(ROUND(VLOOKUP(List!P2,'Source PY Rev and Op Bal'!$B:$J,9,FALSE),0),0) -> 0 | C6: Prior year amount after removing Excise, CVET, and FIT.
A7: 14. Budget Year Total Revenues | B7: =SUM(B3:B6) -> 981272
A8: 15. Budget Estimate | B8: ='Debt Worksheet'!F21 -> 0 | C8: Budget year total debt payments from the Debt Worksheet.
A9: 16. Temp Loans & Transfers | B9: 0
A10: 17. Total Budget Year Expenses | B10: =SUM(B8:B9) -> 0
A11: 18. Operating Balance | B11: ='Debt Worksheet'!J21 -> 0 | C11: Maximum estimated max operating balance from the Debt Worksheet tab.

Sheet SQL
A1: SELECT ufi.year_fk | B1: Source - DW Debt Level | D1: SELECT | E1: Source - DW Selected Payments | G1: SELECT | H1: Source Prior Year Data | J1: SELECT [debt_wksht_row_id] | K1: Source DW Row to Bond ID | M1: SELECT [BOND_ID] | N1: Source Post 14 Status | P1: SELECT | Q1: Source F22 | T1: SELECT | U1: CC List | W1: SELECT | X1: Athena Source | AA1: SELECT | AB1: Source - PY CVET & FIT | AE1: SELECT | AF1: Source 2.0 - DW
A2: ,u.county_cd_fk | D2: dwl.[debt_wksht_row_id_fk] | G2: [YR_NBR] | J2: ,[bond_main_row_id_fk] | M2: ,[POST_JUNE2014] | P2: [YR_NBR], | T2: YR_NBR | W2: [County_Code] + [Unit_Type]+ [Unit_Code] + [Fund_Code] as ' Fund Mod' | AA2: [YR_NBR] | AE2: -- From Unit_Fund_UniqueCode | AI2: SELECT
A3: ,u.unit_type_cd_id_fk | D3: ,dwl.[line_calculation_selection] | G3: --,[CNTY_CD] | J3: ,[name_of_issue] | M3: FROM [DLGF_fieldBudget].[dbo].[tbl_Debts] | P3: [COUNTY_CD] + [UNIT_TYPE_CD] + [UNIT_CD] as 'Mod' | T3: ,[CNTY_CD] +[UNIT_TYPE_CD] + [UNIT_CD] as 'Row Mod' | W3: ,[County_Code] | AA3: ,[CNTY_CD]+[UNIT_TYPE_CD]+[UNTT_CD]+ [FUND_CD] as 'Unit ID + Fund' | AE3: ufi.[Year] | AI3: ry.[YR_NBR],
A4: ,u.unit_code | D4: ,dwl.[total] | G4: --,[UNIT_TYPE_CD] | J4: FROM [DLGF_forms_budget].[dbo].[tbl_debt_wksht_debts] | M4: where BOND_ID is not null | P4: ,[ENTITY_CD] | T4: ,substring([UNIT],6,2) +[UNIT_TYPE_CD] + [UNIT_CD] as 'Major Mod' | W4: ,[Unit_Code] | AA4: --,[EST_REV_TYPE_CD]
A5: ,u.unit_name | D5: FROM [DLGF_forms_budget].[dbo].[tbl_debt_wksht_data_line_items] dwl | G5: --,[UNIT_CD] | J5: where year_fk = '2026' and bond_main_row_id_fk is not null | P5: ,[DISTRIBUTION_CD] | T5: FROM [DLGF_fieldBudget].[dbo].[STB_UNIT_YR] | W5: ,[Unit_Type] | AA5: --,[EST_REV_DESCRIPTION] | AE5: ---------------------------------------------------------------- | AI5: CONCAT(
A6: ,f.fund_cd | D6: inner join [DLGF_forms_budget].[dbo].[tbl_debt_wksht_debts] dw | G6: --,[FUND_CD] | J6: order by bond_main_row_id_fk asc | P6: ,[DISTRIBUTION_DATE_INT] | T6: where YR_NBR = '2026' | W6: ,[Fund_Code] | AA6: ,isnull(sum([FinalColA]),0) as 'Col A F22 Revs' | AE6: -- Unit ID (Null‑safe + preserved leading zeros) | AI6: RIGHT('00' + ry.CNTY_CD, 2),
A7: ,f.fund_description | D7: on dwl.[debt_wksht_row_id_fk] = dw.[debt_wksht_row_id] | G7: ,[CNTY_CD]+[UNIT_TYPE_CD]+[UNIT_CD]+[FUND_CD] AS 'Unit ID + Fund' | P7: ,AMT | W7: ,sum([Final_Preline5_Amount]) as 'Total PreLine5' | AA7: ,isnull(sum([FinalColB]),0) as 'Col B F22 Revs' | AE7: ---------------------------------------------------------------- | AI7: RIGHT('0000' + ry.UNTT_CD, 2),
A8: ,dw.[debt_wksht_row_id] | D8: where dwl.line_calculation_selection is not null | G8: ,[DLGF_3] as 'Line 3 Misc Rev' | P8: FROM [dlgf_forms_budget].[f22].[tbl_Distributions] | W8: ,sum([Final_Line5_Amount]) as 'Total Line5' | AA8: FROM [DLGF_fieldBudget].[dbo].[STB_EST_REV_YR] | AE8: , RIGHT('00' + ISNULL(un.[CountyCode], ''), 2) | AI8: RIGHT('0' + ry.UNIT_TYPE_CD, 1),
A9: -- ,dw.[units_funds_index_master_id_fk] | D9: and dwl.total <> 0 | G9: ,[DLGF_11] as 'Property Tax Levy' | P9: where YR_NBR = '2026' and AMT <> '0.00' and DISTRIBUTION_CD = 'p' and ADVANCE = 0 and SUBSTRING(ENTITY_CD,3,1) ='8' | W9: ,sum([Final_Line15_Amount]) as 'Total Line 15' | AA9: where EST_REV_TYPE_CD in ('R112', 'R135', '1212', '1231') --CVET and FIT Revenues | AE9: + RIGHT('00' + ISNULL(un.[UnitTypeCode], ''), 2) | AI9: RIGHT('0000' + ry.FUND_CD, 4)
A10: --,dw.[unit_id_fk] | D10: and dw.year_fk = '2026' | G10: ,[DLGF_13] as 'Line 13 Misc Rev' | P10: order by Mod asc | W10: ,sum([Final_Line18_Amount]) as 'Total Max Op Bal' | AA10: and active = 1 | AE10: + RIGHT('0000' + ISNULL(un.[UnitCode], ''), 4) | AI10: ) AS Unit_fund_id,
A11: --,dw.[fund_id_fk] | D11: order by dwl.debt_wksht_row_id_fk desc | G11: FROM [DLGF_fieldBudget].[dbo].[STB_FUND_YR] | W11: FROM [DLGF_BudgetWorkshop].[dbo].[Debt_Worksheet] | AA11: and YR_NBR = '2026' | AE11: AS [Unit ID]
A12: --,dw.[year_fk] | G12: where SUBSTRING(FUND_CD,3,1) = '8' and YR_NBR = '2026' | W12: where Year = '2027' | AA12: and SUBSTRING(Fund_CD,3,1) = '8' | AI12: ry.[CNTY_CD],
A13: ,dw.[bond_main_row_id_fk] | W13: group by Unit_Unique_Code | AA13: group by | AE13: ---------------------------------------------------------------- | AI13: ry.[UNTT_CD],
A14: ,dw.[school_debt_type_id_fk] | W14: ,Fund_Code | AA14: [YR_NBR] | AE14: -- Unit ID + Fund (Null‑safe) | AI14: ry.[UNIT_TYPE_CD],
A15: ,dw.[other_debt_type_id_fk] | W15: ,[County_Code] | AA15: ,[CNTY_CD] | AE15: ---------------------------------------------------------------- | AI15: ry.[FUND_CD],
A16: ,dw.[name_of_issue] | W16: ,[Unit_Code] | AA16: ,[UNIT_TYPE_CD] | AE16: , RIGHT('00' + ISNULL(un.[CountyCode], ''), 2)
A17: FROM [DLGF_forms_budget].[dbo].[tbl_debt_wksht_debts] dw | W17: ,[Unit_Type] | AA17: ,[UNTT_CD] | AE17: + RIGHT('00' + ISNULL(un.[UnitTypeCode], ''), 2) | AI17: -- DLGF_18 from fund-year table (adjust aggregate if needed)
A18: JOIN dlgf_forms_budget.dbo.tbl_units_funds_index ufi | W18: ,[Fund_Code] | AA18: ,[FUND_CD] | AE18: + RIGHT('0000' + ISNULL(un.[UnitCode], ''), 4) | AI18: MAX(fy.[DLGF_18]) AS [DLGF_18],
A19: on dw.[units_funds_index_master_id_fk] = ufi.units_funds_index_master_id | AE19: + RIGHT('0000' + ISNULL(fu.[FundCode], ''), 4)
A20: JOIN dlgf_forms_budget.dbo.tbl_funds f | AE20: AS [Unit ID + Fund] | AI20: -- Totals by revenue type buckets
A21: ON f.fund_id = ufi.funds_id_fk | AI21: SUM(CASE WHEN ry.[EST_REV_TYPE_CD] IN ('1212','1231','R112')
A22: JOIN dlgf_forms_budget.dbo.tbl_units u | AE22: ---------------------------------------------------------------- | AI22: THEN ry.[FinalColB] ELSE 0 END) AS [Total_CVET_FIT],
A23: ON u.unit_id = ufi.unit_id_fk | AE23: -- Unit fields (Null → blank)
A24: where dw.year_fk = '2026' and county_cd_fk < 93 | AE24: ---------------------------------------------------------------- | AI24: SUM(CASE WHEN ry.[EST_REV_TYPE_CD] IN ('1211','R114')
A25: order by u.county_cd_fk asc, u.unit_type_cd_id_fk asc, u.unit_code asc, fund_cd asc | AE25: , ISNULL(un.[CountyCode], '') AS CountyCode | AI25: THEN ry.[FinalColB] ELSE 0 END) AS [Total_Excise],
AE26: , ISNULL(un.[UnitTypeCode], '') AS UnitTypeCode
AE27: , ISNULL(un.[UnitCode], '') AS UnitCode | AI27: SUM(CASE WHEN ry.[EST_REV_TYPE_CD] NOT IN ('1212','1231','R112','1211','R114')
AE28: , ISNULL(un.[UnitName], '') AS UnitName | AI28: THEN ry.[FinalColB] ELSE 0 END) AS [Other_Revenue]
AE29: -- , ISNULL(un.[CountyName], '') AS CountyName -- uncomment if needed
AI30: FROM [DLGF_fieldBudget].[dbo].[STB_EST_REV_YR] AS ry
AE31: ---------------------------------------------------------------- | AI31: JOIN [DLGF_fieldBudget].[dbo].[STB_FUND_YR] AS fy
AE32: -- Fund fields (Null → blank) | AI32: ON ry.[UNIT_UNIQUE_CODE] = fy.[UNIT_UNIQUE_CODE]
AE33: ---------------------------------------------------------------- | AI33: AND ry.[FUND_CD] = fy.[FUND_CD]
AE34: , ISNULL(fu.[FundCode], '') AS FundCode | AI34: WHERE ry.[ACTIVE] = 1 -- limit to active revenue rows
AE35: , ISNULL(fu.[FundName], '') AS FundName | AI35: AND SUBSTRING(ry.[FUND_CD], 3, 1) = '8' -- debt funds
AI36: and ry.YR_NBR = '2026'
AE37: ---------------------------------------------------------------- | AI37: and fy.YR_NBR ='2026'
AE38: -- DebtWorksheetDebts fields (Null → blank or zero as appropriate) | AI38: GROUP BY
AE39: ---------------------------------------------------------------- | AI39: ry.[YR_NBR],
AE40: , ISNULL(d.[BondId], '') AS BondId | AI40: ry.[CNTY_CD],
AE41: , ISNULL(d.[DebtName], '') AS DebtName | AI41: ry.[UNTT_CD],
AI42: ry.[UNIT_TYPE_CD],
AE43: --, ISNULL(d.[PriorYearJan1Jun30], 0) AS PriorYearJan1Jun30 | AI43: ry.[FUND_CD]
AE44: --, ISNULL(d.[PriorYearJul1Dec31], 0) AS PriorYearJul1Dec31 | AI44: ORDER BY
AE45: --, ISNULL(d.[BudgetYearJul1Dec31], 0) AS BudgetYearJul1Dec31 | AI45: ry.[YR_NBR], ry.[CNTY_CD], ry.[UNTT_CD], ry.[UNIT_TYPE_CD], ry.[FUND_CD];
AE46: --, ISNULL(d.[FutureYearJan1Jun30], 0) AS FutureYearJan1Jun30
AE47: --, ISNULL(d.[FutureYearJul1Dec31], 0) AS FutureYearJul1Dec31
AE50: , CASE WHEN d.[PriorYearJan1Jun30] IS NULL THEN '' ELSE CAST(d.[PriorYearJan1Jun30] AS VARCHAR(50)) END AS PriorYearJan1Jun30
AE51: , CASE WHEN d.[PriorYearJul1Dec31] IS NULL THEN '' ELSE CAST(d.[PriorYearJul1Dec31] AS VARCHAR(50)) END AS PriorYearJul1Dec31
AE52: , CASE WHEN d.[BudgetYearJul1Dec31] IS NULL THEN '' ELSE CAST(d.[BudgetYearJul1Dec31] AS VARCHAR(50)) END AS BudgetYearJul1Dec31
AE53: , CASE WHEN d.[FutureYearJan1Jun30] IS NULL THEN '' ELSE CAST(d.[FutureYearJan1Jun30] AS VARCHAR(50)) END AS FutureYearJan1Jun30
AE54: , CASE WHEN d.[FutureYearJul1Dec31] IS NULL THEN '' ELSE CAST(d.[FutureYearJul1Dec31] AS VARCHAR(50)) END AS FutureYearJul1Dec31
AE57: , ISNULL(d.[ModifiedBy], '') AS ModifiedBy
AE58: , ISNULL(d.[ModifiedDate], '') AS ModifiedDate
AE61: FROM [dlgf_budgets].[dbo].[DebtWorksheetDebts] d
AE63: JOIN [DLGF_Budgets].[dbo].[Unit_Fund_UniqueCode] ufi
AE64: ON d.[UnitFundUniqueId] = ufi.Id
... AE77: ;

Sheet List
A1: Select Your County | E1: Fund Code | F1: Fund Name | G1: Select Your Debt Fund | H1: Selected Unit's Funds | K1: Units in selected County | L1: Select Your Unit of Government | M1: Mod | O1: Selected Unit | P1: =IFERROR(VLOOKUP('Debt Worksheet'!C11,L:M,2,FALSE),"") -> Mod
A2: 01 - Adams County | E2: 0180 | F2: DEBT SERVICE | G2: =_xlfn.CONCAT(E2," - ",PROPER(F2)) -> 0180 - Debt Service | H2: 1 | I2: =IFERROR(VLOOKUP(H2,'Source 2.0 DW (7.8.26)'!A:M,13,FALSE)&" - "&VLOOKUP(H2,'Source 2.0 DW (7.8.26)'!A:P,14,FALSE),"") | L2: =IFERROR(VLOOKUP(ROW(K1),'Selected Unit Finder +Unit List'!H:I,2,FALSE),"") | M2: =IFERROR(VLOOKUP(ROW(K1),'Selected Unit Finder +Unit List'!H:J,3,FALSE),"") | O2: Selected Unit + Fund | P2: =P1&LEFT('Debt Worksheet'!C14,4) -> Mod
A3: 02 - Allen County | E3: 0181 | F3: DEBT PAYMENT | G3: =_xlfn.CONCAT(E3," - ",PROPER(F3)) -> 0181 - Debt Payment | H3: 2 | I3: =IFERROR(VLOOKUP(H3,'Source 2.0 DW (7.8.26)'!A:M,13,FALSE)&" - "&VLOOKUP(H3,'Source 2.0 DW (7.8.26)'!A:P,14,FALSE),"") | L3: =IFERROR(VLOOKUP(ROW(K2),'Selected Unit Finder +Unit List'!H:I,2,FALSE),"") | M3: =IFERROR(VLOOKUP(ROW(K2),'Selected Unit Finder +Unit List'!H:J,3,FALSE),"")
A4: 03 - Bartholomew County | E4: 0182 | F4: BOND #2 | G4: =_xlfn.CONCAT(E4," - ",PROPER(F4)) -> 0182 - Bond #2 | H4: 3 | I4: =IFERROR(VLOOKUP(H4,'Source 2.0 DW (7.8.26)'!A:M,13,FALSE)&" - "&VLOOKUP(H4,'Source 2.0 DW (7.8.26)'!A:P,14,FALSE),"") | L4: =IFERROR(VLOOKUP(ROW(K3),'Selected Unit Finder +Unit List'!H:I,2,FALSE),"") | M4: =IFERROR(VLOOKUP(ROW(K3),'Selected Unit Finder +Unit List'!H:J,3,FALSE),"")
A5: 04 - Benton County | E5: 0183 | F5: BOND #3 | G5: =_xlfn.CONCAT(E5," - ",PROPER(F5)) -> 0183 - Bond #3 | H5: 4 | I5: =IFERROR(VLOOKUP(H5,'Source 2.0 DW (7.8.26)'!A:M,13,FALSE)&" - "&VLOOKUP(H5,'Source 2.0 DW (7.8.26)'!A:P,14,FALSE),"") | L5: =IFERROR(VLOOKUP(ROW(K4),'Selected Unit Finder +Unit List'!H:I,2,FALSE),"") | M5: =IFERROR(VLOOKUP(ROW(K4),'Selected Unit Finder +Unit List'!H:J,3,FALSE),"")
A6: 05 - Blackford County | E6: 0184 | F6: BOND #4 | G6: =_xlfn.CONCAT(E6," - ",PROPER(F6)) -> 0184 - Bond #4 | H6: 5 | I6: =IFERROR(VLOOKUP(H6,'Source 2.0 DW (7.8.26)'!A:M,13,FALSE)&" - "&VLOOKUP(H6,'Source 2.0 DW (7.8.26)'!A:P,14,FALSE),"") | L6: =IFERROR(VLOOKUP(ROW(K5),'Selected Unit Finder +Unit List'!H:I,2,FALSE),"") | M6: =IFERROR(VLOOKUP(ROW(K5),'Selected Unit Finder +Unit List'!H:J,3,FALSE),"")
A7: 06 - Boone County | E7: 0185 | F7: BOND #5 | G7: =_xlfn.CONCAT(E7," - ",PROPER(F7)) -> 0185 - Bond #5 | H7: 6 | I7: =IFERROR(VLOOKUP(H7,'Source 2.0 DW (7.8.26)'!A:M,13,FALSE)&" - "&VLOOKUP(H7,'Source 2.0 DW (7.8.26)'!A:P,14,FALSE),"") | L7: =IFERROR(VLOOKUP(ROW(K6),'Selected Unit Finder +Unit List'!H:I,2,FALSE),"") | M7: =IFERROR(VLOOKUP(ROW(K6),'Selected Unit Finder +Unit List'!H:J,3,FALSE),"")
A8: 07 - Brown County | E8: 0186 | F8: SCHOOL PENSION DEBT | G8: =_xlfn.CONCAT(E8," - ",PROPER(F8)) -> 0186 - School Pension Debt | H8: 7 | I8: =IFERROR(VLOOKUP(H8,'Source 2.0 DW (7.8.26)'!A:M,13,FALSE)&" - "&VLOOKUP(H8,'Source 2.0 DW (7.8.26)'!A:P,14,FALSE),"") | L8: =IFERROR(VLOOKUP(ROW(K7),'Selected Unit Finder +Unit List'!H:I,2,FALSE),"") | M8: =IFERROR(VLOOKUP(ROW(K7),'Selected Unit Finder +Unit List'!H:J,3,FALSE),"")
A9: 08 - Carroll County | E9: 0187 | F9: REFERENDUM DEBT FUND - EXEMPT CAPITAL | G9: =_xlfn.CONCAT(E9," - ",PROPER(F9)) -> 0187 - Referendum Debt Fund - Exempt Capital | H9: 8 | I9: =IFERROR(VLOOKUP(H9,'Source 2.0 DW (7.8.26)'!A:M,13,FALSE)&" - "&VLOOKUP(H9,'Source 2.0 DW (7.8.26)'!A:P,14,FALSE),"") | L9: =IFERROR(VLOOKUP(ROW(K8),'Selected Unit Finder +Unit List'!H:I,2,FALSE),"") | M9: =IFERROR(VLOOKUP(ROW(K8),'Selected Unit Finder +Unit List'!H:J,3,FALSE),"")
A10: 09 - Cass County | E10: 0280 | F10: BOND-GENERAL SINKING | G10: =_xlfn.CONCAT(E10," - ",PROPER(F10)) -> 0280 - Bond-General Sinking | H10: 9 | I10: =IFERROR(VLOOKUP(H10,'Source 2.0 DW (7.8.26)'!A:M,13,FALSE)&" - "&VLOOKUP(H10,'Source 2.0 DW (7.8.26)'!A:P,14,FALSE),"") | L10: =IFERROR(VLOOKUP(ROW(K9),'Selected Unit Finder +Unit List'!H:I,2,FALSE),"") | M10: =IFERROR(VLOOKUP(ROW(K9),'Selected Unit Finder +Unit List'!H:J,3,FALSE),"")
A11: 10 - Clark County | E11: 0281 | F11: LOAN & INTEREST PAYMENT | G11: =_xlfn.CONCAT(E11," - ",PROPER(F11)) -> 0281 - Loan & Interest Payment | H11: 10 | I11: =IFERROR(VLOOKUP(H11,'Source 2.0 DW (7.8.26)'!A:M,13,FALSE)&" - "&VLOOKUP(H11,'Source 2.0 DW (7.8.26)'!A:P,14,FALSE),"") | L11: =IFERROR(VLOOKUP(ROW(K10),'Selected Unit Finder +Unit List'!H:I,2,FALSE),"") | M11: =IFERROR(VLOOKUP(ROW(K10),'Selected Unit Finder +Unit List'!H:J,3,FALSE),"")
A12: 11 - Clay County | E12: 0282 | F12: OBLIGATION LOAN | G12: =_xlfn.CONCAT(E12," - ",PROPER(F12)) -> 0282 - Obligation Loan | H12: 11 | I12: =IFERROR(VLOOKUP(H12,'Source 2.0 DW (7.8.26)'!A:M,13,FALSE)&" - "&VLOOKUP(H12,'Source 2.0 DW (7.8.26)'!A:P,14,FALSE),"") | L12: =IFERROR(VLOOKUP(ROW(K11),'Selected Unit Finder +Unit List'!H:I,2,FALSE),"") | M12: =IFERROR(VLOOKUP(ROW(K11),'Selected Unit Finder +Unit List'!H:J,3,FALSE),"")
A13: 12 - Clinton County | E13: 0283 | F13: LEASE RENTAL PAYMENT | G13: =_xlfn.CONCAT(E13," - ",PROPER(F13)) -> 0283 - Lease Rental Payment | H13: 12 | I13: =IFERROR(VLOOKUP(H13,'Source 2.0 DW (7.8.26)'!A:M,13,FALSE)&" - "&VLOOKUP(H13,'Source 2.0 DW (7.8.26)'!A:P,14,FALSE),"") | L13: =IFERROR(VLOOKUP(ROW(K12),'Selected Unit Finder +Unit List'!H:I,2,FALSE),"") | M13: =IFERROR(VLOOKUP(ROW(K12),'Selected Unit Finder +Unit List'!H:J,3,FALSE),"")
A14: 13 - Crawford County | E14: 0287 | F14: POST09 REF EXEMPT CAPITAL | G14: =_xlfn.CONCAT(E14," - ",PROPER(F14)) -> 0287 - Post09 Ref Exempt Capital | L14: =IFERROR(VLOOKUP(ROW(K13),'Selected Unit Finder +Unit List'!H:I,2,FALSE),"") | M14: =IFERROR(VLOOKUP(ROW(K13),'Selected Unit Finder +Unit List'!H:J,3,FALSE),"")
A15: 14 - Daviess County | E15: 0580 | F15: COURT HOUSE LEASE RENTAL | G15: =_xlfn.CONCAT(E15," - ",PROPER(F15)) -> 0580 - Court House Lease Rental | L15: =IFERROR(VLOOKUP(ROW(K14),'Selected Unit Finder +Unit List'!H:I,2,FALSE),"") | M15: =IFERROR(VLOOKUP(ROW(K14),'Selected Unit Finder +Unit List'!H:J,3,FALSE),"")
A16: 15 - Dearborn County | E16: 0986 | F16: STORM SEWER BOND | G16: =_xlfn.CONCAT(E16," - ",PROPER(F16)) -> 0986 - Storm Sewer Bond | L16: =IFERROR(VLOOKUP(ROW(K15),'Selected Unit Finder +Unit List'!H:I,2,FALSE),"") | M16: =IFERROR(VLOOKUP(ROW(K15),'Selected Unit Finder +Unit List'!H:J,3,FALSE),"")
A17: 16 - Decatur County | E17: 1181 | F17: FIRE BUILDING DEBT | G17: =_xlfn.CONCAT(E17," - ",PROPER(F17)) -> 1181 - Fire Building Debt | L17: =IFERROR(VLOOKUP(ROW(K16),'Selected Unit Finder +Unit List'!H:I,2,FALSE),"") | M17: =IFERROR(VLOOKUP(ROW(K16),'Selected Unit Finder +Unit List'!H:J,3,FALSE),"")
A18: 17 - Dekalb County | E18: 1182 | F18: FIRE EQUIPMENT DEBT | G18: =_xlfn.CONCAT(E18," - ",PROPER(F18)) -> 1182 - Fire Equipment Debt | L18: =IFERROR(VLOOKUP(ROW(K17),'Selected Unit Finder +Unit List'!H:I,2,FALSE),"") | M18: =IFERROR(VLOOKUP(ROW(K17),'Selected Unit Finder +Unit List'!H:J,3,FALSE),"")
A19: 18 - Delaware County | E19: 1183 | F19: FIRE EQUIPMENT BOND | G19: =_xlfn.CONCAT(E19," - ",PROPER(F19)) -> 1183 - Fire Equipment Bond | L19: =IFERROR(VLOOKUP(ROW(K18),'Selected Unit Finder +Unit List'!H:I,2,FALSE),"") | M19: =IFERROR(VLOOKUP(ROW(K18),'Selected Unit Finder +Unit List'!H:J,3,FALSE),"")
A20: 19 - Dubois County | E20: 1185 | F20: JAIL LEASE RENTAL | G20: =_xlfn.CONCAT(E20," - ",PROPER(F20)) -> 1185 - Jail Lease Rental | L20: =IFERROR(VLOOKUP(ROW(K19),'Selected Unit Finder +Unit List'!H:I,2,FALSE),"") | M20: =IFERROR(VLOOKUP(ROW(K19),'Selected Unit Finder +Unit List'!H:J,3,FALSE),"")
A21: 20 - Elkhart County | E21: 1186 | F21: JAIL BOND | G21: =_xlfn.CONCAT(E21," - ",PROPER(F21)) -> 1186 - Jail Bond | L21: =IFERROR(VLOOKUP(ROW(K20),'Selected Unit Finder +Unit List'!H:I,2,FALSE),"") | M21: =IFERROR(VLOOKUP(ROW(K20),'Selected Unit Finder +Unit List'!H:J,3,FALSE),"")
A22: 21 - Fayette County | E22: 1187 | F22: EMERGENCY FIRE LOAN | G22: =_xlfn.CONCAT(E22," - ",PROPER(F22)) -> 1187 - Emergency Fire Loan | L22: =IFERROR(VLOOKUP(ROW(K21),'Selected Unit Finder +Unit List'!H:I,2,FALSE),"") | M22: =IFERROR(VLOOKUP(ROW(K21),'Selected Unit Finder +Unit List'!H:J,3,FALSE),"")
A23: 22 - Floyd County | E23: 1380 | F23: PARK BOND | G23: =_xlfn.CONCAT(E23," - ",PROPER(F23)) -> 1380 - Park Bond | L23: =IFERROR(VLOOKUP(ROW(K22),'Selected Unit Finder +Unit List'!H:I,2,FALSE),"") | M23: =IFERROR(VLOOKUP(ROW(K22),'Selected Unit Finder +Unit List'!H:J,3,FALSE),"")
A24: 23 - Fountain County | E24: 1381 | F24: PARK BOND #2 | G24: =_xlfn.CONCAT(E24," - ",PROPER(F24)) -> 1381 - Park Bond #2 | L24: =IFERROR(VLOOKUP(ROW(K23),'Selected Unit Finder +Unit List'!H:I,2,FALSE),"") | M24: =IFERROR(VLOOKUP(ROW(K23),'Selected Unit Finder +Unit List'!H:J,3,FALSE),"")
A25: 24 - Franklin County | E25: 2380 | F25: CAPITAL IMPROVEMENT BOND | G25: =_xlfn.CONCAT(E25," - ",PROPER(F25)) -> 2380 - Capital Improvement Bond | L25: =IFERROR(VLOOKUP(ROW(K24),'Selected Unit Finder +Unit List'!H:I,2,FALSE),"") | M25: =IFERROR(VLOOKUP(ROW(K24),'Selected Unit Finder +Unit List'!H:J,3,FALSE),"")
... A37: 36 - Jackson County | E37: 8984 | F37: SPECIAL CONSOLIDATED CO MET EMERGENCY COMM AGENCY DEBT | G37: =_xlfn.CONCAT(E37," - ",PROPER(F37)) -> 8984 - Special Consolidated Co Met Emergency Comm Agency Debt | L37: =IFERROR(VLOOKUP(ROW(K36),'Selected Unit Finder +Unit List'!H:I,2,FALSE),"") | M37: =IFERROR(VLOOKUP(ROW(K36),'Selected Unit Finder +Unit List'!H:J,3,FALSE),"")
A38: 37 - Jasper County | L38: =IFERROR(VLOOKUP(ROW(K37),'Selected Unit Finder +Unit List'!H:I,2,FALSE),"") | M38: =IFERROR(VLOOKUP(ROW(K37),'Selected Unit Finder +Unit List'!H:J,3,FALSE),"")
A39: 38 - Jay County | L39: =IFERROR(VLOOKUP(ROW(K38),'Selected Unit Finder +Unit List'!H:I,2,FALSE),"") | M39: =IFERROR(VLOOKUP(ROW(K38),'Selected Unit Finder +Unit List'!H:J,3,FALSE),"")
A40: 39 - Jefferson County | L40: =IFERROR(VLOOKUP(ROW(K39),'Selected Unit Finder +Unit List'!H:I,2,FALSE),"") | M40: =IFERROR(VLOOKUP(ROW(K39),'Selected Unit Finder +Unit List'!H:J,3,FALSE),"")
A41: 40 - Jennings County | L41: =IFERROR(VLOOKUP(ROW(K40),'Selected Unit Finder +Unit List'!H:I,2,FALSE),"") | M41: =IFERROR(VLOOKUP(ROW(K40),'Selected Unit Finder +Unit List'!H:J,3,FALSE),"")
A42: 41 - Johnson County | L42: =IFERROR(VLOOKUP(ROW(K41),'Selected Unit Finder +Unit List'!H:I,2,FALSE),"") | M42: =IFERROR(VLOOKUP(ROW(K41),'Selected Unit Finder +Unit List'!H:J,3,FALSE),"")
A43: 42 - Knox County | L43: =IFERROR(VLOOKUP(ROW(K42),'Selected Unit Finder +Unit List'!H:I,2,FALSE),"") | M43: =IFERROR(VLOOKUP(ROW(K42),'Selected Unit Finder +Unit List'!H:J,3,FALSE),"")
A44: 43 - Kosciusko County | L44: =IFERROR(VLOOKUP(ROW(K43),'Selected Unit Finder +Unit List'!H:I,2,FALSE),"") | M44: =IFERROR(VLOOKUP(ROW(K43),'Selected Unit Finder +Unit List'!H:J,3,FALSE),"")
A45: 44 - Lagrange County | L45: =IFERROR(VLOOKUP(ROW(K44),'Selected Unit Finder +Unit List'!H:I,2,FALSE),"") | M45: =IFERROR(VLOOKUP(ROW(K44),'Selected Unit Finder +Unit List'!H:J,3,FALSE),"")
A46: 45 - Lake County | L46: =IFERROR(VLOOKUP(ROW(K45),'Selected Unit Finder +Unit List'!H:I,2,FALSE),"") | M46: =IFERROR(VLOOKUP(ROW(K45),'Selected Unit Finder +Unit List'!H:J,3,FALSE),"")
A47: 46 - Laporte County | L47: =IFERROR(VLOOKUP(ROW(K46),'Selected Unit Finder +Unit List'!H:I,2,FALSE),"") | M47: =IFERROR(VLOOKUP(ROW(K46),'Selected Unit Finder +Unit List'!H:J,3,FALSE),"")
A48: 47 - Lawrence County | L48: =IFERROR(VLOOKUP(ROW(K47),'Selected Unit Finder +Unit List'!H:I,2,FALSE),"") | M48: =IFERROR(VLOOKUP(ROW(K47),'Selected Unit Finder +Unit List'!H:J,3,FALSE),"")
A49: 48 - Madison County | L49: =IFERROR(VLOOKUP(ROW(K48),'Selected Unit Finder +Unit List'!H:I,2,FALSE),"") | M49: =IFERROR(VLOOKUP(ROW(K48),'Selected Unit Finder +Unit List'!H:J,3,FALSE),"")
... A73: 72 - Scott County | L73: =IFERROR(VLOOKUP(ROW(K72),'Selected Unit Finder +Unit List'!H:I,2,FALSE),"") | M73: =IFERROR(VLOOKUP(ROW(K72),'Selected Unit Finder +Unit List'!H:J,3,FALSE),"")
A74: 73 - Shelby County
A75: 74 - Spencer County
A76: 75 - Starke County
A77: 76 - Steuben County
A78: 77 - Sullivan County
A79: 78 - Switzerland County
A80: 79 - Tippecanoe County
A81: 80 - Tipton County
A82: 81 - Union County
A83: 82 - Vanderburgh County
A84: 83 - Vermillion County
A85: 84 - Vigo County
... A93: 92 - Whitley County

Sheet Selected Unit Finder +Unit List
A1: Mod | B1: County | C1: Unit Type | D1: Unit code | E1: Unit Name | J1: =A1 -> Mod
A2: =CONCATENATE(B2,C2,D2) -> 0110000 | B2: 01 | C2: 1 | D2: 0000 | E2: ADAMS COUNTY | F2: Adams County | G2: =COUNTIF(B:B,B2) -> 23 | H2: =IF(LEN(I2)>0,1,0) -> 0 | I2: =IF(B2=LEFT('Debt Worksheet'!$C$7,2),'Selected Unit Finder +Unit List'!F2,"") | J2: =A2 -> 0110000
A3: =CONCATENATE(B3,C3,D3) -> 0120001 | B3: 01 | C3: 2 | D3: 0001 | E3: BLUE CREEK TOWNSHIP | F3: Blue Creek Township | G3: =COUNTIF(B:B,B3) -> 23 | H3: =IF(LEN(I3)>0,1+MAX($H$1:H2),0) -> 0 | I3: =IF(B3=LEFT('Debt Worksheet'!$C$7,2),'Selected Unit Finder +Unit List'!F3,"") | J3: =A3 -> 0120001
A4: =CONCATENATE(B4,C4,D4) -> 0120002 | B4: 01 | C4: 2 | D4: 0002 | E4: FRENCH TOWNSHIP | F4: French Township | G4: =COUNTIF(B:B,B4) -> 23 | H4: =IF(LEN(I4)>0,1+MAX($H$1:H3),0) -> 0 | I4: =IF(B4=LEFT('Debt Worksheet'!$C$7,2),'Selected Unit Finder +Unit List'!F4,"") | J4: =A4 -> 0120002
A5: =CONCATENATE(B5,C5,D5) -> 0120003 | B5: 01 | C5: 2 | D5: 0003 | E5: HARTFORD TOWNSHIP | F5: Hartford Township | G5: =COUNTIF(B:B,B5) -> 23 | H5: =IF(LEN(I5)>0,1+MAX($H$1:H4),0) -> 0 | I5: =IF(B5=LEFT('Debt Worksheet'!$C$7,2),'Selected Unit Finder +Unit List'!F5,"") | J5: =A5 -> 0120003
A6: =CONCATENATE(B6,C6,D6) -> 0120004 | B6: 01 | C6: 2 | D6: 0004 | E6: JEFFERSON TOWNSHIP | F6: Jefferson Township | G6: =COUNTIF(B:B,B6) -> 23 | H6: =IF(LEN(I6)>0,1+MAX($H$1:H5),0) -> 0 | I6: =IF(B6=LEFT('Debt Worksheet'!$C$7,2),'Selected Unit Finder +Unit List'!F6,"") | J6: =A6 -> 0120004
A7: =CONCATENATE(B7,C7,D7) -> 0120005 | B7: 01 | C7: 2 | D7: 0005 | E7: KIRKLAND TOWNSHIP | F7: Kirkland Township | G7: =COUNTIF(B:B,B7) -> 23 | H7: =IF(LEN(I7)>0,1+MAX($H$1:H6),0) -> 0 | I7: =IF(B7=LEFT('Debt Worksheet'!$C$7,2),'Selected Unit Finder +Unit List'!F7,"") | J7: =A7 -> 0120005
A8: =CONCATENATE(B8,C8,D8) -> 0120006 | B8: 01 | C8: 2 | D8: 0006 | E8: MONROE TOWNSHIP | F8: Monroe Township | G8: =COUNTIF(B:B,B8) -> 23 | H8: =IF(LEN(I8)>0,1+MAX($H$1:H7),0) -> 0 | I8: =IF(B8=LEFT('Debt Worksheet'!$C$7,2),'Selected Unit Finder +Unit List'!F8,"") | J8: =A8 -> 0120006
A9: =CONCATENATE(B9,C9,D9) -> 0120007 | B9: 01 | C9: 2 | D9: 0007 | E9: PREBLE TOWNSHIP | F9: Preble Township | G9: =COUNTIF(B:B,B9) -> 23 | H9: =IF(LEN(I9)>0,1+MAX($H$1:H8),0) -> 0 | I9: =IF(B9=LEFT('Debt Worksheet'!$C$7,2),'Selected Unit Finder +Unit List'!F9,"") | J9: =A9 -> 0120007
A10: =CONCATENATE(B10,C10,D10) -> 0120008 | B10: 01 | C10: 2 | D10: 0008 | E10: ROOT TOWNSHIP | F10: Root Township | G10: =COUNTIF(B:B,B10) -> 23 | H10: =IF(LEN(I10)>0,1+MAX($H$1:H9),0) -> 0 | I10: =IF(B10=LEFT('Debt Worksheet'!$C$7,2),'Selected Unit Finder +Unit List'!F10,"") | J10: =A10 -> 0120008
A11: =CONCATENATE(B11,C11,D11) -> 0120009 | B11: 01 | C11: 2 | D11: 0009 | E11: ST. MARYS TOWNSHIP | F11: St. Marys Township | G11: =COUNTIF(B:B,B11) -> 23 | H11: =IF(LEN(I11)>0,1+MAX($H$1:H10),0) -> 0 | I11: =IF(B11=LEFT('Debt Worksheet'!$C$7,2),'Selected Unit Finder +Unit List'!F11,"") | J11: =A11 -> 0120009
A12: =CONCATENATE(B12,C12,D12) -> 0120010 | B12: 01 | C12: 2 | D12: 0010 | E12: UNION TOWNSHIP | F12: Union Township | G12: =COUNTIF(B:B,B12) -> 23 | H12: =IF(LEN(I12)>0,1+MAX($H$1:H11),0) -> 0 | I12: =IF(B12=LEFT('Debt Worksheet'!$C$7,2),'Selected Unit Finder +Unit List'!F12,"") | J12: =A12 -> 0120010
A13: =CONCATENATE(B13,C13,D13) -> 0120011 | B13: 01 | C13: 2 | D13: 0011 | E13: WABASH TOWNSHIP | F13: Wabash Township | G13: =COUNTIF(B:B,B13) -> 23 | H13: =IF(LEN(I13)>0,1+MAX($H$1:H12),0) -> 0 | I13: =IF(B13=LEFT('Debt Worksheet'!$C$7,2),'Selected Unit Finder +Unit List'!F13,"") | J13: =A13 -> 0120011
A14: =CONCATENATE(B14,C14,D14) -> 0120012 | B14: 01 | C14: 2 | D14: 0012 | E14: WASHINGTON TOWNSHIP | F14: Washington Township | G14: =COUNTIF(B:B,B14) -> 23 | H14: =IF(LEN(I14)>0,1+MAX($H$1:H13),0) -> 0 | I14: =IF(B14=LEFT('Debt Worksheet'!$C$7,2),'Selected Unit Finder +Unit List'!F14,"") | J14: =A14 -> 0120012
... A2461: =CONCATENATE(B2461,C2461,D2461) -> 9261078 | B2461: 92 | C2461: 6 | D2461: 1078 | E2461: WHITLEY COUNTY SOLID WASTE MANAGEMENT DISTRICT | F2461: Whitley County Solid Waste Management District | G2461: =COUNTIF(B:B,B2461) -> 20 | H2461: =IF(LEN(I2461)>0,1+MAX($H$1:H2460),0) -> 0 | I2461: =IF(B2461=LEFT('Debt Worksheet'!$C$7,2),'Selected Unit Finder +Unit List'!F2461,"") | J2461: =A2461 -> 9261078

Sheet Athena Source (6.30.26)
A1: Fund Mod | B1: County_Code | C1: Unit_Code | D1: Unit_Type | E1: Fund_Code | F1: Total PreLine5 | G1: Total Line5 | H1: Total Line 15 | I1: Total Max Op Bal
A2: 01400150180 | B2: 01 | C2: 0015 | D2: 4 | E2: 0180 | F2: 1723053 | G2: 1723575 | H2: 2731150 | I2: 408772
A3: 01400250180 | B3: 01 | C3: 0025 | D3: 4 | E3: 0180 | F3: 2125725 | G3: 2124325 | H3: 4249850 | I3: 595801
A4: 01400350180 | B4: 01 | C4: 0035 | D4: 4 | E4: 0180 | F4: 1237347 | G4: 1176262 | H4: 2357275 | I4: 933891
A5: 02200121181 | B5: 02 | C5: 0012 | D5: 2 | E5: 1181 | F5: 60738 | G5: 60738 | H5: 121476 | I5: 18221
A6: 02200190180 | B6: 02 | C6: 0019 | D6: 2 | E6: 0180 | F6: 0 | G6: 0 | H6: 0 | I6: 0
A7: 02401250180 | B7: 02 | C7: 0125 | D7: 4 | E7: 0180 | F7: 11491103 | G7: 11482682 | H7: 21634639 | I7: 3335995
A8: 02402250180 | B8: 02 | C8: 0225 | D8: 4 | E8: 0180 | F8: 12479459 | G8: 11442500 | H8: 19561500 | I8: 3274532
A9: 02402250287 | B9: 02 | C9: 0225 | D9: 4 | E9: 0287 | F9: 1324000 | G9: 1324000 | H9: 2651000 | I9: 397350
A10: 02402350180 | B10: 02 | C10: 0235 | D10: 4 | E10: 0180 | F10: 12403800 | G10: 12390163 | H10: 12954727 | I10: 1221020
A11: 02402350287 | B11: 02 | C11: 0235 | D11: 4 | E11: 0287 | F11: 12543500 | G11: 12543500 | H11: 23839000 | I11: 5954200
A12: 02402550180 | B12: 02 | C12: 0255 | D12: 4 | E12: 0180 | F12: 15350050 | G12: 12814675 | H12: 18999425 | I12: 3585708
A13: 02502600180 | B13: 02 | C13: 0260 | D13: 5 | E13: 0180 | F13: 2179084 | G13: 2174100 | H13: 1916750 | I13: 0
... A965: 92486650287 | B965: 92 | C965: 8665 | D965: 4 | E965: 0287 | F965: 3235500 | G965: 3231000 | H965: 6550000 | I965: 982050

Sheet Source F22 (7.08.26)
A1: Major Mod | B1: Major Fund Mod | C1: YR_NBR | D1: Mod | E1: ENTITY_CD | F1: DISTRIBUTION_CD | G1: DISTRIBUTION_DATE_INT | H1: AMT | I1: Major Mod | J1: Major Fund Mod
A2: =IF(D2="","",VLOOKUP(D2,'Source CC List'!B:C,2,FALSE)) -> 0140015 | B2: =IF(E2="","",CONCATENATE(I2,TEXT(E2,"0000"))) -> 01400150180 | C2: 2026 | D2: 0140015 | E2: 0180 | F2: P | G2: 6 | H2: 1944039.2 | I2: =IF(D2="","",VLOOKUP(D2,'Source CC List'!B:C,2,FALSE)) -> 0140015 | J2: =IF(D2="","",CONCATENATE(I2,TEXT(E2,"0000"))) -> 01400150180
A3: =IF(D3="","",VLOOKUP(D3,'Source CC List'!B:C,2,FALSE)) -> 0140025 | B3: =IF(E3="","",CONCATENATE(I3,TEXT(E3,"0000"))) -> 01400250180 | C3: 2026 | D3: 0140025 | E3: 0180 | F3: P | G3: 6 | H3: 2153090 | I3: =IF(D3="","",VLOOKUP(D3,'Source CC List'!B:C,2,FALSE)) -> 0140025 | J3: =IF(D3="","",CONCATENATE(I3,TEXT(E3,"0000"))) -> 01400250180
A4: =IF(D4="","",VLOOKUP(D4,'Source CC List'!B:C,2,FALSE)) -> 0140035 | B4: =IF(E4="","",CONCATENATE(I4,TEXT(E4,"0000"))) -> 01400350180 | C4: 2026 | D4: 0140035 | E4: 0180 | F4: P | G4: 6 | H4: 1249501.6 | I4: =IF(D4="","",VLOOKUP(D4,'Source CC List'!B:C,2,FALSE)) -> 0140035 | J4: =IF(D4="","",CONCATENATE(I4,TEXT(E4,"0000"))) -> 01400350180
A5: =IF(D5="","",VLOOKUP(D5,'Source CC List'!B:C,2,FALSE)) -> 0220012 | B5: =IF(E5="","",CONCATENATE(I5,TEXT(E5,"0000"))) -> 02200121181 | C5: 2026 | D5: 0220012 | E5: 1181 | F5: P | G5: 6 | H5: 66958.2 | I5: =IF(D5="","",VLOOKUP(D5,'Source CC List'!B:C,2,FALSE)) -> 0220012 | J5: =IF(D5="","",CONCATENATE(I5,TEXT(E5,"0000"))) -> 02200121181
A6: =IF(D6="","",VLOOKUP(D6,'Source CC List'!B:C,2,FALSE)) -> 0230424 | B6: =IF(E6="","",CONCATENATE(I6,TEXT(E6,"0000"))) -> 02304240180 | C6: 2026 | D6: 0230424 | E6: 0180 | F6: P | G6: 6 | H6: 239136.17 | I6: =IF(D6="","",VLOOKUP(D6,'Source CC List'!B:C,2,FALSE)) -> 0230424 | J6: =IF(D6="","",CONCATENATE(I6,TEXT(E6,"0000"))) -> 02304240180
A7: =IF(D7="","",VLOOKUP(D7,'Source CC List'!B:C,2,FALSE)) -> 0230424 | B7: =IF(E7="","",CONCATENATE(I7,TEXT(E7,"0000"))) -> 02304240283 | C7: 2026 | D7: 0230424 | E7: 0283 | F7: P | G7: 6 | H7: 268205.7 | I7: =IF(D7="","",VLOOKUP(D7,'Source CC List'!B:C,2,FALSE)) -> 0230424 | J7: =IF(D7="","",CONCATENATE(I7,TEXT(E7,"0000"))) -> 02304240283
A8: =IF(D8="","",VLOOKUP(D8,'Source CC List'!B:C,2,FALSE)) -> 0230424 | B8: =IF(E8="","",CONCATENATE(I8,TEXT(E8,"0000"))) -> 02304241380 | C8: 2026 | D8: 0230424 | E8: 1380 | F8: P | G8: 6 | H8: 177708.74 | I8: =IF(D8="","",VLOOKUP(D8,'Source CC List'!B:C,2,FALSE)) -> 0230424 | J8: =IF(D8="","",CONCATENATE(I8,TEXT(E8,"0000"))) -> 02304241380
A9: =IF(D9="","",VLOOKUP(D9,'Source CC List'!B:C,2,FALSE)) -> 0230424 | B9: =IF(E9="","",CONCATENATE(I9,TEXT(E9,"0000"))) -> 02304241381 | C9: 2026 | D9: 0230424 | E9: 1381 | F9: P | G9: 6 | H9: 76811.1 | I9: =IF(D9="","",VLOOKUP(D9,'Source CC List'!B:C,2,FALSE)) -> 0230424 | J9: =IF(D9="","",CONCATENATE(I9,TEXT(E9,"0000"))) -> 02304241381
A10: =IF(D10="","",VLOOKUP(D10,'Source CC List'!B:C,2,FALSE)) -> 0230424 | B10: =IF(E10="","",CONCATENATE(I10,TEXT(E10,"0000"))) -> 02304240183 | C10: 2026 | D10: 0230424 | E10: 0183 | F10: P | G10: 6 | H10: 61119.45 | I10: =IF(D10="","",VLOOKUP(D10,'Source CC List'!B:C,2,FALSE)) -> 0230424 | J10: =IF(D10="","",CONCATENATE(I10,TEXT(E10,"0000"))) -> 02304240183
A11: =IF(D11="","",VLOOKUP(D11,'Source CC List'!B:C,2,FALSE)) -> 0230424 | B11: =IF(E11="","",CONCATENATE(I11,TEXT(E11,"0000"))) -> 02304240184 | C11: 2026 | D11: 0230424 | E11: 0184 | F11: P | G11: 6 | H11: 119250.13 | I11: =IF(D11="","",VLOOKUP(D11,'Source CC List'!B:C,2,FALSE)) -> 0230424 | J11: =IF(D11="","",CONCATENATE(I11,TEXT(E11,"0000"))) -> 02304240184
A12: =IF(D12="","",VLOOKUP(D12,'Source CC List'!B:C,2,FALSE)) -> 0230523 | B12: =IF(E12="","",CONCATENATE(I12,TEXT(E12,"0000"))) -> 02305230283 | C12: 2026 | D12: 0230523 | E12: 0283 | F12: P | G12: 6 | H12: 54448.85 | I12: =IF(D12="","",VLOOKUP(D12,'Source CC List'!B:C,2,FALSE)) -> 0230523 | J12: =IF(D12="","",CONCATENATE(I12,TEXT(E12,"0000"))) -> 02305230283
A13: =IF(D13="","",VLOOKUP(D13,'Source CC List'!B:C,2,FALSE)) -> 0240125 | B13: =IF(E13="","",CONCATENATE(I13,TEXT(E13,"0000"))) -> 02401250180 | C13: 2026 | D13: 0240125 | E13: 0180 | F13: P | G13: 6 | H13: 12204401 | I13: =IF(D13="","",VLOOKUP(D13,'Source CC List'!B:C,2,FALSE)) -> 0240125 | J13: =IF(D13="","",CONCATENATE(I13,TEXT(E13,"0000"))) -> 02401250180
... A855: =IF(D855="","",VLOOKUP(D855,'Source CC List'!B:C,2,FALSE)) -> 9248665 | B855: =IF(E855="","",CONCATENATE(I855,TEXT(E855,"0000"))) -> 92486650287 | C855: 2026 | D855: 9248665 | E855: 0287 | F855: P | G855: 6 | H855: 3733289.5 | I855: =IF(D855="","",VLOOKUP(D855,'Source CC List'!B:C,2,FALSE)) -> 9248665 | J855: =IF(D855="","",CONCATENATE(I855,TEXT(E855,"0000"))) -> 92486650287
A856: =IF(D856="","",VLOOKUP(D856,'Source CC List'!B:C,2,FALSE)) | B856: =IF(E856="","",CONCATENATE(I856,TEXT(E856,"0000"))) | I856: =IF(D856="","",VLOOKUP(D856,'Source CC List'!B:C,2,FALSE)) | J856: =IF(D856="","",CONCATENATE(I856,TEXT(E856,"0000")))
A857: =IF(D857="","",VLOOKUP(D857,'Source CC List'!B:C,2,FALSE)) | B857: =IF(E857="","",CONCATENATE(I857,TEXT(E857,"0000"))) | I857: =IF(D857="","",VLOOKUP(D857,'Source CC List'!B:C,2,FALSE)) | J857: =IF(D857="","",CONCATENATE(I857,TEXT(E857,"0000")))
A858: =IF(D858="","",VLOOKUP(D858,'Source CC List'!B:C,2,FALSE)) | B858: =IF(E858="","",CONCATENATE(I858,TEXT(E858,"0000"))) | I858: =IF(D858="","",VLOOKUP(D858,'Source CC List'!B:C,2,FALSE)) | J858: =IF(D858="","",CONCATENATE(I858,TEXT(E858,"0000")))
A859: =IF(D859="","",VLOOKUP(D859,'Source CC List'!B:C,2,FALSE)) | B859: =IF(E859="","",CONCATENATE(I859,TEXT(E859,"0000"))) | I859: =IF(D859="","",VLOOKUP(D859,'Source CC List'!B:C,2,FALSE)) | J859: =IF(D859="","",CONCATENATE(I859,TEXT(E859,"0000")))
A860: =IF(D860="","",VLOOKUP(D860,'Source CC List'!B:C,2,FALSE)) | B860: =IF(E860="","",CONCATENATE(I860,TEXT(E860,"0000"))) | I860: =IF(D860="","",VLOOKUP(D860,'Source CC List'!B:C,2,FALSE)) | J860: =IF(D860="","",CONCATENATE(I860,TEXT(E860,"0000")))
A861: =IF(D861="","",VLOOKUP(D861,'Source CC List'!B:C,2,FALSE)) | B861: =IF(E861="","",CONCATENATE(I861,TEXT(E861,"0000"))) | I861: =IF(D861="","",VLOOKUP(D861,'Source CC List'!B:C,2,FALSE)) | J861: =IF(D861="","",CONCATENATE(I861,TEXT(E861,"0000")))
A862: =IF(D862="","",VLOOKUP(D862,'Source CC List'!B:C,2,FALSE)) | B862: =IF(E862="","",CONCATENATE(I862,TEXT(E862,"0000"))) | I862: =IF(D862="","",VLOOKUP(D862,'Source CC List'!B:C,2,FALSE)) | J862: =IF(D862="","",CONCATENATE(I862,TEXT(E862,"0000")))
A863: =IF(D863="","",VLOOKUP(D863,'Source CC List'!B:C,2,FALSE)) | B863: =IF(E863="","",CONCATENATE(I863,TEXT(E863,"0000"))) | I863: =IF(D863="","",VLOOKUP(D863,'Source CC List'!B:C,2,FALSE)) | J863: =IF(D863="","",CONCATENATE(I863,TEXT(E863,"0000")))
A864: =IF(D864="","",VLOOKUP(D864,'Source CC List'!B:C,2,FALSE)) | B864: =IF(E864="","",CONCATENATE(I864,TEXT(E864,"0000"))) | I864: =IF(D864="","",VLOOKUP(D864,'Source CC List'!B:C,2,FALSE)) | J864: =IF(D864="","",CONCATENATE(I864,TEXT(E864,"0000")))
A865: =IF(D865="","",VLOOKUP(D865,'Source CC List'!B:C,2,FALSE)) | B865: =IF(E865="","",CONCATENATE(I865,TEXT(E865,"0000"))) | I865: =IF(D865="","",VLOOKUP(D865,'Source CC List'!B:C,2,FALSE)) | J865: =IF(D865="","",CONCATENATE(I865,TEXT(E865,"0000")))
A866: =IF(D866="","",VLOOKUP(D866,'Source CC List'!B:C,2,FALSE)) | B866: =IF(E866="","",CONCATENATE(I866,TEXT(E866,"0000"))) | I866: =IF(D866="","",VLOOKUP(D866,'Source CC List'!B:C,2,FALSE)) | J866: =IF(D866="","",CONCATENATE(I866,TEXT(E866,"0000")))
A867: =IF(D867="","",VLOOKUP(D867,'Source CC List'!B:C,2,FALSE)) | B867: =IF(E867="","",CONCATENATE(I867,TEXT(E867,"0000"))) | I867: =IF(D867="","",VLOOKUP(D867,'Source CC List'!B:C,2,FALSE)) | J867: =IF(D867="","",CONCATENATE(I867,TEXT(E867,"0000")))
... A7210: =IF(D7210="","",VLOOKUP(D7210,'Source CC List'!B:C,2,FALSE)) | B7210: =IF(E7210="","",CONCATENATE(I7210,TEXT(E7210,"0000"))) | I7210: =IF(D7210="","",VLOOKUP(D7210,'Source CC List'!B:C,2,FALSE)) | J7210: =IF(D7210="","",CONCATENATE(I7210,TEXT(E7210,"0000")))

Sheet Source 2.0 DW (7.8.26)
A1: Unique Funds for Selected Unit | B1: Selected Unit | C1: Selected Unit | D1: Selected Unit/Fund ID | E1: Selected Unit/Fund? | F1: Year | G1: Unit ID | H1: Unit ID + Fund | I1: CountyCode | J1: UnitTypeCode | K1: UnitCode | L1: UnitName | M1: FundCode | N1: FundName | O1: BondId | P1: DebtName | Q1: PriorYearJan1Jun30 | R1: PriorYearJul1Dec31 | S1: BudgetYearJul1Dec31 | T1: FutureYearJan1Jun30 | U1: FutureYearJul1Dec31 | V1: ModifiedBy | W1: ModifiedDate | X1: 15% or 50% | Y1: Max Op Bal
A2: =IF(B2=1,COUNTIF($B$2:B2,1),"") | B2: =IF(C2=1,COUNTIF($H$2:H2,H2),"") | C2: =IF(G2=List!$P$1,1,0) -> 0 | D2: =IF(E2=1,COUNTIF($E$2:E2,1),"") | E2: =IF(H2=List!$P$2,1,"") | F2: 2027 | G2: 0140015 | H2: 01400150180 | I2: 01 | J2: 4 | K2: 0015 | L2: ADAMS CENTRAL COMMUNITY SCHOOL CORPORATION | M2: 0180 | N2: DEBT SERVICE | O2: 0 | P2: Interest on Temporary Loans | W2: 1 | X2: =IFERROR(IF(H2="","",IF(O2=0,0.15,IF(VLOOKUP(O2,'Source Post 14 Status (6.30.26)'!A:B,2,FALSE)=1,0.15,0.5))),0.5) -> 0.15 | Y2: =IF(H2="","",ROUND(MIN((T2+U2)*X2,T2),0)) -> 0
A3: =IF(B3=1,COUNTIF($B$2:B3,1),"") | B3: =IF(C3=1,COUNTIF($H$2:H3,H3),"") | C3: =IF(G3=List!$P$1,1,0) -> 0 | D3: =IF(E3=1,COUNTIF($E$2:E3,1),"") | E3: =IF(H3=List!$P$2,1,"") | F3: 2027 | G3: 0140015 | H3: 01400150180 | I3: 01 | J3: 4 | K3: 0015 | L3: ADAMS CENTRAL COMMUNITY SCHOOL CORPORATION | M3: 0180 | N3: DEBT SERVICE | O3: 26933 | P3: General Obligation Bond Series 2025 | Q3: 361603 | R3: 357000 | V3: cookd@accs.k12.in.us | W3: 46202.399 | X3: =IFERROR(IF(H3="","",IF(O3=0,0.15,IF(VLOOKUP(O3,'Source Post 14 Status (6.30.26)'!A:B,2,FALSE)=1,0.15,0.5))),0.5) -> 0.15 | Y3: =IF(H3="","",ROUND(MIN((T3+U3)*X3,T3),0)) -> 0
A4: =IF(B4=1,COUNTIF($B$2:B4,1),"") | B4: =IF(C4=1,COUNTIF($H$2:H4,H4),"") | C4: =IF(G4=List!$P$1,1,0) -> 0 | D4: =IF(E4=1,COUNTIF($E$2:E4,1),"") | E4: =IF(H4=List!$P$2,1,"") | F4: 2027 | G4: 0140015 | H4: 01400150180 | I4: 01 | J4: 4 | K4: 0015 | L4: ADAMS CENTRAL COMMUNITY SCHOOL CORPORATION | M4: 0180 | N4: DEBT SERVICE | O4: 12369 | P4: Series 2017 Adams Central Elem Schl Bldg Corp Ad Valorem Property Tax 1st Mortgage Bonds | Q4: 1056200 | R4: 1058700 | S4: 2117900 | T4: 1058325 | U4: 1058950 | V4: cookd@accs.k12.in.us | W4: 46202.404 | X4: =IFERROR(IF(H4="","",IF(O4=0,0.15,IF(VLOOKUP(O4,'Source Post 14 Status (6.30.26)'!A:B,2,FALSE)=1,0.15,0.5))),0.5) -> 0.15 | Y4: =IF(H4="","",ROUND(MIN((T4+U4)*X4,T4),0)) -> 317591
A5: =IF(B5=1,COUNTIF($B$2:B5,1),"") | B5: =IF(C5=1,COUNTIF($H$2:H5,H5),"") | C5: =IF(G5=List!$P$1,1,0) -> 0 | D5: =IF(E5=1,COUNTIF($E$2:E5,1),"") | E5: =IF(H5=List!$P$2,1,"") | F5: 2027 | G5: 0140015 | H5: 01400150180 | I5: 01 | J5: 4 | K5: 0015 | L5: ADAMS CENTRAL COMMUNITY SCHOOL CORPORATION | M5: 0180 | N5: DEBT SERVICE | O5: 0 | P5: Anticipated Debt Service | W5: 1 | X5: =IFERROR(IF(H5="","",IF(O5=0,0.15,IF(VLOOKUP(O5,'Source Post 14 Status (6.30.26)'!A:B,2,FALSE)=1,0.15,0.5))),0.5) -> 0.15 | Y5: =IF(H5="","",ROUND(MIN((T5+U5)*X5,T5),0)) -> 0
A6: =IF(B6=1,COUNTIF($B$2:B6,1),"") | B6: =IF(C6=1,COUNTIF($H$2:H6,H6),"") | C6: =IF(G6=List!$P$1,1,0) -> 0 | D6: =IF(E6=1,COUNTIF($E$2:E6,1),"") | E6: =IF(H6=List!$P$2,1,"") | F6: 2027 | G6: 0140015 | H6: 01400150180 | I6: 01 | J6: 4 | K6: 0015 | L6: ADAMS CENTRAL COMMUNITY SCHOOL CORPORATION | M6: 0180 | N6: DEBT SERVICE | O6: 21053 | P6: Adams Central Community School Corporation General Obligation Bonds of 2023 | Q6: 110250 | R6: 112875 | S6: 223250 | T6: 110250 | U6: 107625 | V6: cookd@accs.k12.in.us | W6: 46202.402 | X6: =IFERROR(IF(H6="","",IF(O6=0,0.15,IF(VLOOKUP(O6,'Source Post 14 Status (6.30.26)'!A:B,2,FALSE)=1,0.15,0.5))),0.5) -> 0.15 | Y6: =IF(H6="","",ROUND(MIN((T6+U6)*X6,T6),0)) -> 32681
A7: =IF(B7=1,COUNTIF($B$2:B7,1),"") | B7: =IF(C7=1,COUNTIF($H$2:H7,H7),"") | C7: =IF(G7=List!$P$1,1,0) -> 0 | D7: =IF(E7=1,COUNTIF($E$2:E7,1),"") | E7: =IF(H7=List!$P$2,1,"") | F7: 2027 | G7: 0140015 | H7: 01400150180 | I7: 01 | J7: 4 | K7: 0015 | L7: ADAMS CENTRAL COMMUNITY SCHOOL CORPORATION | M7: 0180 | N7: DEBT SERVICE | O7: 22408 | P7: Series 2024 Adams Central Schl Bldg Corp Ad Valorem Prop Tax 1st Mortgage Bonds | Q7: 195000 | R7: 195000 | S7: 390000 | T7: 195000 | U7: 195000 | V7: cookd@accs.k12.in.us | W7: 46202.414 | X7: =IFERROR(IF(H7="","",IF(O7=0,0.15,IF(VLOOKUP(O7,'Source Post 14 Status (6.30.26)'!A:B,2,FALSE)=1,0.15,0.5))),0.5) -> 0.15 | Y7: =IF(H7="","",ROUND(MIN((T7+U7)*X7,T7),0)) -> 58500
A8: =IF(B8=1,COUNTIF($B$2:B8,1),"") | B8: =IF(C8=1,COUNTIF($H$2:H8,H8),"") | C8: =IF(G8=List!$P$1,1,0) -> 0 | D8: =IF(E8=1,COUNTIF($E$2:E8,1),"") | E8: =IF(H8=List!$P$2,1,"") | F8: 2027 | G8: 0140025 | H8: 01400250180 | I8: 01 | J8: 4 | K8: 0025 | L8: NORTH ADAMS COMMUNITY SCHOOL CORPORATION | M8: 0180 | N8: DEBT SERVICE | O8: 22886 | P8: North Adams Community Schools General Obligation Bonds of 2024 | Q8: 146625 | R8: 149375 | S8: 298500 | T8: 149000 | U8: 151375 | V8: quinnb@nadams.k12.in.us | W8: 46199.381 | X8: =IFERROR(IF(H8="","",IF(O8=0,0.15,IF(VLOOKUP(O8,'Source Post 14 Status (6.30.26)'!A:B,2,FALSE)=1,0.15,0.5))),0.5) -> 0.15 | Y8: =IF(H8="","",ROUND(MIN((T8+U8)*X8,T8),0)) -> 45056
A9: =IF(B9=1,COUNTIF($B$2:B9,1),"") | B9: =IF(C9=1,COUNTIF($H$2:H9,H9),"") | C9: =IF(G9=List!$P$1,1,0) -> 0 | D9: =IF(E9=1,COUNTIF($E$2:E9,1),"") | E9: =IF(H9=List!$P$2,1,"") | F9: 2027 | G9: 0140025 | H9: 01400250180 | I9: 01 | J9: 4 | K9: 0025 | L9: NORTH ADAMS COMMUNITY SCHOOL CORPORATION | M9: 0180 | N9: DEBT SERVICE | O9: 0 | P9: Anticipated Debt Service | W9: 1 | X9: =IFERROR(IF(H9="","",IF(O9=0,0.15,IF(VLOOKUP(O9,'Source Post 14 Status (6.30.26)'!A:B,2,FALSE)=1,0.15,0.5))),0.5) -> 0.15 | Y9: =IF(H9="","",ROUND(MIN((T9+U9)*X9,T9),0)) -> 0
A10: =IF(B10=1,COUNTIF($B$2:B10,1),"") | B10: =IF(C10=1,COUNTIF($H$2:H10,H10),"") | C10: =IF(G10=List!$P$1,1,0) -> 0 | D10: =IF(E10=1,COUNTIF($E$2:E10,1),"") | E10: =IF(H10=List!$P$2,1,"") | F10: 2027 | G10: 0140025 | H10: 01400250180 | I10: 01 | J10: 4 | K10: 0025 | L10: NORTH ADAMS COMMUNITY SCHOOL CORPORATION | M10: 0180 | N10: DEBT SERVICE | O10: 11835 | P10: North Adams Community Schools RenovationBldgCorp AdValorem PropertyTaxFirstMortgage Bonds Series2017 | Q10: 179500 | R10: 179500 | S10: 359000 | T10: 179500 | U10: 179500 | V10: quinnb@nadams.k12.in.us | W10: 46199.383 | X10: =IFERROR(IF(H10="","",IF(O10=0,0.15,IF(VLOOKUP(O10,'Source Post 14 Status (6.30.26)'!A:B,2,FALSE)=1,0.15,0.5))),0.5) -> 0.15 | Y10: =IF(H10="","",ROUND(MIN((T10+U10)*X10,T10),0)) -> 53850
A11: =IF(B11=1,COUNTIF($B$2:B11,1),"") | B11: =IF(C11=1,COUNTIF($H$2:H11,H11),"") | C11: =IF(G11=List!$P$1,1,0) -> 0 | D11: =IF(E11=1,COUNTIF($E$2:E11,1),"") | E11: =IF(H11=List!$P$2,1,"") | F11: 2027 | G11: 0140025 | H11: 01400250180 | I11: 01 | J11: 4 | K11: 0025 | L11: NORTH ADAMS COMMUNITY SCHOOL CORPORATION | M11: 0180 | N11: DEBT SERVICE | O11: 20098 | P11: NORTH ADAMS COMMUNITY SCHOOLS GENERAL OBLIGATION BONDS-2022 | Q11: 124600 | R11: 123450 | S11: 250350 | T11: 126925 | U11: 125706 | V11: quinnb@nadams.k12.in.us | W11: 46199.382 | X11: =IFERROR(IF(H11="","",IF(O11=0,0.15,IF(VLOOKUP(O11,'Source Post 14 Status (6.30.26)'!A:B,2,FALSE)=1,0.15,0.5))),0.5) -> 0.15 | Y11: =IF(H11="","",ROUND(MIN((T11+U11)*X11,T11),0)) -> 37895
A12: =IF(B12=1,COUNTIF($B$2:B12,1),"") | B12: =IF(C12=1,COUNTIF($H$2:H12,H12),"") | C12: =IF(G12=List!$P$1,1,0) -> 0 | D12: =IF(E12=1,COUNTIF($E$2:E12,1),"") | E12: =IF(H12=List!$P$2,1,"") | F12: 2027 | G12: 0140025 | H12: 01400250180 | I12: 01 | J12: 4 | K12: 0025 | L12: NORTH ADAMS COMMUNITY SCHOOL CORPORATION | M12: 0180 | N12: DEBT SERVICE | O12: 0 | P12: Fees | Q12: 1500 | R12: 1500 | S12: 3000 | T12: 1500 | U12: 1500 | V12: quinnb@nadams.k12.in.us | W12: 46199.384 | X12: =IFERROR(IF(H12="","",IF(O12=0,0.15,IF(VLOOKUP(O12,'Source Post 14 Status (6.30.26)'!A:B,2,FALSE)=1,0.15,0.5))),0.5) -> 0.15 | Y12: =IF(H12="","",ROUND(MIN((T12+U12)*X12,T12),0)) -> 450
A13: =IF(B13=1,COUNTIF($B$2:B13,1),"") | B13: =IF(C13=1,COUNTIF($H$2:H13,H13),"") | C13: =IF(G13=List!$P$1,1,0) -> 0 | D13: =IF(E13=1,COUNTIF($E$2:E13,1),"") | E13: =IF(H13=List!$P$2,1,"") | F13: 2027 | G13: 0140025 | H13: 01400250180 | I13: 01 | J13: 4 | K13: 0025 | L13: NORTH ADAMS COMMUNITY SCHOOL CORPORATION | M13: 0180 | N13: DEBT SERVICE | O13: 12236 | P13: North Adams Community Schools RenovationBldgCorp AdValoremPropertyTaxFirstMortgageBonds Series2018 | Q13: 1220500 | R13: 1220500 | S13: 2441000 | T13: 1220500 | U13: 1220500 | V13: quinnb@nadams.k12.in.us | W13: 46199.383 | X13: =IFERROR(IF(H13="","",IF(O13=0,0.15,IF(VLOOKUP(O13,'Source Post 14 Status (6.30.26)'!A:B,2,FALSE)=1,0.15,0.5))),0.5) -> 0.15 | Y13: =IF(H13="","",ROUND(MIN((T13+U13)*X13,T13),0)) -> 366150
A14: =IF(B14=1,COUNTIF($B$2:B14,1),"") | B14: =IF(C14=1,COUNTIF($H$2:H14,H14),"") | C14: =IF(G14=List!$P$1,1,0) -> 0 | D14: =IF(E14=1,COUNTIF($E$2:E14,1),"") | E14: =IF(H14=List!$P$2,1,"") | F14: 2027 | G14: 0140025 | H14: 01400250180 | I14: 01 | J14: 4 | K14: 0025 | L14: NORTH ADAMS COMMUNITY SCHOOL CORPORATION | M14: 0180 | N14: DEBT SERVICE | O14: 24659 | P14: North Adams Community Schools Renovation Bldg Corp Ad Valorem Bonds, Series 2025 | Q14: 250500 | R14: 250500 | S14: 500000 | T14: 124500 | U14: 124500 | V14: quinnb@nadams.k12.in.us | W14: 46199.382 | X14: =IFERROR(IF(H14="","",IF(O14=0,0.15,IF(VLOOKUP(O14,'Source Post 14 Status (6.30.26)'!A:B,2,FALSE)=1,0.15,0.5))),0.5) -> 0.15 | Y14: =IF(H14="","",ROUND(MIN((T14+U14)*X14,T14),0)) -> 37350
A15: =IF(B15=1,COUNTIF($B$2:B15,1),"") | B15: =IF(C15=1,COUNTIF($H$2:H15,H15),"") | C15: =IF(G15=List!$P$1,1,0) -> 0 | D15: =IF(E15=1,COUNTIF($E$2:E15,1),"") | E15: =IF(H15=List!$P$2,1,"") | F15: 2027 | G15: 0140025 | H15: 01400250180 | I15: 01 | J15: 4 | K15: 0025 | L15: NORTH ADAMS COMMUNITY SCHOOL CORPORATION | M15: 0180 | N15: DEBT SERVICE | O15: 20842 | P15: North Adams Com Schools Reno Bldg. Corp. Ad Valorem Property Tax First Mortgage Bonds, Series 2023 | Q15: 201000 | R15: 201000 | S15: 401000 | T15: 185000 | U15: 185000 | V15: quinnb@nadams.k12.in.us | W15: 46199.381 | X15: =IFERROR(IF(H15="","",IF(O15=0,0.15,IF(VLOOKUP(O15,'Source Post 14 Status (6.30.26)'!A:B,2,FALSE)=1,0.15,0.5))),0.5) -> 0.15 | Y15: =IF(H15="","",ROUND(MIN((T15+U15)*X15,T15),0)) -> 55500
A16: =IF(B16=1,COUNTIF($B$2:B16,1),"") | B16: =IF(C16=1,COUNTIF($H$2:H16,H16),"") | C16: =IF(G16=List!$P$1,1,0) -> 0 | D16: =IF(E16=1,COUNTIF($E$2:E16,1),"") | E16: =IF(H16=List!$P$2,1,"") | F16: 2027 | G16: 0140035 | H16: 01400350180 | I16: 01 | J16: 4 | K16: 0035 | L16: SOUTH ADAMS SCHOOL CORPORATION | M16: 0180 | N16: DEBT SERVICE | O16: 10805 | P16: Ad Valorem Property Tax First Mortgage Refunding and Improvement Bonds, Series 2016 | Q16: 827500 | R16: 827500 | S16: 1660000 | T16: 829000 | U16: 829000 | V16: brash@southadams.k12.in.us | W16: 46202.377 | X16: =IFERROR(IF(H16="","",IF(O16=0,0.15,IF(VLOOKUP(O16,'Source Post 14 Status (6.30.26)'!A:B,2,FALSE)=1,0.15,0.5))),0.5) -> 0.5 | Y16: =IF(H16="","",ROUND(MIN((T16+U16)*X16,T16),0)) -> 829000
A17: =IF(B17=1,COUNTIF($B$2:B17,1),"") | B17: =IF(C17=1,COUNTIF($H$2:H17,H17),"") | C17: =IF(G17=List!$P$1,1,0) -> 0 | D17: =IF(E17=1,COUNTIF($E$2:E17,1),"") | E17: =IF(H17=List!$P$2,1,"") | F17: 2027 | G17: 0140035 | H17: 01400350180 | I17: 01 | J17: 4 | K17: 0035 | L17: SOUTH ADAMS SCHOOL CORPORATION | M17: 0180 | N17: DEBT SERVICE | O17: 0 | P17: Anticipated Debt Service | W17: 1 | X17: =IFERROR(IF(H17="","",IF(O17=0,0.15,IF(VLOOKUP(O17,'Source Post 14 Status (6.30.26)'!A:B,2,FALSE)=1,0.15,0.5))),0.5) -> 0.15 | Y17: =IF(H17="","",ROUND(MIN((T17+U17)*X17,T17),0)) -> 0
A18: =IF(B18=1,COUNTIF($B$2:B18,1),"") | B18: =IF(C18=1,COUNTIF($H$2:H18,H18),"") | C18: =IF(G18=List!$P$1,1,0) -> 0 | D18: =IF(E18=1,COUNTIF($E$2:E18,1),"") | E18: =IF(H18=List!$P$2,1,"") | F18: 2027 | G18: 0140035 | H18: 01400350180 | I18: 01 | J18: 4 | K18: 0035 | L18: SOUTH ADAMS SCHOOL CORPORATION | M18: 0180 | N18: DEBT SERVICE | O18: 19850 | P18: Ad Valorem Property Tax First Mortgage Bonds, Series 2022 | Q18: 268000 | R18: 268000 | S18: 534000 | T18: 268000 | U18: 268000 | V18: brash@southadams.k12.in.us | W18: 46202.375 | X18: =IFERROR(IF(H18="","",IF(O18=0,0.15,IF(VLOOKUP(O18,'Source Post 14 Status (6.30.26)'!A:B,2,FALSE)=1,0.15,0.5))),0.5) -> 0.15 | Y18: =IF(H18="","",ROUND(MIN((T18+U18)*X18,T18),0)) -> 80400
A19: =IF(B19=1,COUNTIF($B$2:B19,1),"") | B19: =IF(C19=1,COUNTIF($H$2:H19,H19),"") | C19: =IF(G19=List!$P$1,1,0) -> 0 | D19: =IF(E19=1,COUNTIF($E$2:E19,1),"") | E19: =IF(H19=List!$P$2,1,"") | F19: 2027 | G19: 0140035 | H19: 01400350180 | I19: 01 | J19: 4 | K19: 0035 | L19: SOUTH ADAMS SCHOOL CORPORATION | M19: 0180 | N19: DEBT SERVICE | O19: 20596 | P19: General Obligation Bonds of 2023 | Q19: 28113 | R19: 27362 | S19: 55475 | T19: 28113 | U19: 27362 | V19: brash@southadams.k12.in.us | W19: 46202.377 | X19: =IFERROR(IF(H19="","",IF(O19=0,0.15,IF(VLOOKUP(O19,'Source Post 14 Status (6.30.26)'!A:B,2,FALSE)=1,0.15,0.5))),0.5) -> 0.15 | Y19: =IF(H19="","",ROUND(MIN((T19+U19)*X19,T19),0)) -> 8321
A20: =IF(B20=1,COUNTIF($B$2:B20,1),"") | B20: =IF(C20=1,COUNTIF($H$2:H20,H20),"") | C20: =IF(G20=List!$P$1,1,0) -> 0 | D20: =IF(E20=1,COUNTIF($E$2:E20,1),"") | E20: =IF(H20=List!$P$2,1,"") | F20: 2027 | G20: 0140035 | H20: 01400350180 | I20: 01 | J20: 4 | K20: 0035 | L20: SOUTH ADAMS SCHOOL CORPORATION | M20: 0180 | N20: DEBT SERVICE | O20: 0 | P20: Fees | W20: 1 | X20: =IFERROR(IF(H20="","",IF(O20=0,0.15,IF(VLOOKUP(O20,'Source Post 14 Status (6.30.26)'!A:B,2,FALSE)=1,0.15,0.5))),0.5) -> 0.15 | Y20: =IF(H20="","",ROUND(MIN((T20+U20)*X20,T20),0)) -> 0
A21: =IF(B21=1,COUNTIF($B$2:B21,1),"") | B21: =IF(C21=1,COUNTIF($H$2:H21,H21),"") | C21: =IF(G21=List!$P$1,1,0) -> 0 | D21: =IF(E21=1,COUNTIF($E$2:E21,1),"") | E21: =IF(H21=List!$P$2,1,"") | F21: 2027 | G21: 0140035 | H21: 01400350180 | I21: 01 | J21: 4 | K21: 0035 | L21: SOUTH ADAMS SCHOOL CORPORATION | M21: 0180 | N21: DEBT SERVICE | O21: 24408 | P21: General Obligation Bonds of 2025 | Q21: 113734 | R21: 53400 | S21: 107800 | T21: 54400 | U21: 53400 | V21: brash@southadams.k12.in.us | W21: 46202.378 | X21: =IFERROR(IF(H21="","",IF(O21=0,0.15,IF(VLOOKUP(O21,'Source Post 14 Status (6.30.26)'!A:B,2,FALSE)=1,0.15,0.5))),0.5) -> 0.15 | Y21: =IF(H21="","",ROUND(MIN((T21+U21)*X21,T21),0)) -> 16170
A22: =IF(B22=1,COUNTIF($B$2:B22,1),"") | B22: =IF(C22=1,COUNTIF($H$2:H22,H22),"") | C22: =IF(G22=List!$P$1,1,0) -> 0 | D22: =IF(E22=1,COUNTIF($E$2:E22,1),"") | E22: =IF(H22=List!$P$2,1,"") | F22: 2027 | G22: 0220012 | H22: 02200121181 | I22: 02 | J22: 2 | K22: 0012 | L22: MILAN TOWNSHIP | M22: 1181 | N22: FIRE BUILDING DEBT | O22: 8914 | P22: Milan Township Fire Station | Q22: 60738 | R22: 60738 | S22: 121476 | T22: 60738 | U22: 60738 | V22: indianapoorboy@gmail.com | W22: 46203.826 | X22: =IFERROR(IF(H22="","",IF(O22=0,0.15,IF(VLOOKUP(O22,'Source Post 14 Status (6.30.26)'!A:B,2,FALSE)=1,0.15,0.5))),0.5) -> 0.15 | Y22: =IF(H22="","",ROUND(MIN((T22+U22)*X22,T22),0)) -> 18221
A23: =IF(B23=1,COUNTIF($B$2:B23,1),"") | B23: =IF(C23=1,COUNTIF($H$2:H23,H23),"") | C23: =IF(G23=List!$P$1,1,0) -> 0 | D23: =IF(E23=1,COUNTIF($E$2:E23,1),"") | E23: =IF(H23=List!$P$2,1,"") | F23: 2027 | G23: 0220019 | H23: 02200190180 | I23: 02 | J23: 2 | K23: 0019 | L23: WASHINGTON TOWNSHIP | M23: 0180 | N23: DEBT SERVICE | O23: 22104 | P23: TOWNSHIP ASSISTANCE LOAN (Retired in Debt Management) | W23: 1 | X23: =IFERROR(IF(H23="","",IF(O23=0,0.15,IF(VLOOKUP(O23,'Source Post 14 Status (6.30.26)'!A:B,2,FALSE)=1,0.15,0.5))),0.5) -> 0.15 | Y23: =IF(H23="","",ROUND(MIN((T23+U23)*X23,T23),0)) -> 0
A24: =IF(B24=1,COUNTIF($B$2:B24,1),"") | B24: =IF(C24=1,COUNTIF($H$2:H24,H24),"") | C24: =IF(G24=List!$P$1,1,0) -> 0 | D24: =IF(E24=1,COUNTIF($E$2:E24,1),"") | E24: =IF(H24=List!$P$2,1,"") | F24: 2027 | G24: 0230424 | H24: 02304240180 | I24: 02 | J24: 3 | K24: 0424 | L24: NEW HAVEN CIVIL CITY | M24: 0180 | N24: DEBT SERVICE | O24: 0 | P24: Anticipated Debt Service | W24: 1 | X24: =IFERROR(IF(H24="","",IF(O24=0,0.15,IF(VLOOKUP(O24,'Source Post 14 Status (6.30.26)'!A:B,2,FALSE)=1,0.15,0.5))),0.5) -> 0.15 | Y24: =IF(H24="","",ROUND(MIN((T24+U24)*X24,T24),0)) -> 0
A25: =IF(B25=1,COUNTIF($B$2:B25,1),"") | B25: =IF(C25=1,COUNTIF($H$2:H25,H25),"") | C25: =IF(G25=List!$P$1,1,0) -> 0 | D25: =IF(E25=1,COUNTIF($E$2:E25,1),"") | E25: =IF(H25=List!$P$2,1,"") | F25: 2027 | G25: 0230424 | H25: 02304240180 | I25: 02 | J25: 3 | K25: 0424 | L25: NEW HAVEN CIVIL CITY | M25: 0180 | N25: DEBT SERVICE | O25: 25863 | P25: City of New Haven, General Obligation Bonds, Series 2025 | W25: 1 | X25: =IFERROR(IF(H25="","",IF(O25=0,0.15,IF(VLOOKUP(O25,'Source Post 14 Status (6.30.26)'!A:B,2,FALSE)=1,0.15,0.5))),0.5) -> 0.15 | Y25: =IF(H25="","",ROUND(MIN((T25+U25)*X25,T25),0)) -> 0
A26: =IF(B26=1,COUNTIF($B$2:B26,1),"") | B26: =IF(C26=1,COUNTIF($H$2:H26,H26),"") | C26: =IF(G26=List!$P$1,1,0) -> 0 | D26: =IF(E26=1,COUNTIF($E$2:E26,1),"") | E26: =IF(H26=List!$P$2,1,"") | F26: 2027 | G26: 0230424 | H26: 02304240184 | I26: 02 | J26: 3 | K26: 0424 | L26: NEW HAVEN CIVIL CITY | M26: 0184 | N26: BOND #4 | O26: 23014 | P26: New Haven Park District Bonds of 2024 | W26: 1 | X26: =IFERROR(IF(H26="","",IF(O26=0,0.15,IF(VLOOKUP(O26,'Source Post 14 Status (6.30.26)'!A:B,2,FALSE)=1,0.15,0.5))),0.5) -> 0.15 | Y26: =IF(H26="","",ROUND(MIN((T26+U26)*X26,T26),0)) -> 0
A27: =IF(B27=1,COUNTIF($B$2:B27,1),"") | B27: =IF(C27=1,COUNTIF($H$2:H27,H27),"") | C27: =IF(G27=List!$P$1,1,0) -> 0 | D27: =IF(E27=1,COUNTIF($E$2:E27,1),"") | E27: =IF(H27=List!$P$2,1,"") | F27: 2027 | G27: 0230424 | H27: 02304240183 | I27: 02 | J27: 3 | K27: 0424 | L27: NEW HAVEN CIVIL CITY | M27: 0183 | N27: BOND #3 | O27: 16009 | P27: City of New Haven, Indiana General Obligation Bonds, Series 2019 | W27: 1 | X27: =IFERROR(IF(H27="","",IF(O27=0,0.15,IF(VLOOKUP(O27,'Source Post 14 Status (6.30.26)'!A:B,2,FALSE)=1,0.15,0.5))),0.5) -> 0.15 | Y27: =IF(H27="","",ROUND(MIN((T27+U27)*X27,T27),0)) -> 0
A28: =IF(B28=1,COUNTIF($B$2:B28,1),"") | B28: =IF(C28=1,COUNTIF($H$2:H28,H28),"") | C28: =IF(G28=List!$P$1,1,0) -> 0 | D28: =IF(E28=1,COUNTIF($E$2:E28,1),"") | E28: =IF(H28=List!$P$2,1,"") | F28: 2027 | G28: 0230424 | H28: 02304240283 | I28: 02 | J28: 3 | K28: 0424 | L28: NEW HAVEN CIVIL CITY | M28: 0283 | N28: LEASE RENTAL PAYMENT | O28: 20554 | P28: City of New Haven Building Corp. Lease Rental Bonds, Series 2023 | W28: 1 | X28: =IFERROR(IF(H28="","",IF(O28=0,0.15,IF(VLOOKUP(O28,'Source Post 14 Status (6.30.26)'!A:B,2,FALSE)=1,0.15,0.5))),0.5) -> 0.15 | Y28: =IF(H28="","",ROUND(MIN((T28+U28)*X28,T28),0)) -> 0
A29: =IF(B29=1,COUNTIF($B$2:B29,1),"") | B29: =IF(C29=1,COUNTIF($H$2:H29,H29),"") | C29: =IF(G29=List!$P$1,1,0) -> 0 | D29: =IF(E29=1,COUNTIF($E$2:E29,1),"") | E29: =IF(H29=List!$P$2,1,"") | F29: 2027 | G29: 0230424 | H29: 02304241380 | I29: 02 | J29: 3 | K29: 0424 | L29: NEW HAVEN CIVIL CITY | M29: 1380 | N29: PARK BOND | O29: 11889 | P29: New Haven-Adams Township Park Facilities Corporation First Mortgage Refunding Bonds, Series 2017 | W29: 1 | X29: =IFERROR(IF(H29="","",IF(O29=0,0.15,IF(VLOOKUP(O29,'Source Post 14 Status (6.30.26)'!A:B,2,FALSE)=1,0.15,0.5))),0.5) -> 0.5 | Y29: =IF(H29="","",ROUND(MIN((T29+U29)*X29,T29),0)) -> 0
A30: =IF(B30=1,COUNTIF($B$2:B30,1),"") | B30: =IF(C30=1,COUNTIF($H$2:H30,H30),"") | C30: =IF(G30=List!$P$1,1,0) -> 0 | D30: =IF(E30=1,COUNTIF($E$2:E30,1),"") | E30: =IF(H30=List!$P$2,1,"") | F30: 2027 | G30: 0230424 | H30: 02304241381 | I30: 02 | J30: 3 | K30: 0424 | L30: NEW HAVEN CIVIL CITY | M30: 1381 | N30: PARK BOND #2 | O30: 9664 | P30: New Haven Park District Bonds of 2015 | W30: 1 | X30: =IFERROR(IF(H30="","",IF(O30=0,0.15,IF(VLOOKUP(O30,'Source Post 14 Status (6.30.26)'!A:B,2,FALSE)=1,0.15,0.5))),0.5) -> 0.15 | Y30: =IF(H30="","",ROUND(MIN((T30+U30)*X30,T30),0)) -> 0
A31: =IF(B31=1,COUNTIF($B$2:B31,1),"") | B31: =IF(C31=1,COUNTIF($H$2:H31,H31),"") | C31: =IF(G31=List!$P$1,1,0) -> 0 | D31: =IF(E31=1,COUNTIF($E$2:E31,1),"") | E31: =IF(H31=List!$P$2,1,"") | F31: 2027 | G31: 0230523 | H31: 02305230283 | I31: 02 | J31: 3 | K31: 0523 | L31: HUNTERTOWN CIVIL TOWN | M31: 0283 | N31: LEASE RENTAL PAYMENT | O31: 12229 | P31: Town Hall Renovation (refinanced) | Q31: 55446 | R31: 108834 | S31: 106089 | T31: 57015 | U31: 56253 | V31: ryan.schwab@huntertown.in.gov | W31: 46202.552 | X31: =IFERROR(IF(H31="","",IF(O31=0,0.15,IF(VLOOKUP(O31,'Source Post 14 Status (6.30.26)'!A:B,2,FALSE)=1,0.15,0.5))),0.5) -> 0.5 | Y31: =IF(H31="","",ROUND(MIN((T31+U31)*X31,T31),0)) -> 56634
A32: =IF(B32=1,COUNTIF($B$2:B32,1),"") | B32: =IF(C32=1,COUNTIF($H$2:H32,H32),"") | C32: =IF(G32=List!$P$1,1,0) -> 0 | D32: =IF(E32=1,COUNTIF($E$2:E32,1),"") | E32: =IF(H32=List!$P$2,1,"") | F32: 2027 | G32: 0230523 | H32: 02305230283 | I32: 02 | J32: 3 | K32: 0523 | L32: HUNTERTOWN CIVIL TOWN | M32: 0283 | N32: LEASE RENTAL PAYMENT | O32: 0 | P32: Fees | Q32: 0 | R32: 0 | S32: 0 | T32: 0 | U32: 0 | V32: ryan.schwab@huntertown.in.gov | W32: 46202.552 | X32: =IFERROR(IF(H32="","",IF(O32=0,0.15,IF(VLOOKUP(O32,'Source Post 14 Status (6.30.26)'!A:B,2,FALSE)=1,0.15,0.5))),0.5) -> 0.15 | Y32: =IF(H32="","",ROUND(MIN((T32+U32)*X32,T32),0)) -> 0
A33: =IF(B33=1,COUNTIF($B$2:B33,1),"") | B33: =IF(C33=1,COUNTIF($H$2:H33,H33),"") | C33: =IF(G33=List!$P$1,1,0) -> 0 | D33: =IF(E33=1,COUNTIF($E$2:E33,1),"") | E33: =IF(H33=List!$P$2,1,"") | F33: 2027 | G33: 0240125 | H33: 02401250180 | I33: 02 | J33: 4 | K33: 0125 | L33: M.S.D. SW ALLEN COUNTY SCHOOL CORPORATION | M33: 0180 | N33: DEBT SERVICE | O33: 0 | P33: Anticipated Debt Service | Q33: 0 | R33: 0 | S33: 4000000 | T33: 2000000 | U33: 2000000 | V33: rlibby@sacs.k12.in.us | W33: 46203.357 | X33: =IFERROR(IF(H33="","",IF(O33=0,0.15,IF(VLOOKUP(O33,'Source Post 14 Status (6.30.26)'!A:B,2,FALSE)=1,0.15,0.5))),0.5) -> 0.15 | Y33: =IF(H33="","",ROUND(MIN((T33+U33)*X33,T33),0)) -> 600000
A34: =IF(B34=1,COUNTIF($B$2:B34,1),"") | B34: =IF(C34=1,COUNTIF($H$2:H34,H34),"") | C34: =IF(G34=List!$P$1,1,0) -> 0 | D34: =IF(E34=1,COUNTIF($E$2:E34,1),"") | E34: =IF(H34=List!$P$2,1,"") | F34: 2027 | G34: 0240125 | H34: 02401250180 | I34: 02 | J34: 4 | K34: 0125 | L34: M.S.D. SW ALLEN COUNTY SCHOOL CORPORATION | M34: 0180 | N34: DEBT SERVICE | O34: 0 | P34: Fees | Q34: 1500 | R34: 6000 | S34: 7500 | T34: 5250 | U34: 2250 | V34: rlibby@sacs.k12.in.us | W34: 46203.718 | X34: =IFERROR(IF(H34="","",IF(O34=0,0.15,IF(VLOOKUP(O34,'Source Post 14 Status (6.30.26)'!A:B,2,FALSE)=1,0.15,0.5))),0.5) -> 0.15 | Y34: =IF(H34="","",ROUND(MIN((T34+U34)*X34,T34),0)) -> 1125
A35: =IF(B35=1,COUNTIF($B$2:B35,1),"") | B35: =IF(C35=1,COUNTIF($H$2:H35,H35),"") | C35: =IF(G35=List!$P$1,1,0) -> 0 | D35: =IF(E35=1,COUNTIF($E$2:E35,1),"") | E35: =IF(H35=List!$P$2,1,"") | F35: 2027 | G35: 0240125 | H35: 02401250180 | I35: 02 | J35: 4 | K35: 0125 | L35: M.S.D. SW ALLEN COUNTY SCHOOL CORPORATION | M35: 0180 | N35: DEBT SERVICE | O35: 16739 | P35: Southwest Allen Multi School Bldg. Corp., Ad Valorem Property Tax First Mortgage Bonds, Series 2020 | Q35: 5997000 | R35: 5997000 | S35: 11996000 | T35: 5998000 | U35: 5998000 | V35: rlibby@sacs.k12.in.us | W35: 46203.343 | X35: =IFERROR(IF(H35="","",IF(O35=0,0.15,IF(VLOOKUP(O35,'Source Post 14 Status (6.30.26)'!A:B,2,FALSE)=1,0.15,0.5))),0.5) -> 0.15 | Y35: =IF(H35="","",ROUND(MIN((T35+U35)*X35,T35),0)) -> 1799400
A36: =IF(B36=1,COUNTIF($B$2:B36,1),"") | B36: =IF(C36=1,COUNTIF($H$2:H36,H36),"") | C36: =IF(G36=List!$P$1,1,0) -> 0 | D36: =IF(E36=1,COUNTIF($E$2:E36,1),"") | E36: =IF(H36=List!$P$2,1,"") | F36: 2027 | G36: 0240125 | H36: 02401250180 | I36: 02 | J36: 4 | K36: 0125 | L36: M.S.D. SW ALLEN COUNTY SCHOOL CORPORATION | M36: 0180 | N36: DEBT SERVICE | O36: 22414 | P36: MSD of Southwest Allen County, Taxable General Obligation Bonds, Series 2024B | Q36: 881114 | R36: 878466 | S36: 1760132 | T36: 880675 | U36: 881433 | V36: rlibby@sacs.k12.in.us | W36: 46203.342 | X36: =IFERROR(IF(H36="","",IF(O36=0,0.15,IF(VLOOKUP(O36,'Source Post 14 Status (6.30.26)'!A:B,2,FALSE)=1,0.15,0.5))),0.5) -> 0.15 | Y36: =IF(H36="","",ROUND(MIN((T36+U36)*X36,T36),0)) -> 264316
A37: =IF(B37=1,COUNTIF($B$2:B37,1),"") | B37: =IF(C37=1,COUNTIF($H$2:H37,H37),"") | C37: =IF(G37=List!$P$1,1,0) -> 0 | D37: =IF(E37=1,COUNTIF($E$2:E37,1),"") | E37: =IF(H37=List!$P$2,1,"") | F37: 2027 | G37: 0240125 | H37: 02401250180 | I37: 02 | J37: 4 | K37: 0125 | L37: M.S.D. SW ALLEN COUNTY SCHOOL CORPORATION | M37: 0180 | N37: DEBT SERVICE | O37: 25788 | P37: Southwest Allen Multi-School Building Corporation Ad Valorem Property Tax First Mortgage Bonds, 2025 | Q37: 1550500 | R37: 1550500 | S37: 1166000 | T37: 583000 | U37: 583000 | V37: rlibby@sacs.k12.in.us | W37: 46203.343 | X37: =IFERROR(IF(H37="","",IF(O37=0,0.15,IF(VLOOKUP(O37,'Source Post 14 Status (6.30.26)'!A:B,2,FALSE)=1,0.15,0.5))),0.5) -> 0.15 | Y37: =IF(H37="","",ROUND(MIN((T37+U37)*X37,T37),0)) -> 174900
A38: =IF(B38=1,COUNTIF($B$2:B38,1),"") | B38: =IF(C38=1,COUNTIF($H$2:H38,H38),"") | C38: =IF(G38=List!$P$1,1,0) -> 0 | D38: =IF(E38=1,COUNTIF($E$2:E38,1),"") | E38: =IF(H38=List!$P$2,1,"") | F38: 2027 | G38: 0240125 | H38: 02401250180 | I38: 02 | J38: 4 | K38: 0125 | L38: M.S.D. SW ALLEN COUNTY SCHOOL CORPORATION | M38: 0180 | N38: DEBT SERVICE | O38: 14678 | P38: AD VALOREM PROPERTY TAX FIRST MORTGAGE BONDS, SERIES 2018 | Q38: 229000 | R38: 229000 | S38: 462000 | T38: 230500 | U38: 230500 | V38: rlibby@sacs.k12.in.us | W38: 46203.341 | X38: =IFERROR(IF(H38="","",IF(O38=0,0.15,IF(VLOOKUP(O38,'Source Post 14 Status (6.30.26)'!A:B,2,FALSE)=1,0.15,0.5))),0.5) -> 0.15 | Y38: =IF(H38="","",ROUND(MIN((T38+U38)*X38,T38),0)) -> 69150
A39: =IF(B39=1,COUNTIF($B$2:B39,1),"") | B39: =IF(C39=1,COUNTIF($H$2:H39,H39),"") | C39: =IF(G39=List!$P$1,1,0) -> 0 | D39: =IF(E39=1,COUNTIF($E$2:E39,1),"") | E39: =IF(H39=List!$P$2,1,"") | F39: 2027 | G39: 0240125 | H39: 02401250180 | I39: 02 | J39: 4 | K39: 0125 | L39: M.S.D. SW ALLEN COUNTY SCHOOL CORPORATION | M39: 0180 | N39: DEBT SERVICE | O39: 23045 | P39: 2024 GO Bond | Q39: 1546625 | R39: 1548750 | S39: 3695375 | T39: 2147500 | U39: 2146250 | V39: rlibby@sacs.k12.in.us | W39: 46203.341 | X39: =IFERROR(IF(H39="","",IF(O39=0,0.15,IF(VLOOKUP(O39,'Source Post 14 Status (6.30.26)'!A:B,2,FALSE)=1,0.15,0.5))),0.5) -> 0.15 | Y39: =IF(H39="","",ROUND(MIN((T39+U39)*X39,T39),0)) -> 644063
A40: =IF(B40=1,COUNTIF($B$2:B40,1),"") | B40: =IF(C40=1,COUNTIF($H$2:H40,H40),"") | C40: =IF(G40=List!$P$1,1,0) -> 0 | D40: =IF(E40=1,COUNTIF($E$2:E40,1),"") | E40: =IF(H40=List!$P$2,1,"") | F40: 2027 | G40: 0240125 | H40: 02401250180 | I40: 02 | J40: 4 | K40: 0125 | L40: M.S.D. SW ALLEN COUNTY SCHOOL CORPORATION | M40: 0180 | N40: DEBT SERVICE | O40: 22413 | P40: MSD of Southwest Allen County, Taxable General Obligation Bonds, Series 2024A | Q40: 881114 | R40: 878466 | S40: 1760132 | T40: 880675 | U40: 881433 | V40: rlibby@sacs.k12.in.us | W40: 46203.342 | X40: =IFERROR(IF(H40="","",IF(O40=0,0.15,IF(VLOOKUP(O40,'Source Post 14 Status (6.30.26)'!A:B,2,FALSE)=1,0.15,0.5))),0.5) -> 0.15 | Y40: =IF(H40="","",ROUND(MIN((T40+U40)*X40,T40),0)) -> 264316
A41: =IF(B41=1,COUNTIF($B$2:B41,1),"") | B41: =IF(C41=1,COUNTIF($H$2:H41,H41),"") | C41: =IF(G41=List!$P$1,1,0) -> 0 | D41: =IF(E41=1,COUNTIF($E$2:E41,1),"") | E41: =IF(H41=List!$P$2,1,"") | F41: 2027 | G41: 0240125 | H41: 02401250180 | I41: 02 | J41: 4 | K41: 0125 | L41: M.S.D. SW ALLEN COUNTY SCHOOL CORPORATION | M41: 0180 | N41: DEBT SERVICE | O41: 22412 | P41: Ad Valorem Property Tax First Mortgage Bonds, Series 2024 | Q41: 400500 | R41: 400500 | S41: 795000 | T41: 399500 | U41: 399500 | V41: rlibby@sacs.k12.in.us | W41: 46203.342 | X41: =IFERROR(IF(H41="","",IF(O41=0,0.15,IF(VLOOKUP(O41,'Source Post 14 Status (6.30.26)'!A:B,2,FALSE)=1,0.15,0.5))),0.5) -> 0.15 | Y41: =IF(H41="","",ROUND(MIN((T41+U41)*X41,T41),0)) -> 119850
A42: =IF(B42=1,COUNTIF($B$2:B42,1),"") | B42: =IF(C42=1,COUNTIF($H$2:H42,H42),"") | C42: =IF(G42=List!$P$1,1,0) -> 0 | D42: =IF(E42=1,COUNTIF($E$2:E42,1),"") | E42: =IF(H42=List!$P$2,1,"") | F42: 2027 | G42: 0240225 | H42: 02402250180 | I42: 02 | J42: 4 | K42: 0225 | L42: NORTHWEST ALLEN COUNTY SCHOOL CORPORATION | M42: 0180 | N42: DEBT SERVICE | O42: 20917 | P42: General Obligation Bonds of 2023 | Q42: 1486125 | R42: 1485625 | S42: 2966750 | T42: 1484625 | U42: 1486000 | V42: brandon.basham@nacs.k12.in.us | W42: 46192.553 | X42: =IFERROR(IF(H42="","",IF(O42=0,0.15,IF(VLOOKUP(O42,'Source Post 14 Status (6.30.26)'!A:B,2,FALSE)=1,0.15,0.5))),0.5) -> 0.15 | Y42: =IF(H42="","",ROUND(MIN((T42+U42)*X42,T42),0)) -> 445594
A43: =IF(B43=1,COUNTIF($B$2:B43,1),"") | B43: =IF(C43=1,COUNTIF($H$2:H43,H43),"") | C43: =IF(G43=List!$P$1,1,0) -> 0 | D43: =IF(E43=1,COUNTIF($E$2:E43,1),"") | E43: =IF(H43=List!$P$2,1,"") | F43: 2027 | G43: 0240225 | H43: 02402250180 | I43: 02 | J43: 4 | K43: 0225 | L43: NORTHWEST ALLEN COUNTY SCHOOL CORPORATION | M43: 0180 | N43: DEBT SERVICE | O43: 0 | P43: Anticipated Debt Service | W43: 1 | X43: =IFERROR(IF(H43="","",IF(O43=0,0.15,IF(VLOOKUP(O43,'Source Post 14 Status (6.30.26)'!A:B,2,FALSE)=1,0.15,0.5))),0.5) -> 0.15 | Y43: =IF(H43="","",ROUND(MIN((T43+U43)*X43,T43),0)) -> 0
A44: =IF(B44=1,COUNTIF($B$2:B44,1),"") | B44: =IF(C44=1,COUNTIF($H$2:H44,H44),"") | C44: =IF(G44=List!$P$1,1,0) -> 0 | D44: =IF(E44=1,COUNTIF($E$2:E44,1),"") | E44: =IF(H44=List!$P$2,1,"") | F44: 2027 | G44: 0240225 | H44: 02402250180 | I44: 02 | J44: 4 | K44: 0225 | L44: NORTHWEST ALLEN COUNTY SCHOOL CORPORATION | M44: 0180 | N44: DEBT SERVICE | O44: 11050 | P44: Ad Valorem Property Tax First Mortgage Refunding and Improvement Bonds, Series 2016 | Q44: 2955000 | R44: 2662000 | S44: 6358000 | T44: 585500 | U44: 585500 | V44: brandon.basham@nacs.k12.in.us | W44: 46192.558 | X44: =IFERROR(IF(H44="","",IF(O44=0,0.15,IF(VLOOKUP(O44,'Source Post 14 Status (6.30.26)'!A:B,2,FALSE)=1,0.15,0.5))),0.5) -> 0.5 | Y44: =IF(H44="","",ROUND(MIN((T44+U44)*X44,T44),0)) -> 585500
A45: =IF(B45=1,COUNTIF($B$2:B45,1),"") | B45: =IF(C45=1,COUNTIF($H$2:H45,H45),"") | C45: =IF(G45=List!$P$1,1,0) -> 0 | D45: =IF(E45=1,COUNTIF($E$2:E45,1),"") | E45: =IF(H45=List!$P$2,1,"") | F45: 2027 | G45: 0240225 | H45: 02402250180 | I45: 02 | J45: 4 | K45: 0225 | L45: NORTHWEST ALLEN COUNTY SCHOOL CORPORATION | M45: 0180 | N45: DEBT SERVICE | O45: 8831 | P45: Ad Valorem Property Tax First Mortgage Refunding and Improvement Bonds, Series 2014 | Q45: 741500 | V45: brandon.basham@nacs.k12.in.us | W45: 46192.555 | X45: =IFERROR(IF(H45="","",IF(O45=0,0.15,IF(VLOOKUP(O45,'Source Post 14 Status (6.30.26)'!A:B,2,FALSE)=1,0.15,0.5))),0.5) -> 0.5 | Y45: =IF(H45="","",ROUND(MIN((T45+U45)*X45,T45),0)) -> 0
A46: =IF(B46=1,COUNTIF($B$2:B46,1),"") | B46: =IF(C46=1,COUNTIF($H$2:H46,H46),"") | C46: =IF(G46=List!$P$1,1,0) -> 0 | D46: =IF(E46=1,COUNTIF($E$2:E46,1),"") | E46: =IF(H46=List!$P$2,1,"") | F46: 2027 | G46: 0240225 | H46: 02402250180 | I46: 02 | J46: 4 | K46: 0225 | L46: NORTHWEST ALLEN COUNTY SCHOOL CORPORATION | M46: 0180 | N46: DEBT SERVICE | O46: 24630 | P46: General Obligation Bonds of 2025 | Q46: 2348334 | R46: 2346375 | S46: 346750 | T46: 673375 | U46: 675875 | V46: brandon.basham@nacs.k12.in.us | W46: 46192.553 | X46: =IFERROR(IF(H46="","",IF(O46=0,0.15,IF(VLOOKUP(O46,'Source Post 14 Status (6.30.26)'!A:B,2,FALSE)=1,0.15,0.5))),0.5) -> 0.15 | Y46: =IF(H46="","",ROUND(MIN((T46+U46)*X46,T46),0)) -> 202388
A47: =IF(B47=1,COUNTIF($B$2:B47,1),"") | B47: =IF(C47=1,COUNTIF($H$2:H47,H47),"") | C47: =IF(G47=List!$P$1,1,0) -> 0 | D47: =IF(E47=1,COUNTIF($E$2:E47,1),"") | E47: =IF(H47=List!$P$2,1,"") | F47: 2027 | G47: 0240225 | H47: 02402250180 | I47: 02 | J47: 4 | K47: 0225 | L47: NORTHWEST ALLEN COUNTY SCHOOL CORPORATION | M47: 0180 | N47: DEBT SERVICE | O47: 16363 | P47: Ad Valorem Property Tax First Mortgage Bonds, Series 2020 | Q47: 875500 | R47: 875500 | S47: 1748000 | T47: 874000 | U47: 874000 | V47: brandon.basham@nacs.k12.in.us | W47: 46192.548 | X47: =IFERROR(IF(H47="","",IF(O47=0,0.15,IF(VLOOKUP(O47,'Source Post 14 Status (6.30.26)'!A:B,2,FALSE)=1,0.15,0.5))),0.5) -> 0.15 | Y47: =IF(H47="","",ROUND(MIN((T47+U47)*X47,T47),0)) -> 262200
A48: =IF(B48=1,COUNTIF($B$2:B48,1),"") | B48: =IF(C48=1,COUNTIF($H$2:H48,H48),"") | C48: =IF(G48=List!$P$1,1,0) -> 0 | D48: =IF(E48=1,COUNTIF($E$2:E48,1),"") | E48: =IF(H48=List!$P$2,1,"") | F48: 2027 | G48: 0240225 | H48: 02402250180 | I48: 02 | J48: 4 | K48: 0225 | L48: NORTHWEST ALLEN COUNTY SCHOOL CORPORATION | M48: 0180 | N48: DEBT SERVICE | O48: 22482 | P48: Ad Valorem Property Tax First Mortgage Bonds, Series 2024 | Q48: 2321000 | R48: 2321000 | S48: 4642000 | T48: 3496000 | U48: 3496000 | V48: brandon.basham@nacs.k12.in.us | W48: 46192.55 | X48: =IFERROR(IF(H48="","",IF(O48=0,0.15,IF(VLOOKUP(O48,'Source Post 14 Status (6.30.26)'!A:B,2,FALSE)=1,0.15,0.5))),0.5) -> 0.15 | Y48: =IF(H48="","",ROUND(MIN((T48+U48)*X48,T48),0)) -> 1048800
A49: =IF(B49=1,COUNTIF($B$2:B49,1),"") | B49: =IF(C49=1,COUNTIF($H$2:H49,H49),"") | C49: =IF(G49=List!$P$1,1,0) -> 0 | D49: =IF(E49=1,COUNTIF($E$2:E49,1),"") | E49: =IF(H49=List!$P$2,1,"") | F49: 2027 | G49: 0240225 | H49: 02402250180 | I49: 02 | J49: 4 | K49: 0225 | L49: NORTHWEST ALLEN COUNTY SCHOOL CORPORATION | M49: 0180 | N49: DEBT SERVICE | O49: 22851 | P49: Ad Valorem Property Tax First Mortgage Bonds, Series 2024B | Q49: 1752000 | R49: 1752000 | S49: 3500000 | T49: 2433500 | U49: 2433500 | V49: brandon.basham@nacs.k12.in.us | W49: 46192.552 | X49: =IFERROR(IF(H49="","",IF(O49=0,0.15,IF(VLOOKUP(O49,'Source Post 14 Status (6.30.26)'!A:B,2,FALSE)=1,0.15,0.5))),0.5) -> 0.15 | Y49: =IF(H49="","",ROUND(MIN((T49+U49)*X49,T49),0)) -> 730050
A50: =IF(B50=1,COUNTIF($B$2:B50,1),"") | B50: =IF(C50=1,COUNTIF($H$2:H50,H50),"") | C50: =IF(G50=List!$P$1,1,0) -> 0 | D50: =IF(E50=1,COUNTIF($E$2:E50,1),"") | E50: =IF(H50=List!$P$2,1,"") | F50: 2027 | G50: 0240225 | H50: 02402250180 | I50: 02 | J50: 4 | K50: 0225 | L50: NORTHWEST ALLEN COUNTY SCHOOL CORPORATION | M50: 0180 | N50: DEBT SERVICE | O50: 27175 | P50: Ad Valorem Property Tax First Mortgage Bonds, Series 2026 | S50: 5348000 | T50: 855500 | U50: 855500 | V50: brandon.basham@nacs.k12.in.us | W50: 46192.561 | X50: =IFERROR(IF(H50="","",IF(O50=0,0.15,IF(VLOOKUP(O50,'Source Post 14 Status (6.30.26)'!A:B,2,FALSE)=1,0.15,0.5))),0.5) -> 0.5 | Y50: =IF(H50="","",ROUND(MIN((T50+U50)*X50,T50),0)) -> 855500
A51: =IF(B51=1,COUNTIF($B$2:B51,1),"") | B51: =IF(C51=1,COUNTIF($H$2:H51,H51),"") | C51: =IF(G51=List!$P$1,1,0) -> 0 | D51: =IF(E51=1,COUNTIF($E$2:E51,1),"") | E51: =IF(H51=List!$P$2,1,"") | F51: 2027 | G51: 0240225 | H51: 02402250287 | I51: 02 | J51: 4 | K51: 0225 | L51: NORTHWEST ALLEN COUNTY SCHOOL CORPORATION | M51: 0287 | N51: REFERENDUM DEBT FUND - EXEMPT CAPITAL - POST 2009 | O51: 14894 | P51: Unlimited Ad Valorem Property Tax First Mortgage Bonds, Series 2018 | Q51: 1324000 | R51: 1324000 | S51: 2651000 | T51: 1324500 | U51: 1324500 | V51: brandon.basham@nacs.k12.in.us | W51: 46192.548 | X51: =IFERROR(IF(H51="","",IF(O51=0,0.15,IF(VLOOKUP(O51,'Source Post 14 Status (6.30.26)'!A:B,2,FALSE)=1,0.15,0.5))),0.5) -> 0.15 | Y51: =IF(H51="","",ROUND(MIN((T51+U51)*X51,T51),0)) -> 397350
A52: =IF(B52=1,COUNTIF($B$2:B52,1),"") | B52: =IF(C52=1,COUNTIF($H$2:H52,H52),"") | C52: =IF(G52=List!$P$1,1,0) -> 0 | D52: =IF(E52=1,COUNTIF($E$2:E52,1),"") | E52: =IF(H52=List!$P$2,1,"") | F52: 2027 | G52: 0240235 | H52: 02402350287 | I52: 02 | J52: 4 | K52: 0235 | L52: FORT WAYNE COMMUNITY SCHOOL CORPORATION | M52: 0287 | N52: REFERENDUM DEBT FUND - EXEMPT CAPITAL - POST 2009 | O52: 0 | P52: Anticipated Debt Service | W52: 1 | X52: =IFERROR(IF(H52="","",IF(O52=0,0.15,IF(VLOOKUP(O52,'Source Post 14 Status (6.30.26)'!A:B,2,FALSE)=1,0.15,0.5))),0.5) -> 0.15 | Y52: =IF(H52="","",ROUND(MIN((T52+U52)*X52,T52),0)) -> 0
A53: =IF(B53=1,COUNTIF($B$2:B53,1),"") | B53: =IF(C53=1,COUNTIF($H$2:H53,H53),"") | C53: =IF(G53=List!$P$1,1,0) -> 0 | D53: =IF(E53=1,COUNTIF($E$2:E53,1),"") | E53: =IF(H53=List!$P$2,1,"") | F53: 2027 | G53: 0240235 | H53: 02402350287 | I53: 02 | J53: 4 | K53: 0235 | L53: FORT WAYNE COMMUNITY SCHOOL CORPORATION | M53: 0287 | N53: REFERENDUM DEBT FUND - EXEMPT CAPITAL - POST 2009 | O53: 10071 | P53: Unlimited Ad Valorem Property Tax First Mortgage Bonds, Series 2015 | Q53: 363000 | R53: 363000 | S53: 724000 | T53: 360000 | U53: 360000 | V53: rosemary.shipman@fwcs.k12.in.us | W53: 46209.429 | X53: =IFERROR(IF(H53="","",IF(O53=0,0.15,IF(VLOOKUP(O53,'Source Post 14 Status (6.30.26)'!A:B,2,FALSE)=1,0.15,0.5))),0.5) -> 0.15 | Y53: =IF(H53="","",ROUND(MIN((T53+U53)*X53,T53),0)) -> 108000
A54: =IF(B54=1,COUNTIF($B$2:B54,1),"") | B54: =IF(C54=1,COUNTIF($H$2:H54,H54),"") | C54: =IF(G54=List!$P$1,1,0) -> 0 | D54: =IF(E54=1,COUNTIF($E$2:E54,1),"") | E54: =IF(H54=List!$P$2,1,"") | F54: 2027 | G54: 0240235 | H54: 02402350287 | I54: 02 | J54: 4 | K54: 0235 | L54: FORT WAYNE COMMUNITY SCHOOL CORPORATION | M54: 0287 | N54: REFERENDUM DEBT FUND - EXEMPT CAPITAL - POST 2009 | O54: 11036 | P54: Unlimited Ad Valorem Property Tax First Mortgage Bonds, Series 2017A | Q54: 888500 | R54: 888500 | S54: 1106000 | T54: 217500 | U54: 217500 | V54: rosemary.shipman@fwcs.k12.in.us | W54: 46209.43 | X54: =IFERROR(IF(H54="","",IF(O54=0,0.15,IF(VLOOKUP(O54,'Source Post 14 Status (6.30.26)'!A:B,2,FALSE)=1,0.15,0.5))),0.5) -> 0.15 | Y54: =IF(H54="","",ROUND(MIN((T54+U54)*X54,T54),0)) -> 65250
A55: =IF(B55=1,COUNTIF($B$2:B55,1),"") | B55: =IF(C55=1,COUNTIF($H$2:H55,H55),"") | C55: =IF(G55=List!$P$1,1,0) -> 0 | D55: =IF(E55=1,COUNTIF($E$2:E55,1),"") | E55: =IF(H55=List!$P$2,1,"") | F55: 2027 | G55: 0240235 | H55: 02402350287 | I55: 02 | J55: 4 | K55: 0235 | L55: FORT WAYNE COMMUNITY SCHOOL CORPORATION | M55: 0287 | N55: REFERENDUM DEBT FUND - EXEMPT CAPITAL - POST 2009 | O55: 20170 | P55: Unlimited Ad Valorem Property Tax First Mortgage Refunding Bonds, Series 2022B | Q55: 2035000 | R55: 2035000 | S55: 4067000 | T55: 2031500 | U55: 2031500 | V55: rosemary.shipman@fwcs.k12.in.us | W55: 46209.434 | X55: =IFERROR(IF(H55="","",IF(O55=0,0.15,IF(VLOOKUP(O55,'Source Post 14 Status (6.30.26)'!A:B,2,FALSE)=1,0.15,0.5))),0.5) -> 0.5 | Y55: =IF(H55="","",ROUND(MIN((T55+U55)*X55,T55),0)) -> 2031500
A56: =IF(B56=1,COUNTIF($B$2:B56,1),"") | B56: =IF(C56=1,COUNTIF($H$2:H56,H56),"") | C56: =IF(G56=List!$P$1,1,0) -> 0 | D56: =IF(E56=1,COUNTIF($E$2:E56,1),"") | E56: =IF(H56=List!$P$2,1,"") | F56: 2027 | G56: 0240235 | H56: 02402350287 | I56: 02 | J56: 4 | K56: 0235 | L56: FORT WAYNE COMMUNITY SCHOOL CORPORATION | M56: 0287 | N56: REFERENDUM DEBT FUND - EXEMPT CAPITAL - POST 2009 | O56: 22350 | P56: Unlimited Ad Valorem Property Tax First Mortgage Refunding Bonds, Series 2024 | Q56: 1365500 | R56: 1365500 | S56: 2727000 | T56: 1364000 | U56: 1364000 | V56: rosemary.shipman@fwcs.k12.in.us | W56: 46209.435 | X56: =IFERROR(IF(H56="","",IF(O56=0,0.15,IF(VLOOKUP(O56,'Source Post 14 Status (6.30.26)'!A:B,2,FALSE)=1,0.15,0.5))),0.5) -> 0.5 | Y56: =IF(H56="","",ROUND(MIN((T56+U56)*X56,T56),0)) -> 1364000
A57: =IF(B57=1,COUNTIF($B$2:B57,1),"") | B57: =IF(C57=1,COUNTIF($H$2:H57,H57),"") | C57: =IF(G57=List!$P$1,1,0) -> 0 | D57: =IF(E57=1,COUNTIF($E$2:E57,1),"") | E57: =IF(H57=List!$P$2,1,"") | F57: 2027 | G57: 0240235 | H57: 02402350287 | I57: 02 | J57: 4 | K57: 0235 | L57: FORT WAYNE COMMUNITY SCHOOL CORPORATION | M57: 0287 | N57: REFERENDUM DEBT FUND - EXEMPT CAPITAL - POST 2009 | O57: 12078 | P57: Unlimited Ad Valorem Property Tax First Mortgage Bonds, Series 2017B | Q57: 1950000 | R57: 1950000 | S57: 3781000 | T57: 1810500 | U57: 1810500 | V57: rosemary.shipman@fwcs.k12.in.us | W57: 46209.431 | X57: =IFERROR(IF(H57="","",IF(O57=0,0.15,IF(VLOOKUP(O57,'Source Post 14 Status (6.30.26)'!A:B,2,FALSE)=1,0.15,0.5))),0.5) -> 0.15 | Y57: =IF(H57="","",ROUND(MIN((T57+U57)*X57,T57),0)) -> 543150
A58: =IF(B58=1,COUNTIF($B$2:B58,1),"") | B58: =IF(C58=1,COUNTIF($H$2:H58,H58),"") | C58: =IF(G58=List!$P$1,1,0) -> 0 | D58: =IF(E58=1,COUNTIF($E$2:E58,1),"") | E58: =IF(H58=List!$P$2,1,"") | F58: 2027 | G58: 0240235 | H58: 02402350287 | I58: 02 | J58: 4 | K58: 0235 | L58: FORT WAYNE COMMUNITY SCHOOL CORPORATION | M58: 0287 | N58: REFERENDUM DEBT FUND - EXEMPT CAPITAL - POST 2009 | O58: 22547 | P58: Unlimited Ad Valorem Property Tax First Mortgage Bonds, Series 2024 | Q58: 744000 | R58: 744000 | S58: 1486000 | T58: 742000 | U58: 742000 | V58: rosemary.shipman@fwcs.k12.in.us | W58: 46209.434 | X58: =IFERROR(IF(H58="","",IF(O58=0,0.15,IF(VLOOKUP(O58,'Source Post 14 Status (6.30.26)'!A:B,2,FALSE)=1,0.15,0.5))),0.5) -> 0.15 | Y58: =IF(H58="","",ROUND(MIN((T58+U58)*X58,T58),0)) -> 222600
A59: =IF(B59=1,COUNTIF($B$2:B59,1),"") | B59: =IF(C59=1,COUNTIF($H$2:H59,H59),"") | C59: =IF(G59=List!$P$1,1,0) -> 0 | D59: =IF(E59=1,COUNTIF($E$2:E59,1),"") | E59: =IF(H59=List!$P$2,1,"") | F59: 2027 | G59: 0240235 | H59: 02402350287 | I59: 02 | J59: 4 | K59: 0235 | L59: FORT WAYNE COMMUNITY SCHOOL CORPORATION | M59: 0287 | N59: REFERENDUM DEBT FUND - EXEMPT CAPITAL - POST 2009 | O59: 19690 | P59: Unlimited Ad Valorem Property Tax First Mortgage Bonds, Series 2022 | Q59: 1249500 | R59: 1249500 | S59: 2500000 | T59: 1251000 | U59: 1251000 | V59: rosemary.shipman@fwcs.k12.in.us | W59: 46209.428 | X59: =IFERROR(IF(H59="","",IF(O59=0,0.15,IF(VLOOKUP(O59,'Source Post 14 Status (6.30.26)'!A:B,2,FALSE)=1,0.15,0.5))),0.5) -> 0.15 | Y59: =IF(H59="","",ROUND(MIN((T59+U59)*X59,T59),0)) -> 375300
A60: =IF(B60=1,COUNTIF($B$2:B60,1),"") | B60: =IF(C60=1,COUNTIF($H$2:H60,H60),"") | C60: =IF(G60=List!$P$1,1,0) -> 0 | D60: =IF(E60=1,COUNTIF($E$2:E60,1),"") | E60: =IF(H60=List!$P$2,1,"") | F60: 2027 | G60: 0240235 | H60: 02402350287 | I60: 02 | J60: 4 | K60: 0235 | L60: FORT WAYNE COMMUNITY SCHOOL CORPORATION | M60: 0287 | N60: REFERENDUM DEBT FUND - EXEMPT CAPITAL - POST 2009 | O60: 20770 | P60: Unlimited Ad Valorem Property Tax First Mortgage Bonds, Series 2023 | Q60: 647000 | R60: 647000 | S60: 1290000 | T60: 644500 | U60: 644500 | V60: rosemary.shipman@fwcs.k12.in.us | W60: 46209.434 | X60: =IFERROR(IF(H60="","",IF(O60=0,0.15,IF(VLOOKUP(O60,'Source Post 14 Status (6.30.26)'!A:B,2,FALSE)=1,0.15,0.5))),0.5) -> 0.15 | Y60: =IF(H60="","",ROUND(MIN((T60+U60)*X60,T60),0)) -> 193350
A61: =IF(B61=1,COUNTIF($B$2:B61,1),"") | B61: =IF(C61=1,COUNTIF($H$2:H61,H61),"") | C61: =IF(G61=List!$P$1,1,0) -> 0 | D61: =IF(E61=1,COUNTIF($E$2:E61,1),"") | E61: =IF(H61=List!$P$2,1,"") | F61: 2027 | G61: 0240235 | H61: 02402350287 | I61: 02 | J61: 4 | K61: 0235 | L61: FORT WAYNE COMMUNITY SCHOOL CORPORATION | M61: 0287 | N61: REFERENDUM DEBT FUND - EXEMPT CAPITAL - POST 2009 | O61: 17645 | P61: Unlimited Ad Valorem Property Tax First Mortgage Bonds, Series 2021 | Q61: 413500 | R61: 413500 | S61: 826000 | T61: 412500 | U61: 412500 | V61: rosemary.shipman@fwcs.k12.in.us | W61: 46209.433 | X61: =IFERROR(IF(H61="","",IF(O61=0,0.15,IF(VLOOKUP(O61,'Source Post 14 Status (6.30.26)'!A:B,2,FALSE)=1,0.15,0.5))),0.5) -> 0.15 | Y61: =IF(H61="","",ROUND(MIN((T61+U61)*X61,T61),0)) -> 123750
A62: =IF(B62=1,COUNTIF($B$2:B62,1),"") | B62: =IF(C62=1,COUNTIF($H$2:H62,H62),"") | C62: =IF(G62=List!$P$1,1,0) -> 0 | D62: =IF(E62=1,COUNTIF($E$2:E62,1),"") | E62: =IF(H62=List!$P$2,1,"") | F62: 2027 | G62: 0240235 | H62: 02402350287 | I62: 02 | J62: 4 | K62: 0235 | L62: FORT WAYNE COMMUNITY SCHOOL CORPORATION | M62: 0287 | N62: REFERENDUM DEBT FUND - EXEMPT CAPITAL - POST 2009 | O62: 7191 | P62: Unlimited Ad Valorem Property Tax First Mortgage Bonds, Series 2013 (Retired in Debt Management) | W62: 1 | X62: =IFERROR(IF(H62="","",IF(O62=0,0.15,IF(VLOOKUP(O62,'Source Post 14 Status (6.30.26)'!A:B,2,FALSE)=1,0.15,0.5))),0.5) -> 0.5 | Y62: =IF(H62="","",ROUND(MIN((T62+U62)*X62,T62),0)) -> 0
A63: =IF(B63=1,COUNTIF($B$2:B63,1),"") | B63: =IF(C63=1,COUNTIF($H$2:H63,H63),"") | C63: =IF(G63=List!$P$1,1,0) -> 0 | D63: =IF(E63=1,COUNTIF($E$2:E63,1),"") | E63: =IF(H63=List!$P$2,1,"") | F63: 2027 | G63: 0240235 | H63: 02402350287 | I63: 02 | J63: 4 | K63: 0235 | L63: FORT WAYNE COMMUNITY SCHOOL CORPORATION | M63: 0287 | N63: REFERENDUM DEBT FUND - EXEMPT CAPITAL - POST 2009 | O63: 17013 | P63: Unlimited Ad Valorem Property Tax First Mortgage Bonds, Series 2020 | Q63: 697500 | R63: 697500 | S63: 1397000 | T63: 700000 | U63: 700000 | V63: rosemary.shipman@fwcs.k12.in.us | W63: 46209.433 | X63: =IFERROR(IF(H63="","",IF(O63=0,0.15,IF(VLOOKUP(O63,'Source Post 14 Status (6.30.26)'!A:B,2,FALSE)=1,0.15,0.5))),0.5) -> 0.15 | Y63: =IF(H63="","",ROUND(MIN((T63+U63)*X63,T63),0)) -> 210000
A64: =IF(B64=1,COUNTIF($B$2:B64,1),"") | B64: =IF(C64=1,COUNTIF($H$2:H64,H64),"") | C64: =IF(G64=List!$P$1,1,0) -> 0 | D64: =IF(E64=1,COUNTIF($E$2:E64,1),"") | E64: =IF(H64=List!$P$2,1,"") | F64: 2027 | G64: 0240235 | H64: 02402350287 | I64: 02 | J64: 4 | K64: 0235 | L64: FORT WAYNE COMMUNITY SCHOOL CORPORATION | M64: 0287 | N64: REFERENDUM DEBT FUND - EXEMPT CAPITAL - POST 2009 | O64: 10074 | P64: Unlimited Ad Valorem Property Tax First Mortgage Bonds, Series 2016 | Q64: 39000 | R64: 39000 | S64: 78000 | T64: 39000 | U64: 39000 | V64: rosemary.shipman@fwcs.k12.in.us | W64: 46209.429 | X64: =IFERROR(IF(H64="","",IF(O64=0,0.15,IF(VLOOKUP(O64,'Source Post 14 Status (6.30.26)'!A:B,2,FALSE)=1,0.15,0.5))),0.5) -> 0.15 | Y64: =IF(H64="","",ROUND(MIN((T64+U64)*X64,T64),0)) -> 11700
A65: =IF(B65=1,COUNTIF($B$2:B65,1),"") | B65: =IF(C65=1,COUNTIF($H$2:H65,H65),"") | C65: =IF(G65=List!$P$1,1,0) -> 0 | D65: =IF(E65=1,COUNTIF($E$2:E65,1),"") | E65: =IF(H65=List!$P$2,1,"") | F65: 2027 | G65: 0240235 | H65: 02402350287 | I65: 02 | J65: 4 | K65: 0235 | L65: FORT WAYNE COMMUNITY SCHOOL CORPORATION | M65: 0287 | N65: REFERENDUM DEBT FUND - EXEMPT CAPITAL - POST 2009 | O65: 15925 | P65: Unlimited Ad Valorem Property Tax First Mortgage Bonds, Series 2019 | Q65: 503500 | R65: 503500 | S65: 1013000 | T65: 503500 | U65: 503500 | V65: rosemary.shipman@fwcs.k12.in.us | W65: 46209.432 | X65: =IFERROR(IF(H65="","",IF(O65=0,0.15,IF(VLOOKUP(O65,'Source Post 14 Status (6.30.26)'!A:B,2,FALSE)=1,0.15,0.5))),0.5) -> 0.15 | Y65: =IF(H65="","",ROUND(MIN((T65+U65)*X65,T65),0)) -> 151050
A66: =IF(B66=1,COUNTIF($B$2:B66,1),"") | B66: =IF(C66=1,COUNTIF($H$2:H66,H66),"") | C66: =IF(G66=List!$P$1,1,0) -> 0 | D66: =IF(E66=1,COUNTIF($E$2:E66,1),"") | E66: =IF(H66=List!$P$2,1,"") | F66: 2027 | G66: 0240235 | H66: 02402350287 | I66: 02 | J66: 4 | K66: 0235 | L66: FORT WAYNE COMMUNITY SCHOOL CORPORATION | M66: 0287 | N66: REFERENDUM DEBT FUND - EXEMPT CAPITAL - POST 2009 | O66: 24584 | P66: Unlimited Ad Valorem Property Tax First Mortgage Bonds, Series 2025 | Q66: 1499500 | R66: 1499500 | S66: 1693000 | T66: 848500 | U66: 848500 | V66: rosemary.shipman@fwcs.k12.in.us | W66: 46209.434 | X66: =IFERROR(IF(H66="","",IF(O66=0,0.15,IF(VLOOKUP(O66,'Source Post 14 Status (6.30.26)'!A:B,2,FALSE)=1,0.15,0.5))),0.5) -> 0.15 | Y66: =IF(H66="","",ROUND(MIN((T66+U66)*X66,T66),0)) -> 254550
A67: =IF(B67=1,COUNTIF($B$2:B67,1),"") | B67: =IF(C67=1,COUNTIF($H$2:H67,H67),"") | C67: =IF(G67=List!$P$1,1,0) -> 0 | D67: =IF(E67=1,COUNTIF($E$2:E67,1),"") | E67: =IF(H67=List!$P$2,1,"") | F67: 2027 | G67: 0240235 | H67: 02402350287 | I67: 02 | J67: 4 | K67: 0235 | L67: FORT WAYNE COMMUNITY SCHOOL CORPORATION | M67: 0287 | N67: REFERENDUM DEBT FUND - EXEMPT CAPITAL - POST 2009 | O67: 11031 | P67: Unlimited Ad Valorem Property Tax First Mortgage Bonds, Series 2016B | Q67: 148000 | R67: 148000 | S67: 1151000 | T67: 1000000 | U67: 1000000 | V67: rosemary.shipman@fwcs.k12.in.us | W67: 46209.43 | X67: =IFERROR(IF(H67="","",IF(O67=0,0.15,IF(VLOOKUP(O67,'Source Post 14 Status (6.30.26)'!A:B,2,FALSE)=1,0.15,0.5))),0.5) -> 0.15 | Y67: =IF(H67="","",ROUND(MIN((T67+U67)*X67,T67),0)) -> 300000
A68: =IF(B68=1,COUNTIF($B$2:B68,1),"") | B68: =IF(C68=1,COUNTIF($H$2:H68,H68),"") | C68: =IF(G68=List!$P$1,1,0) -> 0 | D68: =IF(E68=1,COUNTIF($E$2:E68,1),"") | E68: =IF(H68=List!$P$2,1,"") | F68: 2027 | G68: 0240235 | H68: 02402350180 | I68: 02 | J68: 4 | K68: 0235 | L68: FORT WAYNE COMMUNITY SCHOOL CORPORATION | M68: 0180 | N68: DEBT SERVICE | O68: 14633 | P68: Common School Fund Loan A2943 (Retired in Debt Management) | W68: 1 | X68: =IFERROR(IF(H68="","",IF(O68=0,0.15,IF(VLOOKUP(O68,'Source Post 14 Status (6.30.26)'!A:B,2,FALSE)=1,0.15,0.5))),0.5) -> 0.15 | Y68: =IF(H68="","",ROUND(MIN((T68+U68)*X68,T68),0)) -> 0
A69: =IF(B69=1,COUNTIF($B$2:B69,1),"") | B69: =IF(C69=1,COUNTIF($H$2:H69,H69),"") | C69: =IF(G69=List!$P$1,1,0) -> 0 | D69: =IF(E69=1,COUNTIF($E$2:E69,1),"") | E69: =IF(H69=List!$P$2,1,"") | F69: 2027 | G69: 0240235 | H69: 02402350180 | I69: 02 | J69: 4 | K69: 0235 | L69: FORT WAYNE COMMUNITY SCHOOL CORPORATION | M69: 0180 | N69: DEBT SERVICE | O69: 19899 | P69: Common School Fund Loan B0301 | W69: 1 | X69: =IFERROR(IF(H69="","",IF(O69=0,0.15,IF(VLOOKUP(O69,'Source Post 14 Status (6.30.26)'!A:B,2,FALSE)=1,0.15,0.5))),0.5) -> 0.15 | Y69: =IF(H69="","",ROUND(MIN((T69+U69)*X69,T69),0)) -> 0
A70: =IF(B70=1,COUNTIF($B$2:B70,1),"") | B70: =IF(C70=1,COUNTIF($H$2:H70,H70),"") | C70: =IF(G70=List!$P$1,1,0) -> 0 | D70: =IF(E70=1,COUNTIF($E$2:E70,1),"") | E70: =IF(H70=List!$P$2,1,"") | F70: 2027 | G70: 0240235 | H70: 02402350180 | I70: 02 | J70: 4 | K70: 0235 | L70: FORT WAYNE COMMUNITY SCHOOL CORPORATION | M70: 0180 | N70: DEBT SERVICE | O70: 22352 | P70: General Obligation Bonds, Series 2024 | W70: 1 | X70: =IFERROR(IF(H70="","",IF(O70=0,0.15,IF(VLOOKUP(O70,'Source Post 14 Status (6.30.26)'!A:B,2,FALSE)=1,0.15,0.5))),0.5) -> 0.15 | Y70: =IF(H70="","",ROUND(MIN((T70+U70)*X70,T70),0)) -> 0
A71: =IF(B71=1,COUNTIF($B$2:B71,1),"") | B71: =IF(C71=1,COUNTIF($H$2:H71,H71),"") | C71: =IF(G71=List!$P$1,1,0) -> 0 | D71: =IF(E71=1,COUNTIF($E$2:E71,1),"") | E71: =IF(H71=List!$P$2,1,"") | F71: 2027 | G71: 0240235 | H71: 02402350180 | I71: 02 | J71: 4 | K71: 0235 | L71: FORT WAYNE COMMUNITY SCHOOL CORPORATION | M71: 0180 | N71: DEBT SERVICE | O71: 22526 | P71: Common School Fund Loan B0430 | Q71: 336052 | R71: 334405 | S71: 663868 | V71: rosemary.shipman@fwcs.k12.in.us | W71: 46209.664 | X71: =IFERROR(IF(H71="","",IF(O71=0,0.15,IF(VLOOKUP(O71,'Source Post 14 Status (6.30.26)'!A:B,2,FALSE)=1,0.15,0.5))),0.5) -> 0.15 | Y71: =IF(H71="","",ROUND(MIN((T71+U71)*X71,T71),0)) -> 0
A72: =IF(B72=1,COUNTIF($B$2:B72,1),"") | B72: =IF(C72=1,COUNTIF($H$2:H72,H72),"") | C72: =IF(G72=List!$P$1,1,0) -> 0 | D72: =IF(E72=1,COUNTIF($E$2:E72,1),"") | E72: =IF(H72=List!$P$2,1,"") | F72: 2027 | G72: 0240235 | H72: 02402350180 | I72: 02 | J72: 4 | K72: 0235 | L72: FORT WAYNE COMMUNITY SCHOOL CORPORATION | M72: 0180 | N72: DEBT SERVICE | O72: 20195 | P72: Common School Fund Loan B0336 | W72: 1 | X72: =IFERROR(IF(H72="","",IF(O72=0,0.15,IF(VLOOKUP(O72,'Source Post 14 Status (6.30.26)'!A:B,2,FALSE)=1,0.15,0.5))),0.5) -> 0.15 | Y72: =IF(H72="","",ROUND(MIN((T72+U72)*X72,T72),0)) -> 0
A73: =IF(B73=1,COUNTIF($B$2:B73,1),"") | B73: =IF(C73=1,COUNTIF($H$2:H73,H73),"") | C73: =IF(G73=List!$P$1,1,0) -> 0 | D73: =IF(E73=1,COUNTIF($E$2:E73,1),"") | E73: =IF(H73=List!$P$2,1,"") | F73: 2027 | G73: 0240235 | H73: 02402350180 | I73: 02 | J73: 4 | K73: 0235 | L73: FORT WAYNE COMMUNITY SCHOOL CORPORATION | M73: 0180 | N73: DEBT SERVICE | O73: 14870 | P73: Common School Fund Loan B0006 (Retired in Debt Management) | W73: 1 | X73: =IFERROR(IF(H73="","",IF(O73=0,0.15,IF(VLOOKUP(O73,'Source Post 14 Status (6.30.26)'!A:B,2,FALSE)=1,0.15,0.5))),0.5) -> 0.15 | Y73: =IF(H73="","",ROUND(MIN((T73+U73)*X73,T73),0)) -> 0
A74: =IF(B74=1,COUNTIF($B$2:B74,1),"") | B74: =IF(C74=1,COUNTIF($H$2:H74,H74),"") | C74: =IF(G74=List!$P$1,1,0) -> 0 | D74: =IF(E74=1,COUNTIF($E$2:E74,1),"") | E74: =IF(H74=List!$P$2,1,"") | F74: 2027 | G74: 0240235 | H74: 02402350180 | I74: 02 | J74: 4 | K74: 0235 | L74: FORT WAYNE COMMUNITY SCHOOL CORPORATION | M74: 0180 | N74: DEBT SERVICE | O74: 16906 | P74: Common School Fund Loan B0194 (Retired in Debt Management) | W74: 1 | X74: =IFERROR(IF(H74="","",IF(O74=0,0.15,IF(VLOOKUP(O74,'Source Post 14 Status (6.30.26)'!A:B,2,FALSE)=1,0.15,0.5))),0.5) -> 0.15 | Y74: =IF(H74="","",ROUND(MIN((T74+U74)*X74,T74),0)) -> 0
A75: =IF(B75=1,COUNTIF($B$2:B75,1),"") | B75: =IF(C75=1,COUNTIF($H$2:H75,H75),"") | C75: =IF(G75=List!$P$1,1,0) -> 0 | D75: =IF(E75=1,COUNTIF($E$2:E75,1),"") | E75: =IF(H75=List!$P$2,1,"") | F75: 2027 | G75: 0240235 | H75: 02402350180 | I75: 02 | J75: 4 | K75: 0235 | L75: FORT WAYNE COMMUNITY SCHOOL CORPORATION | M75: 0180 | N75: DEBT SERVICE | O75: 20924 | P75: General Obligation Bonds, Series 2023 | Q75: 1170250 | R75: 1173750 | S75: 2345125 | V75: rosemary.shipman@fwcs.k12.in.us | W75: 46203.731 | X75: =IFERROR(IF(H75="","",IF(O75=0,0.15,IF(VLOOKUP(O75,'Source Post 14 Status (6.30.26)'!A:B,2,FALSE)=1,0.15,0.5))),0.5) -> 0.15 | Y75: =IF(H75="","",ROUND(MIN((T75+U75)*X75,T75),0)) -> 0
A76: =IF(B76=1,COUNTIF($B$2:B76,1),"") | B76: =IF(C76=1,COUNTIF($H$2:H76,H76),"") | C76: =IF(G76=List!$P$1,1,0) -> 0 | D76: =IF(E76=1,COUNTIF($E$2:E76,1),"") | E76: =IF(H76=List!$P$2,1,"") | F76: 2027 | G76: 0240235 | H76: 02402350180 | I76: 02 | J76: 4 | K76: 0235 | L76: FORT WAYNE COMMUNITY SCHOOL CORPORATION | M76: 0180 | N76: DEBT SERVICE | O76: 24533 | P76: Common School Fund Loan B0469 | Q76: 347265 | R76: 337068 | S76: 669204 | T76: 332136 | U76: 330491 | V76: rosemary.shipman@fwcs.k12.in.us | W76: 46209.664 | X76: =IFERROR(IF(H76="","",IF(O76=0,0.15,IF(VLOOKUP(O76,'Source Post 14 Status (6.30.26)'!A:B,2,FALSE)=1,0.15,0.5))),0.5) -> 0.15 | Y76: =IF(H76="","",ROUND(MIN((T76+U76)*X76,T76),0)) -> 99394
A77: =IF(B77=1,COUNTIF($B$2:B77,1),"") | B77: =IF(C77=1,COUNTIF($H$2:H77,H77),"") | C77: =IF(G77=List!$P$1,1,0) -> 0 | D77: =IF(E77=1,COUNTIF($E$2:E77,1),"") | E77: =IF(H77=List!$P$2,1,"") | F77: 2027 | G77: 0240235 | H77: 02402350180 | I77: 02 | J77: 4 | K77: 0235 | L77: FORT WAYNE COMMUNITY SCHOOL CORPORATION | M77: 0180 | N77: DEBT SERVICE | O77: 27094 | P77: Common School Fund Loan B0511 | S77: 651683 | T77: 315306 | U77: 313761 | V77: rosemary.shipman@fwcs.k12.in.us | W77: 46203.77 | X77: =IFERROR(IF(H77="","",IF(O77=0,0.15,IF(VLOOKUP(O77,'Source Post 14 Status (6.30.26)'!A:B,2,FALSE)=1,0.15,0.5))),0.5) -> 0.5 | Y77: =IF(H77="","",ROUND(MIN((T77+U77)*X77,T77),0)) -> 314534
A78: =IF(B78=1,COUNTIF($B$2:B78,1),"") | B78: =IF(C78=1,COUNTIF($H$2:H78,H78),"") | C78: =IF(G78=List!$P$1,1,0) -> 0 | D78: =IF(E78=1,COUNTIF($E$2:E78,1),"") | E78: =IF(H78=List!$P$2,1,"") | F78: 2027 | G78: 0240235 | H78: 02402350180 | I78: 02 | J78: 4 | K78: 0235 | L78: FORT WAYNE COMMUNITY SCHOOL CORPORATION | M78: 0180 | N78: DEBT SERVICE | O78: 27364 | P78: General Obligation Bonds, Series 2026 | S78: 8995167 | T78: 3220125 | U78: 3218500 | V78: rosemary.shipman@fwcs.k12.in.us | W78: 46209.665 | X78: =IFERROR(IF(H78="","",IF(O78=0,0.15,IF(VLOOKUP(O78,'Source Post 14 Status (6.30.26)'!A:B,2,FALSE)=1,0.15,0.5))),0.5) -> 0.5 | Y78: =IF(H78="","",ROUND(MIN((T78+U78)*X78,T78),0)) -> 3219313
A79: =IF(B79=1,COUNTIF($B$2:B79,1),"") | B79: =IF(C79=1,COUNTIF($H$2:H79,H79),"") | C79: =IF(G79=List!$P$1,1,0) -> 0 | D79: =IF(E79=1,COUNTIF($E$2:E79,1),"") | E79: =IF(H79=List!$P$2,1,"") | F79: 2027 | G79: 0240235 | H79: 02402350180 | I79: 02 | J79: 4 | K79: 0235 | L79: FORT WAYNE COMMUNITY SCHOOL CORPORATION | M79: 0180 | N79: DEBT SERVICE | O79: 0 | P79: Anticipated Debt Service | S79: 15000000 | T79: 3000000 | U79: 3000000 | V79: rosemary.shipman@fwcs.k12.in.us | W79: 46209.507 | X79: =IFERROR(IF(H79="","",IF(O79=0,0.15,IF(VLOOKUP(O79,'Source Post 14 Status (6.30.26)'!A:B,2,FALSE)=1,0.15,0.5))),0.5) -> 0.15 | Y79: =IF(H79="","",ROUND(MIN((T79+U79)*X79,T79),0)) -> 900000
A80: =IF(B80=1,COUNTIF($B$2:B80,1),"") | B80: =IF(C80=1,COUNTIF($H$2:H80,H80),"") | C80: =IF(G80=List!$P$1,1,0) -> 0 | D80: =IF(E80=1,COUNTIF($E$2:E80,1),"") | E80: =IF(H80=List!$P$2,1,"") | F80: 2027 | G80: 0240235 | H80: 02402350180 | I80: 02 | J80: 4 | K80: 0235 | L80: FORT WAYNE COMMUNITY SCHOOL CORPORATION | M80: 0180 | N80: DEBT SERVICE | O80: 11030 | P80: Common School Fund Loan A2100 (Retired in Debt Management) | W80: 1 | X80: =IFERROR(IF(H80="","",IF(O80=0,0.15,IF(VLOOKUP(O80,'Source Post 14 Status (6.30.26)'!A:B,2,FALSE)=1,0.15,0.5))),0.5) -> 0.5 | Y80: =IF(H80="","",ROUND(MIN((T80+U80)*X80,T80),0)) -> 0
A81: =IF(B81=1,COUNTIF($B$2:B81,1),"") | B81: =IF(C81=1,COUNTIF($H$2:H81,H81),"") | C81: =IF(G81=List!$P$1,1,0) -> 0 | D81: =IF(E81=1,COUNTIF($E$2:E81,1),"") | E81: =IF(H81=List!$P$2,1,"") | F81: 2027 | G81: 0240235 | H81: 02402350180 | I81: 02 | J81: 4 | K81: 0235 | L81: FORT WAYNE COMMUNITY SCHOOL CORPORATION | M81: 0180 | N81: DEBT SERVICE | O81: 11661 | P81: Common School Fund Loan A2850 (Retired in Debt Management) | W81: 1 | X81: =IFERROR(IF(H81="","",IF(O81=0,0.15,IF(VLOOKUP(O81,'Source Post 14 Status (6.30.26)'!A:B,2,FALSE)=1,0.15,0.5))),0.5) -> 0.15 | Y81: =IF(H81="","",ROUND(MIN((T81+U81)*X81,T81),0)) -> 0
A82: =IF(B82=1,COUNTIF($B$2:B82,1),"") | B82: =IF(C82=1,COUNTIF($H$2:H82,H82),"") | C82: =IF(G82=List!$P$1,1,0) -> 0 | D82: =IF(E82=1,COUNTIF($E$2:E82,1),"") | E82: =IF(H82=List!$P$2,1,"") | F82: 2027 | G82: 0240235 | H82: 02402350180 | I82: 02 | J82: 4 | K82: 0235 | L82: FORT WAYNE COMMUNITY SCHOOL CORPORATION | M82: 0180 | N82: DEBT SERVICE | O82: 12076 | P82: Common School Fund Loan A2906 (Retired in Debt Management) | W82: 1 | X82: =IFERROR(IF(H82="","",IF(O82=0,0.15,IF(VLOOKUP(O82,'Source Post 14 Status (6.30.26)'!A:B,2,FALSE)=1,0.15,0.5))),0.5) -> 0.15 | Y82: =IF(H82="","",ROUND(MIN((T82+U82)*X82,T82),0)) -> 0
A83: =IF(B83=1,COUNTIF($B$2:B83,1),"") | B83: =IF(C83=1,COUNTIF($H$2:H83,H83),"") | C83: =IF(G83=List!$P$1,1,0) -> 0 | D83: =IF(E83=1,COUNTIF($E$2:E83,1),"") | E83: =IF(H83=List!$P$2,1,"") | F83: 2027 | G83: 0240235 | H83: 02402350180 | I83: 02 | J83: 4 | K83: 0235 | L83: FORT WAYNE COMMUNITY SCHOOL CORPORATION | M83: 0180 | N83: DEBT SERVICE | O83: 14634 | P83: Common School Fund Loan A2984 (Retired in Debt Management) | W83: 1 | X83: =IFERROR(IF(H83="","",IF(O83=0,0.15,IF(VLOOKUP(O83,'Source Post 14 Status (6.30.26)'!A:B,2,FALSE)=1,0.15,0.5))),0.5) -> 0.5 | Y83: =IF(H83="","",ROUND(MIN((T83+U83)*X83,T83),0)) -> 0
A84: =IF(B84=1,COUNTIF($B$2:B84,1),"") | B84: =IF(C84=1,COUNTIF($H$2:H84,H84),"") | C84: =IF(G84=List!$P$1,1,0) -> 0 | D84: =IF(E84=1,COUNTIF($E$2:E84,1),"") | E84: =IF(H84=List!$P$2,1,"") | F84: 2027 | G84: 0240235 | H84: 02402350180 | I84: 02 | J84: 4 | K84: 0235 | L84: FORT WAYNE COMMUNITY SCHOOL CORPORATION | M84: 0180 | N84: DEBT SERVICE | O84: 15638 | P84: Common School Fund Loan B0045 (Retired in Debt Management) | W84: 1 | X84: =IFERROR(IF(H84="","",IF(O84=0,0.15,IF(VLOOKUP(O84,'Source Post 14 Status (6.30.26)'!A:B,2,FALSE)=1,0.15,0.5))),0.5) -> 0.15 | Y84: =IF(H84="","",ROUND(MIN((T84+U84)*X84,T84),0)) -> 0
A85: =IF(B85=1,COUNTIF($B$2:B85,1),"") | B85: =IF(C85=1,COUNTIF($H$2:H85,H85),"") | C85: =IF(G85=List!$P$1,1,0) -> 0 | D85: =IF(E85=1,COUNTIF($E$2:E85,1),"") | E85: =IF(H85=List!$P$2,1,"") | F85: 2027 | G85: 0240235 | H85: 02402350180 | I85: 02 | J85: 4 | K85: 0235 | L85: FORT WAYNE COMMUNITY SCHOOL CORPORATION | M85: 0180 | N85: DEBT SERVICE | O85: 16904 | P85: Common School Fund Loan B0187 (Retired in Debt Management) | W85: 1 | X85: =IFERROR(IF(H85="","",IF(O85=0,0.15,IF(VLOOKUP(O85,'Source Post 14 Status (6.30.26)'!A:B,2,FALSE)=1,0.15,0.5))),0.5) -> 0.15 | Y85: =IF(H85="","",ROUND(MIN((T85+U85)*X85,T85),0)) -> 0
A86: =IF(B86=1,COUNTIF($B$2:B86,1),"") | B86: =IF(C86=1,COUNTIF($H$2:H86,H86),"") | C86: =IF(G86=List!$P$1,1,0) -> 0 | D86: =IF(E86=1,COUNTIF($E$2:E86,1),"") | E86: =IF(H86=List!$P$2,1,"") | F86: 2027 | G86: 0240235 | H86: 02402350180 | I86: 02 | J86: 4 | K86: 0235 | L86: FORT WAYNE COMMUNITY SCHOOL CORPORATION | M86: 0180 | N86: DEBT SERVICE | O86: 24532 | P86: Common School Fund Loan B0501 | Q86: 279613 | R86: 276293 | V86: rosemary.shipman@fwcs.k12.in.us | W86: 46203.732 | X86: =IFERROR(IF(H86="","",IF(O86=0,0.15,IF(VLOOKUP(O86,'Source Post 14 Status (6.30.26)'!A:B,2,FALSE)=1,0.15,0.5))),0.5) -> 0.15 | Y86: =IF(H86="","",ROUND(MIN((T86+U86)*X86,T86),0)) -> 0
A87: =IF(B87=1,COUNTIF($B$2:B87,1),"") | B87: =IF(C87=1,COUNTIF($H$2:H87,H87),"") | C87: =IF(G87=List!$P$1,1,0) -> 0 | D87: =IF(E87=1,COUNTIF($E$2:E87,1),"") | E87: =IF(H87=List!$P$2,1,"") | F87: 2027 | G87: 0240235 | H87: 02402350180 | I87: 02 | J87: 4 | K87: 0235 | L87: FORT WAYNE COMMUNITY SCHOOL CORPORATION | M87: 0180 | N87: DEBT SERVICE | O87: 16039 | P87: General Obligation Bonds, Series 2019 (Retired in Debt Management) | W87: 1 | X87: =IFERROR(IF(H87="","",IF(O87=0,0.15,IF(VLOOKUP(O87,'Source Post 14 Status (6.30.26)'!A:B,2,FALSE)=1,0.15,0.5))),0.5) -> 0.15 | Y87: =IF(H87="","",ROUND(MIN((T87+U87)*X87,T87),0)) -> 0
A88: =IF(B88=1,COUNTIF($B$2:B88,1),"") | B88: =IF(C88=1,COUNTIF($H$2:H88,H88),"") | C88: =IF(G88=List!$P$1,1,0) -> 0 | D88: =IF(E88=1,COUNTIF($E$2:E88,1),"") | E88: =IF(H88=List!$P$2,1,"") | F88: 2027 | G88: 0240235 | H88: 02402350180 | I88: 02 | J88: 4 | K88: 0235 | L88: FORT WAYNE COMMUNITY SCHOOL CORPORATION | M88: 0180 | N88: DEBT SERVICE | O88: 18127 | P88: Common School Fund Loan B0265 (Retired in Debt Management) | W88: 1 | X88: =IFERROR(IF(H88="","",IF(O88=0,0.15,IF(VLOOKUP(O88,'Source Post 14 Status (6.30.26)'!A:B,2,FALSE)=1,0.15,0.5))),0.5) -> 0.15 | Y88: =IF(H88="","",ROUND(MIN((T88+U88)*X88,T88),0)) -> 0
A89: =IF(B89=1,COUNTIF($B$2:B89,1),"") | B89: =IF(C89=1,COUNTIF($H$2:H89,H89),"") | C89: =IF(G89=List!$P$1,1,0) -> 0 | D89: =IF(E89=1,COUNTIF($E$2:E89,1),"") | E89: =IF(H89=List!$P$2,1,"") | F89: 2027 | G89: 0240235 | H89: 02402350180 | I89: 02 | J89: 4 | K89: 0235 | L89: FORT WAYNE COMMUNITY SCHOOL CORPORATION | M89: 0180 | N89: DEBT SERVICE | O89: 18129 | P89: Common School Fund Loan B0230 (Retired in Debt Management) | W89: 1 | X89: =IFERROR(IF(H89="","",IF(O89=0,0.15,IF(VLOOKUP(O89,'Source Post 14 Status (6.30.26)'!A:B,2,FALSE)=1,0.15,0.5))),0.5) -> 0.15 | Y89: =IF(H89="","",ROUND(MIN((T89+U89)*X89,T89),0)) -> 0
A90: =IF(B90=1,COUNTIF($B$2:B90,1),"") | B90: =IF(C90=1,COUNTIF($H$2:H90,H90),"") | C90: =IF(G90=List!$P$1,1,0) -> 0 | D90: =IF(E90=1,COUNTIF($E$2:E90,1),"") | E90: =IF(H90=List!$P$2,1,"") | F90: 2027 | G90: 0240235 | H90: 02402350180 | I90: 02 | J90: 4 | K90: 0235 | L90: FORT WAYNE COMMUNITY SCHOOL CORPORATION | M90: 0180 | N90: DEBT SERVICE | O90: 22527 | P90: Common School Fund Loan B0458 | W90: 1 | X90: =IFERROR(IF(H90="","",IF(O90=0,0.15,IF(VLOOKUP(O90,'Source Post 14 Status (6.30.26)'!A:B,2,FALSE)=1,0.15,0.5))),0.5) -> 0.15 | Y90: =IF(H90="","",ROUND(MIN((T90+U90)*X90,T90),0)) -> 0
A91: =IF(B91=1,COUNTIF($B$2:B91,1),"") | B91: =IF(C91=1,COUNTIF($H$2:H91,H91),"") | C91: =IF(G91=List!$P$1,1,0) -> 0 | D91: =IF(E91=1,COUNTIF($E$2:E91,1),"") | E91: =IF(H91=List!$P$2,1,"") | F91: 2027 | G91: 0240235 | H91: 02402350180 | I91: 02 | J91: 4 | K91: 0235 | L91: FORT WAYNE COMMUNITY SCHOOL CORPORATION | M91: 0180 | N91: DEBT SERVICE | O91: 26924 | P91: General Obligation Bonds, Series 2025 | Q91: 7996729 | R91: 7999250 | S91: 5992875 | T91: 2097375 | U91: 2099875 | V91: rosemary.shipman@fwcs.k12.in.us | W91: 46203.729 | X91: =IFERROR(IF(H91="","",IF(O91=0,0.15,IF(VLOOKUP(O91,'Source Post 14 Status (6.30.26)'!A:B,2,FALSE)=1,0.15,0.5))),0.5) -> 0.15 | Y91: =IF(H91="","",ROUND(MIN((T91+U91)*X91,T91),0)) -> 629588
A92: =IF(B92=1,COUNTIF($B$2:B92,1),"") | B92: =IF(C92=1,COUNTIF($H$2:H92,H92),"") | C92: =IF(G92=List!$P$1,1,0) -> 0 | D92: =IF(E92=1,COUNTIF($E$2:E92,1),"") | E92: =IF(H92=List!$P$2,1,"") | F92: 2027 | G92: 0240235 | H92: 02402350180 | I92: 02 | J92: 4 | K92: 0235 | L92: FORT WAYNE COMMUNITY SCHOOL CORPORATION | M92: 0180 | N92: DEBT SERVICE | O92: 16042 | P92: Common School Fund Loan B0100 (Retired in Debt Management) | W92: 1 | X92: =IFERROR(IF(H92="","",IF(O92=0,0.15,IF(VLOOKUP(O92,'Source Post 14 Status (6.30.26)'!A:B,2,FALSE)=1,0.15,0.5))),0.5) -> 0.15 | Y92: =IF(H92="","",ROUND(MIN((T92+U92)*X92,T92),0)) -> 0
A93: =IF(B93=1,COUNTIF($B$2:B93,1),"") | B93: =IF(C93=1,COUNTIF($H$2:H93,H93),"") | C93: =IF(G93=List!$P$1,1,0) -> 0 | D93: =IF(E93=1,COUNTIF($E$2:E93,1),"") | E93: =IF(H93=List!$P$2,1,"") | F93: 2027 | G93: 0240235 | H93: 02402350180 | I93: 02 | J93: 4 | K93: 0235 | L93: FORT WAYNE COMMUNITY SCHOOL CORPORATION | M93: 0180 | N93: DEBT SERVICE | O93: 20672 | P93: Common School Fund Loan B0365 | Q93: 331155 | R93: 329515 | V93: rosemary.shipman@fwcs.k12.in.us | W93: 46203.731 | X93: =IFERROR(IF(H93="","",IF(O93=0,0.15,IF(VLOOKUP(O93,'Source Post 14 Status (6.30.26)'!A:B,2,FALSE)=1,0.15,0.5))),0.5) -> 0.15 | Y93: =IF(H93="","",ROUND(MIN((T93+U93)*X93,T93),0)) -> 0
A94: =IF(B94=1,COUNTIF($B$2:B94,1),"") | B94: =IF(C94=1,COUNTIF($H$2:H94,H94),"") | C94: =IF(G94=List!$P$1,1,0) -> 0 | D94: =IF(E94=1,COUNTIF($E$2:E94,1),"") | E94: =IF(H94=List!$P$2,1,"") | F94: 2027 | G94: 0240235 | H94: 02402350180 | I94: 02 | J94: 4 | K94: 0235 | L94: FORT WAYNE COMMUNITY SCHOOL CORPORATION | M94: 0180 | N94: DEBT SERVICE | O94: 4381 | P94: FWCS, Allen Co., IN, Taxable General Obligation Qualified Zone Academy Bonds,(Direct-Pay)Series 2010 (Retired in Debt Management) | W94: 1 | X94: =IFERROR(IF(H94="","",IF(O94=0,0.15,IF(VLOOKUP(O94,'Source Post 14 Status (6.30.26)'!A:B,2,FALSE)=1,0.15,0.5))),0.5) -> 0.5 | Y94: =IF(H94="","",ROUND(MIN((T94+U94)*X94,T94),0)) -> 0
A95: =IF(B95=1,COUNTIF($B$2:B95,1),"") | B95: =IF(C95=1,COUNTIF($H$2:H95,H95),"") | C95: =IF(G95=List!$P$1,1,0) -> 0 | D95: =IF(E95=1,COUNTIF($E$2:E95,1),"") | E95: =IF(H95=List!$P$2,1,"") | F95: 2027 | G95: 0240235 | H95: 02402350180 | I95: 02 | J95: 4 | K95: 0235 | L95: FORT WAYNE COMMUNITY SCHOOL CORPORATION | M95: 0180 | N95: DEBT SERVICE | O95: 15637 | P95: Common School Fund Loan B0086 (Retired in Debt Management) | W95: 1 | X95: =IFERROR(IF(H95="","",IF(O95=0,0.15,IF(VLOOKUP(O95,'Source Post 14 Status (6.30.26)'!A:B,2,FALSE)=1,0.15,0.5))),0.5) -> 0.15 | Y95: =IF(H95="","",ROUND(MIN((T95+U95)*X95,T95),0)) -> 0
A96: =IF(B96=1,COUNTIF($B$2:B96,1),"") | B96: =IF(C96=1,COUNTIF($H$2:H96,H96),"") | C96: =IF(G96=List!$P$1,1,0) -> 0 | D96: =IF(E96=1,COUNTIF($E$2:E96,1),"") | E96: =IF(H96=List!$P$2,1,"") | F96: 2027 | G96: 0240235 | H96: 02402350180 | I96: 02 | J96: 4 | K96: 0235 | L96: FORT WAYNE COMMUNITY SCHOOL CORPORATION | M96: 0180 | N96: DEBT SERVICE | O96: 19691 | P96: Common School Fund Loan B0327 (Retired in Debt Management) | W96: 1 | X96: =IFERROR(IF(H96="","",IF(O96=0,0.15,IF(VLOOKUP(O96,'Source Post 14 Status (6.30.26)'!A:B,2,FALSE)=1,0.15,0.5))),0.5) -> 0.15 | Y96: =IF(H96="","",ROUND(MIN((T96+U96)*X96,T96),0)) -> 0
A97: =IF(B97=1,COUNTIF($B$2:B97,1),"") | B97: =IF(C97=1,COUNTIF($H$2:H97,H97),"") | C97: =IF(G97=List!$P$1,1,0) -> 0 | D97: =IF(E97=1,COUNTIF($E$2:E97,1),"") | E97: =IF(H97=List!$P$2,1,"") | F97: 2027 | G97: 0240235 | H97: 02402350180 | I97: 02 | J97: 4 | K97: 0235 | L97: FORT WAYNE COMMUNITY SCHOOL CORPORATION | M97: 0180 | N97: DEBT SERVICE | O97: 20673 | P97: Common School Fund Loan B0389 (Retired in Debt Management) | W97: 1 | X97: =IFERROR(IF(H97="","",IF(O97=0,0.15,IF(VLOOKUP(O97,'Source Post 14 Status (6.30.26)'!A:B,2,FALSE)=1,0.15,0.5))),0.5) -> 0.15 | Y97: =IF(H97="","",ROUND(MIN((T97+U97)*X97,T97),0)) -> 0
A98: =IF(B98=1,COUNTIF($B$2:B98,1),"") | B98: =IF(C98=1,COUNTIF($H$2:H98,H98),"") | C98: =IF(G98=List!$P$1,1,0) -> 0 | D98: =IF(E98=1,COUNTIF($E$2:E98,1),"") | E98: =IF(H98=List!$P$2,1,"") | F98: 2027 | G98: 0240235 | H98: 02402350180 | I98: 02 | J98: 4 | K98: 0235 | L98: FORT WAYNE COMMUNITY SCHOOL CORPORATION | M98: 0180 | N98: DEBT SERVICE | O98: 10697 | P98: Common School Fund Loan A1925 (Retired in Debt Management) | W98: 1 | X98: =IFERROR(IF(H98="","",IF(O98=0,0.15,IF(VLOOKUP(O98,'Source Post 14 Status (6.30.26)'!A:B,2,FALSE)=1,0.15,0.5))),0.5) -> 0.5 | Y98: =IF(H98="","",ROUND(MIN((T98+U98)*X98,T98),0)) -> 0
A99: =IF(B99=1,COUNTIF($B$2:B99,1),"") | B99: =IF(C99=1,COUNTIF($H$2:H99,H99),"") | C99: =IF(G99=List!$P$1,1,0) -> 0 | D99: =IF(E99=1,COUNTIF($E$2:E99,1),"") | E99: =IF(H99=List!$P$2,1,"") | F99: 2027 | G99: 0240235 | H99: 02402350180 | I99: 02 | J99: 4 | K99: 0235 | L99: FORT WAYNE COMMUNITY SCHOOL CORPORATION | M99: 0180 | N99: DEBT SERVICE | O99: 16901 | P99: Common School Fund Loan B0145 (Retired in Debt Management) | W99: 1 | X99: =IFERROR(IF(H99="","",IF(O99=0,0.15,IF(VLOOKUP(O99,'Source Post 14 Status (6.30.26)'!A:B,2,FALSE)=1,0.15,0.5))),0.5) -> 0.15 | Y99: =IF(H99="","",ROUND(MIN((T99+U99)*X99,T99),0)) -> 0
A100: =IF(B100=1,COUNTIF($B$2:B100,1),"") | B100: =IF(C100=1,COUNTIF($H$2:H100,H100),"") | C100: =IF(G100=List!$P$1,1,0) -> 0 | D100: =IF(E100=1,COUNTIF($E$2:E100,1),"") | E100: =IF(H100=List!$P$2,1,"") | F100: 2027 | G100: 0240235 | H100: 02402350180 | I100: 02 | J100: 4 | K100: 0235 | L100: FORT WAYNE COMMUNITY SCHOOL CORPORATION | M100: 0180 | N100: DEBT SERVICE | O100: 21082 | P100: Common School Fund Loan B0397 | Q100: 298736 | R100: 297257 | V100: rosemary.shipman@fwcs.k12.in.us | W100: 46203.764 | X100: =IFERROR(IF(H100="","",IF(O100=0,0.15,IF(VLOOKUP(O100,'Source Post 14 Status (6.30.26)'!A:B,2,FALSE)=1,0.15,0.5))),0.5) -> 0.15 | Y100: =IF(H100="","",ROUND(MIN((T100+U100)*X100,T100),0)) -> 0
...

Sheet Source Post 14 Status (6.30.26)
A1: BOND_ID | B1: POST_JUNE2014
A2: 14746 | B2: 1
A3: 2578 | B3: 0
A4: 15882 | B4: 1
A5: 3349 | B5: 0
A6: 5790 | B6: 0
A7: 15825 | B7: 0
A8: 12458 | B8: 1
A9: 12021 | B9: 1
A10: 15116 | B10: 1
A11: 1462 | B11: 0
A12: 690 | B12: 0
A13: 7801 | B13: 0
... A2945: 17028 | B2945: 1
A2946: 5465 | B2946: NULL
A2947: 16843 | B2947: 1
A2948: 17055 | B2948: 1
A2949: 17897 | B2949: 1
A2950: 6080 | B2950: 0
A2951: 8760 | B2951: 1
A2952: 9270 | B2952: 1
A2953: 11449 | B2953: 1
A2954: 12458 | B2954: 1
A2955: 15882 | B2955: 1
A2956: 15984 | B2956: 1
A2957: 16972 | B2957: 1
A2958: 9793 | B2958: 0
... A4147: 2049 | B4147: 0
A4148: 2147 | B4148: NULL
A4149: 9023 | B4149: 1
A4150: 12211 | B4150: 1
A4151: 14800 | B4151: 1
A4152: 15450 | B4152: 1
A4153: 15519 | B4153: 1
A4154: 15656 | B4154: 1
A4155: 16589 | B4155: 1
A4156: 16590 | B4156: 1
A4157: 17619 | B4157: 1
A4158: 4003 | B4158: 0
A4159: 4149 | B4159: 0
A4160: 4257 | B4160: 0
... A5050: 862 | B5050: 0
A5051: 2308 | B5051: NULL
A5052: 10150 | B5052: NULL
A5053: 18031 | B5053: 1
A5054: 1802 | B5054: 0
A5055: 1820 | B5055: 0
A5056: 7581 | B5056: 0
A5057: 8823 | B5057: 1
A5058: 11037 | B5058: 1
A5059: 11038 | B5059: 1
A5060: 11959 | B5060: 1
A5061: 14627 | B5061: 1
A5062: 14929 | B5062: 1
A5063: 15809 | B5063: 1
A5064: 15909 | B5064: 1
... A6143: 16379 | B6143: 1
A6144: 8552 | B6144: NULL
A6145: 11869 | B6145: 1
A6146: 17219 | B6146: 1
A6147: 9792 | B6147: 0
A6148: 16359 | B6148: 1
A6149: 15721 | B6149: 1
A6150: 12501 | B6150: 1
A6151: 10935 | B6151: 1
A6152: 19628 | B6152: 1
A6153: 2290 | B6153: 0
A6154: 16728 | B6154: 0
A6155: 16985 | B6155: 1
A6156: 15788 | B6156: 1
... A7239: 19743 | B7239: 1
A7240: 7161 | B7240: NULL
A7241: 16768 | B7241: 1
A7242: 11531 | B7242: 1
A7243: 15633 | B7243: 1
A7244: 20171 | B7244: 1
A7245: 9802 | B7245: 0
A7246: 11021 | B7246: 1
A7247: 17963 | B7247: 1
A7248: 9582 | B7248: 1
A7249: 19760 | B7249: 1
A7250: 8356 | B7250: 0
A7251: 12434 | B7251: 1
A7252: 19803 | B7252: 1
... A7370: 2581 | B7370: 0
A7371: 6411 | B7371: NULL
A7372: 16948 | B7372: 1
A7373: 15470 | B7373: 1
A7374: 13581 | B7374: 1
A7375: 9871 | B7375: 0
A7376: 3908 | B7376: 0
A7377: 10677 | B7377: 1
A7378: 6076 | B7378: 0
A7379: 15755 | B7379: 1
A7380: 18119 | B7380: 1
A7381: 20106 | B7381: 1
A7382: 14884 | B7382: 1
A7383: 3514 | B7383: 0
... A8002: 11659 | B8002: 1
A8003: 7342 | B8003: NULL
...

Sheet Source PY Rev and Op Bal
A1: YR_NBR | B1: Unit_fund_id | C1: CNTY_CD | D1: UNTT_CD | E1: UNIT_TYPE_CD | F1: FUND_CD | G1: DLGF_18 | H1: Total_CVET_FIT | I1: Total_Excise | J1: Other_Revenue
A2: 2026 | B2: 011540180 | C2: 01 | D2: 0015 | E2: 4 | F2: 0180 | G2: 45345 | H2: 0 | I2: 89785 | J2: 0
A3: 2026 | B3: 012540180 | C3: 01 | D3: 0025 | E3: 4 | F3: 0180 | G3: 594997 | H3: 0 | I3: 163976 | J3: 0
A4: 2026 | B4: 013540180 | C4: 01 | D4: 0035 | E4: 4 | F4: 0180 | G4: 736137 | H4: 0 | I4: 70439 | J4: 0
A5: 2026 | B5: 021221181 | C5: 02 | D5: 0012 | E5: 2 | F5: 1181 | G5: 9965 | H5: 0 | I5: 3764 | J5: 0
A6: 2026 | B6: 021920180 | C6: 02 | D6: 0019 | E6: 2 | F6: 0180 | G6: 11714 | H6: 0 | I6: 0 | J6: 0
A7: 2026 | B7: 022540180 | C7: 02 | D7: 0125 | E7: 4 | F7: 0180 | G7: 2746894 | H7: 0 | I7: 903035 | J7: 0
A8: 2026 | B8: 022540180 | C8: 02 | D8: 0225 | E8: 4 | F8: 0180 | G8: 3998312 | H8: 0 | I8: 1289720 | J8: 0
A9: 2026 | B9: 022540287 | C9: 02 | D9: 0225 | E9: 4 | F9: 0287 | G9: 397258 | H9: 0 | I9: 143077 | J9: 0
A10: 2026 | B10: 023540180 | C10: 02 | D10: 0235 | E10: 4 | F10: 0180 | G10: 1497324 | H10: 0 | I10: 934775 | J10: 0
A11: 2026 | B11: 023540287 | C11: 02 | D11: 0235 | E11: 4 | F11: 0287 | G11: 4376463 | H11: 0 | I11: 1080482 | J11: 0
A12: 2026 | B12: 025540180 | C12: 02 | D12: 0255 | E12: 4 | F12: 0180 | G12: 1376548 | H12: 0 | I12: 1086262 | J12: 0
A13: 2026 | B13: 026050180 | C13: 02 | D13: 0260 | E13: 5 | F13: 0180 | G13: 276853 | H13: 8990 | I13: 179247 | J13: 22435
... A63: 2026 | B63: 085540180 | C63: 08 | D63: 0755 | E63: 4 | F63: 0180 | G63: 541345 | H63: 0 | I63: 184179 | J63: 0
A64: 2026 | B64: 090010183 | C64: 09 | D64: 0000 | E64: 1 | F64: 0183 | G64: 5945 | H64: 0 | I64: NULL | J64: 0
A65: 2026 | B65: 090010184 | C65: 09 | D65: 0000 | E65: 1 | F65: 0184 | G65: 138228 | H65: 0 | I65: 35132 | J65: 0
A66: 2026 | B66: 092350180 | C66: 09 | D66: 0023 | E66: 5 | F66: 0180 | G66: 1657 | H66: 0 | I66: 0 | J66: 0
A67: 2026 | B67: 090130180 | C67: 09 | D67: 0301 | E67: 3 | F67: 0180 | G67: 151815 | H67: 0 | I67: 10306 | J67: 0
A68: 2026 | B68: 090130182 | C68: 09 | D68: 0301 | E68: 3 | F68: 0182 | G68: 59453 | H68: 0 | I68: 13550 | J68: 0
A69: 2026 | B69: 090130183 | C69: 09 | D69: 0301 | E69: 3 | F69: 0183 | G69: 0 | H69: 0 | I69: 0 | J69: 0
A70: 2026 | B70: 097540180 | C70: 09 | D70: 0775 | E70: 4 | F70: 0180 | G70: 186158 | H70: 0 | I70: 49298 | J70: 0
A71: 2026 | B71: 097540186 | C71: 09 | D71: 0775 | E71: 4 | F71: 0186 | G71: 116 | H71: 0 | I71: 4455 | J71: 0
A72: 2026 | B72: 091540180 | C72: 09 | D72: 0815 | E72: 4 | F72: 0180 | G72: 361990 | H72: 0 | I72: 109921 | J72: 0
A73: 2026 | B73: 097540180 | C73: 09 | D73: 0875 | E73: 4 | F73: 0180 | G73: 715312 | H73: 0 | I73: 159910 | J73: 78612
A74: 2026 | B74: 090160180 | C74: 09 | D74: 1101 | E74: 6 | F74: 0180 | G74: 17993 | H74: 0 | I74: 4831 | J74: 0
A75: 2026 | B75: 090160182 | C75: 09 | D75: 1101 | E75: 6 | F75: 0182 | G75: 19561 | H75: 0 | I75: 2784 | J75: 0
A76: 2026 | B76: 090261180 | C76: 09 | D76: 2002 | E76: 6 | F76: 1180 | G76: 20425 | H76: 0 | I76: 7145 | J76: 0
... A118: 2026 | B118: 156040180 | C118: 15 | D118: 1560 | E118: 4 | F118: 0180 | G118: 618763 | H118: 0 | I118: 581705 | J118: 0
A119: 2026 | B119: 156040186 | C119: 15 | D119: 1560 | E119: 4 | F119: 0186 | G119: 23743 | H119: 0 | I119: NULL | J119: 0
A120: 2026 | B120: 150040180 | C120: 15 | D120: 1600 | E120: 4 | F120: 0180 | G120: 174354 | H120: 0 | I120: 361235 | J120: 0
A121: 2026 | B121: 152040180 | C121: 15 | D121: 1620 | E121: 4 | F121: 0180 | G121: 278589 | H121: 0 | I121: 108085 | J121: 0
A122: 2026 | B122: 163550180 | C122: 16 | D122: 0035 | E122: 5 | F122: 0180 | G122: 15884 | H122: 0 | I122: 5505 | J122: 0
A123: 2026 | B123: 160630182 | C123: 16 | D123: 0406 | E123: 3 | F123: 0182 | G123: 109424 | H123: 0 | I123: 34058 | J123: 1046
A124: 2026 | B124: 160630183 | C124: 16 | D124: 0406 | E124: 3 | F124: 0183 | G124: 135046 | H124: 0 | I124: 41998 | J124: 1300
A125: 2026 | B125: 165540180 | C125: 16 | D125: 1655 | E125: 4 | F125: 0180 | G125: 1127294 | H125: 0 | I125: 191252 | J125: 0
A126: 2026 | B126: 165540186 | C126: 16 | D126: 1655 | E126: 4 | F126: 0186 | G126: 2453 | H126: 0 | I126: 0 | J126: 0
A127: 2026 | B127: 163040180 | C127: 16 | D127: 1730 | E127: 4 | F127: 0180 | G127: 416933 | H127: 0 | I127: 132904 | J127: 118830
A128: 2026 | B128: 170010180 | C128: 17 | D128: 0000 | E128: 1 | F128: 0180 | G128: 102084 | H128: 0 | I128: 9739 | J128: 0
A129: 2026 | B129: 170521182 | C129: 17 | D129: 0005 | E129: 2 | F129: 1182 | G129: 19575 | H129: 0 | I129: 7526 | J129: 0
A130: 2026 | B130: 173850180 | C130: 17 | D130: 0038 | E130: 5 | F130: 0180 | G130: 30028 | H130: 0 | I130: 8769 | J130: 0
A131: 2026 | B131: 173950180 | C131: 17 | D131: 0039 | E131: 5 | F131: 0180 | G131: 26916 | H131: 100 | I131: 2733 | J131: 250
... A262: 2026 | B262: 294430183 | C262: 29 | D262: 0644 | E262: 3 | F262: 0183 | G262: 210849 | H262: 0 | I262: 48396 | J262: 0
A263: 2026 | B263: 294430184 | C263: 29 | D263: 0644 | E263: 3 | F263: 0184 | G263: -13597 | H263: 0 | I263: NULL | J263: 0
A264: 2026 | B264: 294430185 | C264: 29 | D264: 0644 | E264: 3 | F264: 0185 | G264: 0 | H264: 0 | I264: 10970 | J264: 0
A265: 2026 | B265: 294430283 | C265: 29 | D265: 0644 | E265: 3 | F265: 0283 | G265: 80347 | H265: 0 | I265: 30006 | J265: 0
A266: 2026 | B266: 290540180 | C266: 29 | D266: 3005 | E266: 4 | F266: 0180 | G266: 5369609 | H266: 0 | I266: 2995027 | J266: 0
A267: 2026 | B267: 290540287 | C267: 29 | D267: 3005 | E267: 4 | F267: 0287 | G267: 4023277 | H267: 0 | I267: 522254 | J267: 0
A268: 2026 | B268: 292540180 | C268: 29 | D268: 3025 | E268: 4 | F268: 0180 | G268: 629362 | H268: 0 | I268: 670217 | J268: 0
A269: 2026 | B269: 293040180 | C269: 29 | D269: 3030 | E269: 4 | F269: 0180 | G269: 8328627 | H269: 0 | I269: 2432734 | J269: 0
A270: 2026 | B270: 293040287 | C270: 29 | D270: 3030 | E270: 4 | F270: 0287 | G270: 983099 | H270: 0 | I270: 256706 | J270: 0
A271: 2026 | B271: 295540180 | C271: 29 | D271: 3055 | E271: 4 | F271: 0180 | G271: 869709 | H271: 0 | I271: 239731 | J271: 0
A272: 2026 | B272: 295540186 | C272: 29 | D272: 3055 | E272: 4 | F272: 0186 | G272: 232 | H272: 0 | I272: 1023 | J272: 0
A273: 2026 | B273: 296040180 | C273: 29 | D273: 3060 | E273: 4 | F273: 0180 | G273: 5079670 | H273: 0 | I273: 2253946 | J273: 0
A274: 2026 | B274: 297040180 | C274: 29 | D274: 3070 | E274: 4 | F274: 0180 | G274: 3185341 | H274: 0 | I274: 1292912 | J274: 0
A275: 2026 | B275: 297040287 | C275: 29 | D275: 3070 | E275: 4 | F275: 0287 | G275: 799139 | H275: 0 | I275: 215915 | J275: 0
... A402: 2026 | B402: 411830184 | C402: 41 | D402: 0318 | E402: 3 | F402: 0184 | G402: 61344 | H402: 1030 | I402: 9573 | J402: 594
A403: 2026 | B403: 411830185 | C403: 41 | D403: 0318 | E403: 3 | F403: 0185 | G403: 58097 | H403: 0 | I403: NULL | J403: 0
A404: 2026 | B404: 411831380 | C404: 41 | D404: 0318 | E404: 3 | F404: 1380 | G404: 71026 | H404: 154 | I404: 6046 | J404: 103
A405: 2026 | B405: 410230180 | C405: 41 | D405: 0702 | E405: 3 | F405: 0180 | G405: 676 | H405: 0 | I405: 8729 | J405: 0
A406: 2026 | B406: 410230181 | C406: 41 | D406: 0702 | E406: 3 | F406: 0181 | G406: 47338 | H406: 0 | I406: 14313 | J406: 0
A407: 2026 | B407: 410230182 | C407: 41 | D407: 0702 | E407: 3 | F407: 0182 | G407: 10385 | H407: 0 | I407: 13197 | J407: 0
A408: 2026 | B408: 410230183 | C408: 41 | D408: 0702 | E408: 3 | F408: 0183 | G408: 311 | H408: 0 | I408: 9639 | J408: 0
A409: 2026 | B409: 410230185 | C409: 41 | D409: 0702 | E409: 3 | F409: 0185 | G409: 46581 | H409: 0 | I409: 23621 | J409: 0
A410: 2026 | B410: 410330180 | C410: 41 | D410: 0703 | E410: 3 | F410: 0180 | G410: 52483 | H410: 432 | I410: 10694 | J410: 834
A411: 2026 | B411: 410630283 | C411: 41 | D411: 0706 | E411: 3 | F411: 0283 | G411: 26143 | H411: 0 | I411: 3348 | J411: 0
A412: 2026 | B412: 410730180 | C412: 41 | D412: 0707 | E412: 3 | F412: 0180 | G412: 25853 | H412: 0 | I412: 4088 | J412: 0
A413: 2026 | B413: 410731182 | C413: 41 | D413: 0707 | E413: 3 | F413: 1182 | G413: 226642 | H413: 0 | I413: 8076 | J413: 0
A414: 2026 | B414: 412868684 | C414: 41 | D414: 1028 | E414: 6 | F414: 8684 | G414: 117733 | H414: 0 | I414: 60560 | J414: 734
A415: 2026 | B415: 413061181 | C415: 41 | D415: 1030 | E415: 6 | F415: 1181 | G415: 33 | H415: 0 | I415: 11080 | J415: 0
... A781: 2026 | B781: 684630180 | C781: 68 | D781: 0446 | E781: 3 | F781: 0180 | G781: 30091 | H781: 0 | I781: 6225 | J781: 0
A782: 2026 | B782: 684931183 | C782: 68 | D782: 0849 | E782: 3 | F782: 1183 | G782: 13344 | H782: 0 | I782: NULL | J782: 0
A783: 2026 | B783: 689540180 | C783: 68 | D783: 6795 | E783: 4 | F783: 0180 | G783: 285536 | H783: 0 | I783: 27906 | J783: 0
A784: 2026 | B784: 680540180 | C784: 68 | D784: 6805 | E784: 4 | F784: 0180 | G784: 199 | H784: 0 | I784: 18745 | J784: 27080
A785: 2026 | B785: 682040180 | C785: 68 | D785: 6820 | E785: 4 | F785: 0180 | G785: 496557 | H785: 0 | I785: 80849 | J785: 0
A786: 2026 | B786: 682540180 | C786: 68 | D786: 6825 | E786: 4 | F786: 0180 | G786: 527869 | H786: 0 | I786: 102164 | J786: 0
A787: 2026 | B787: 683540180 | C787: 68 | D787: 6835 | E787: 4 | F787: 0180 | G787: 315122 | H787: 0 | I787: 39404 | J787: 0
A788: 2026 | B788: 699950180 | C788: 69 | D788: 0199 | E788: 5 | F788: 0180 | G788: 65968 | H788: 0 | I788: 16515 | J788: 0
A789: 2026 | B789: 696540180 | C789: 69 | D789: 6865 | E789: 4 | F789: 0180 | G789: 677290 | H789: 0 | I789: 98879 | J789: 0
A790: 2026 | B790: 699540180 | C790: 69 | D790: 6895 | E790: 4 | F790: 0180 | G790: 634426 | H790: 0 | I790: 221662 | J790: 190282
A791: 2026 | B791: 690040180 | C791: 69 | D791: 6900 | E791: 4 | F791: 0180 | G791: 358423 | H791: 0 | I791: 78461 | J791: 0
A792: 2026 | B792: 691040180 | C792: 69 | D792: 6910 | E792: 4 | F792: 0180 | G792: 575929 | H792: 0 | I792: 99446 | J792: 0
A793: 2026 | B793: 700010181 | C793: 70 | D793: 0000 | E793: 1 | F793: 0181 | G793: 35647 | H793: 1000 | I793: 8755 | J793: 800
A794: 2026 | B794: 700621182 | C794: 70 | D794: 0006 | E794: 2 | F794: 1182 | G794: 2711 | H794: 0 | I794: 0 | J794: 0
... A975: 2026 | B975: 926540287 | C975: 92 | D975: 8665 | E975: 4 | F975: 0287 | G975: 981272 | H975: 0 | I975: 323416 | J975: 0

Sheet Source CC List
A1: YR_NBR | B1: Row Mod | C1: Major Mod
A2: 2026 | B2: 0110000 | C2: 0110000
A3: 2026 | B3: 0120001 | C3: 0120001
A4: 2026 | B4: 0150001 | C4: 0150001
A5: 2026 | B5: 0120002 | C5: 0120002
A6: 2026 | B6: 0120003 | C6: 0120003
A7: 2026 | B7: 0120004 | C7: 0120004
A8: 2026 | B8: 0120005 | C8: 0120005
A9: 2026 | B9: 0120006 | C9: 0120006
A10: 2026 | B10: 0120007 | C10: 0120007
A11: 2026 | B11: 0120008 | C11: 0120008
A12: 2026 | B12: 0120009 | C12: 0120009
A13: 2026 | B13: 0120010 | C13: 0120010
... A2596: 2026 | B2596: 3143190 | C2596: 3143190

Sheet Source- Prior Year Data
A1: YR_NBR | B1: Unit ID + Fund | C1: Line 3 Misc Rev | D1: Property Tax Levy | E1: Line 13 Misc Rev
A2: 2026 | B2: 01400150180 | C2: 235198 | D2: 3406482 | E2: 89785
A3: 2026 | B3: 01400250180 | C3: 88903 | D3: 4068758 | E3: 163976
A4: 2026 | B4: 01400350180 | C4: 83223 | D4: 2280109 | E4: 70439
A5: 2026 | B5: 02200121181 | C5: 1727 | D5: 116729 | E5: 3764
A6: 2026 | B6: 02200190180 | C6: 2065 | D6: 0 | E6: 0
A7: 2026 | B7: 02401250180 | C7: 409468 | D7: 22247034 | E7: 903035
A8: 2026 | B8: 02402250180 | C8: 648442 | D8: 22512812 | E8: 1289720
A9: 2026 | B9: 02402250287 | C9: 71865 | D9: 2569459 | E9: 143077
A10: 2026 | B10: 02402350180 | C10: 242737 | D10: 24832496 | E10: 934775
A11: 2026 | B11: 02402350287 | C11: 546031 | D11: 24140453 | E11: 1080482
A12: 2026 | B12: 02402550180 | C12: 493800 | D12: 26531547 | E12: 1086262
A13: 2026 | B13: 02502600180 | C13: 0 | D13: 4419365 | E13: 210672
... A1042: 2026 | B1042: 92486650287 | C1042: 182331 | D1042: 6249394 | E1042: 323416

Sheet Source - PY CVET & FIT
A1: YR_NBR | B1: Unit ID + Fund | C1: Col A F22 Revs | D1: Col B F22 Revs
A2: 2026 | B2: 01400250180 | C2: 0 | D2: 0
A3: 2026 | B3: 02502600180 | C3: 0 | D3: 31425
A4: 2026 | B4: 06304020180 | C4: 112 | D4: 192
A5: 2026 | B5: 06304020183 | C5: 539 | D5: 1090
A6: 2026 | B6: 06305410181 | C6: 178 | D6: 0
A7: 2026 | B7: 06305411181 | C7: 51 | D7: 0
A8: 2026 | B8: 08407500180 | C8: 0 | D8: 0
A9: 2026 | B9: 10100000282 | C9: 4055 | D9: 8554
A10: 2026 | B10: 10100000580 | C10: 926 | D10: 1957
A11: 2026 | B11: 10409450180 | C11: 0 | D11: 0
A12: 2026 | B12: 10410100180 | C12: 0 | D12: 0
A13: 2026 | B13: 10609720180 | C13: 27 | D13: 48
... A774: 2026 | B774: 92486250180 | C774: 0 | D774: 0
